Workbook
Name A: [2]PRECIOS!$J$61
Name A: #REF!
Name COD: #REF!
Name COD: #REF!
Name COD: #REF!
Name CODIGO: #REF!
Name CODIGO: #REF!
Name CODIGO: #REF!
Name CODIGOS: #REF!
Name CODIGOS: #REF!
Name CODIGOS: #REF!
Name ESTADO: #REF!
Name ESTADO: #REF!
Name ESTADO: #REF!
Name LUGAR: #REF!
Name LUGAR: #REF!
Name LUGAR: #REF!
Name ND: #REF!
Name ND: #REF!
Name ND: #REF!
Name O: [2]PRECIOS!$J$60
Name O: #REF!
Name P: [2]PRECIOS!$I$55
Name P: #REF!
Name TAB_GESTORES: #REF!
Name TAB_GESTORES: #REF!
Name TAB_GESTORES: #REF!
Name TAB_POS_FIN: #REF!
Name TAB_POS_FIN: #REF!
Name TAB_POS_FIN: #REF!
Name UBICACIONES: #REF!
Name UBICACIONES: #REF!
Name UBICACIONES: #REF!
Name UNIDADES: #REF!
Name UNIDADES: #REF!
Name UNIDADES: #REF!
Name VALIDADION_ENCABEZADO: [4]PLANTILLA_COMPROMETIDO!$AF$6:$AH$10
Name VALIDADION_ENCABEZADO: #REF!

Sheet PPTO VENT MECAN
A1: INSTITUTO NACIONAL DE MEDICINA LEGAL Y CIENCIAS FORENSE
A2: PRESUPUESTO DEL SISTEMA DE VENTILACION SALA AUXILIAR
A5: ITEM | B5: DESCRIPCIÓN | C5: UNIDAD | D5: CANT. | E5: VALOR UNITARIO | F5: VALOR TOTAL | H5: VR UNITARIO CON IVA | I5: VR TOTAL CON IVA
A6: CAPITULO SISTEMA DE INYECCION Y EXTRACCION EXTRACCIÒN | I6: =+SUBTOTAL(9,I7:I33) -> 63823102
A7: 1 | B7: Sistema de ventilacion mecanica (extraccion) con ventilador centrífugo de mínimo 1.500 CFM de un nivel sonoro dentro de la sala de necropsias máximo de 70 dB, con su respectivo banco de filtros con gran capacidad para el tratamiento de olores y retención de compuestos volátiles. El sistema de filtración consiste en: prefiltros pleat o similar para retención de particulas con una eficiencia de 30%, filtros de carbón activado tipo granular o peletizado para retención de olores y vapores con un tiempo de residencia no inferior a 0,05 segundos. El ventilador centrífugo debe tener la presión suficiente para mantener el caudal nominal con una saturación del banco de filtros que produzca una caida de presión en el sistema filtrante de 4 pulgadas de agua, mas las caidas de presión por la distancia y figuras de la ductería. El banco de filtros debe estar dotado de manómetros que nos indiquen la diferencia de presión entre areas de filtración en pulgadas de agua. La unidad debe pintarse del mismo color de las unidades existentes. Dentro del presupuesto se debe considerar una base soporte en angulo o pertfil cuadrado con la suficiente resistencia para soportar el equipo en operanción sin que se presente vibración. tambien se debe considerar dentro del presupuesto la construcciòn de una base soporte en concreto. | C7: unidad | D7: 1 | E7: 15680497 | F7: =D7*E7 -> 15680497 | H7: =+ROUND(E7*1.19,2) -> 18659791 | I7: =+D7*H7 -> 18659791
A8: 2 | B8: Ducto en lámina galvanizada 16X16 pulgadas, debidamente reforzados e instalados con sus respectiva soportería y acoplado a la unidad manejadora del item 1, Incluir templetes y soporteria necesaria para su instalaciòn. Debe incluirse al final del ducto y dentro del presupuesto un cuello de sisne con malla para eviar el ingreso de agua, materiales y aminales al interior del ducto | C8: Metros | D8: 6 | E8: 319058 | F8: =D8*E8 -> 1914348 | H8: =+ROUND(E8*1.19,2) -> 379679.02 | I8: =+D8*H8 -> 2278074.1
A9: 3 | B9: Ducto en lámina galvanizada 20X12 pulgadas, debidamente reforzados e instalados con sus respectiva soportería y acoplado a la unidad manejadora del item 1, Incluir las obras civiles con pasa muro, con sus respectivos resanes | C9: Metros | D9: 6 | E9: 319058 | F9: =D9*E9 -> 1914348 | H9: =+ROUND(E9*1.19,2) -> 379679.02 | I9: =+D9*H9 -> 2278074.1
A10: 4 | B10: Ducto en lámina galvanizada 14X12 pulgadas, debidamente reforzados e instalados con sus respectiva soportería y acoplado a la ducteria del item 2, Incluir las obras civiles con pasa muro, con sus respectivos resanes | C10: Metros | D10: 1.5 | E10: 259144 | F10: =D10*E10 -> 388716 | H10: =+ROUND(E10*1.19,2) -> 308381.36 | I10: =+D10*H10 -> 462572.04
A11: 5 | B11: Ducto en lámina galvanizada 12X10 pulgadas, debidamente reforzados e instalados con sus respectiva soportería y acoplado a la unidad manejadora del item 1, Incluir las obras civiles con pasa muro, con sus respectivos resanes | C11: Metros | D11: 1.5 | E11: 171912 | F11: =D11*E11 -> 257868 | H11: =+ROUND(E11*1.19,2) -> 204575.28 | I11: =+D11*H11 -> 306862.92
A12: 6 | B12: suministro e instalaciòn de codos 90° en lámina glavanizada para ducto 20X12 pulgadas vertical, debidamente acoplado a la ductería de la misma dimensión | C12: unidad | D12: 4 | E12: 446832 | F12: =D12*E12 -> 1787328 | H12: =+ROUND(E12*1.19,2) -> 531730.08 | I12: =+D12*H12 -> 2126920.3
A13: 7 | B13: suministro e instalaciòn de codos 90° en lámina glavanizada para ducto 20X12 pulgadas horizontal, debidamente acoplado a la ductería de la misma dimensión | C13: unidad | D13: 2 | E13: 446832 | F13: =D13*E13 -> 893664 | H13: =+ROUND(E13*1.19,2) -> 531730.08 | I13: =+D13*H13 -> 1063460.2
A14: 8 | B14: Suministro e instalaciòn de tramos de ducto de 1 metro en lámina galvanizada 12X12 pulgadas, acoplados a la ductería central debidamente reforzados e instalados con sus respectiva soportería a rejillas de la misma dimensión | C14: unidad | D14: 3 | E14: 187572 | F14: =D14*E14 -> 562716 | H14: =+ROUND(E14*1.19,2) -> 223210.68 | I14: =+D14*H14 -> 669632.04
A15: 9 | B15: Tapas finales de ducto en lámina galvanizada 12X10" | C15: unidad | D15: 1 | E15: 17400 | F15: =D15*E15 -> 17400 | H15: =+ROUND(E15*1.19,2) -> 20706 | I15: =+D15*H15 -> 20706
A16: 10 | B16: Reducción en lámina glavanizada para ducto 20X12 pulgadas a 14X12 pulgadas, debidamente acoplado a la ductería de las mismas dimensiones | C16: Metros | D16: 1 | E16: 319116 | F16: =D16*E16 -> 319116 | H16: =+ROUND(E16*1.19,2) -> 379748.04 | I16: =+D16*H16 -> 379748.04
A17: 11 | B17: Reducción en lámina glavanizada para ducto 14X12 pulgadas a 12X10 pulgadas, debidamente acoplado a la ductería de las mismas dimensiones | C17: Metros | D17: 1 | E17: 259260 | F17: =D17*E17 -> 259260 | H17: =+ROUND(E17*1.19,2) -> 308519.4 | I17: =+D17*H17 -> 308519.4
A18: 12 | B18: Dampers regulación de caudal en el tramo de ductería de 12X12 pulgadas | C18: Metros | D18: 3 | E18: 208800 | F18: =D18*E18 -> 626400 | H18: =+ROUND(E18*1.19,2) -> 248472 | I18: =+D18*H18 -> 745416
... A33: 27 | B33: Botonera de arranque y parada para control de las unidades manejadoras | C33: unidad | D33: 2 | E33: 400000 | F33: =D33*E33 -> 800000 | H33: =+ROUND(E33*1.19,2) -> 476000 | I33: =+D33*H33 -> 952000
A34: SUBTOTAL | F34: =SUM(F7:F33) -> 53632859
A35: CAPITULO MANTENIMIENTO SISTEMA DE EXTRACCIÒN E INYECCION SALA DE NECROPSIAS | I35: =+SUM(I36:I80) -> 51843735
A36: 1 | B36: Suministro e instalacion de banda de lona de salida de unidad manejadora del sistema de inyeccion de aire de la sala de necropsias que se acopla a ducto de 19X 12 pulgadas(lona de 65 pulgada X 10 pulgadas) incluye el cambio del pisa lona y tornilleria donde se requiera | C36: unidad | D36: 1 | E36: 180000 | F36: =D36*E36 -> 180000 | H36: =+ROUND(E36*1.19,2) -> 214200 | I36: =+D36*H36 -> 214200
A37: 2 | B37: Suministro e instalacion de banda de lona de salida de unidad manejadora del sistema de extracción de aire de la sala de necropsias que se acopla a ducto de 24X 17 pulgadas(lona de 85 pulgada X 12 pulgadas) incluye el cambio del pisa lona y tornilleria donde se requiera | C37: Metros | D37: 1 | E37: 180000 | F37: =D37*E37 -> 180000 | H37: =+ROUND(E37*1.19,2) -> 214200 | I37: =+D37*H37 -> 214200
A38: 3 | B38: Suministro e instalacion de banda de lona de entrada de unidad manejadora del sistema de extracción de aire de la sala de necropsias que se acopla a ducto de 20X 24 pulgadas(lona de 92 pulgada X 12 pulgadas) incluye el cambio del pisa lona y tornilleria donde se requiera | C38: Metros | D38: 1 | E38: 216000 | F38: =D38*E38 -> 216000 | H38: =+ROUND(E38*1.19,2) -> 257040 | I38: =+D38*H38 -> 257040
A39: 4 | B39: Suministro e instalacion de banda de lona de acople ventilador a ducto de descarga 18X24 pulgadas de unidad manejadora del sistema de extracción de aire de la sala de necropsias (lona de 92 pulgada X 12 pulgadas) incluye el suministro de pisa lona y tornilleria en el contorno de la boca del ventilador y del ducto de salida de la manejadora | C39: Metros | D39: 1 | E39: 216000 | F39: =D39*E39 -> 216000 | H39: =+ROUND(E39*1.19,2) -> 257040 | I39: =+D39*H39 -> 257040
A40: 5 | B40: Sellado de ducteria en general con sikaflex | C40: global | D40: 1 | E40: 200000 | F40: =D40*E40 -> 200000 | H40: =+ROUND(E40*1.19,2) -> 238000 | I40: =+D40*H40 -> 238000
A41: 6 | B41: Retiro de la ducteria ubicada sobre el vielo razo del sistema de extraccion e inyección de aire de la sala de necropsias | C41: global | D41: 1 | E41: 1800000 | F41: =D41*E41 -> 1800000 | H41: =+ROUND(E41*1.19,2) -> 2142000 | I41: =+D41*H41 -> 2142000
A42: 7 | B42: Resane de pasa muro del ducto de ingreso a sala de necropsias de de 24X20 pulgadas | C42: global | D42: 1 | E42: 480000 | F42: =D42*E42 -> 480000 | H42: =+ROUND(E42*1.19,2) -> 571200 | I42: =+D42*H42 -> 571200
A43: 8 | B43: Ducto en lámina galvanizada 24X16 pulgadas, debidamente reforzados e instalados con sus respectiva soportería y acoplado a la reduccion de la misma dimension, | C43: Metros | D43: 3.5 | E43: 398808 | F43: =D43*E43 -> 1395828 | H43: =+ROUND(E43*1.19,2) -> 474581.52 | I43: =+D43*H43 -> 1661035.3
A44: 9 | B44: Ducto en lámina galvanizada 24X10 pulgadas, debidamente reforzados e instalados con sus respectiva soportería y acoplado a la reduccion de la misma dimension y al ducto del item7 (en 2 tramos) | C44: Metros | D44: 9 | E44: 338991 | F44: =D44*E44 -> 3050919 | H44: =+ROUND(E44*1.19,2) -> 403399.29 | I44: =+D44*H44 -> 3630593.6
A45: 10 | B45: Ducto en lámina galvanizada 16X12 pulgadas, debidamente reforzados e instalados con sus respectiva soportería y acoplado al ducto del item 8, | C45: Metros | D45: 2 | E45: 279270 | F45: =D45*E45 -> 558540 | H45: =+ROUND(E45*1.19,2) -> 332331.3 | I45: =+D45*H45 -> 664662.6
A46: 11 | B46: Ducto en lámina galvanizada 16X10 pulgadas, debidamente reforzados e instalados con sus respectiva soportería y acoplado al ducto del item 8, | C46: Metros | D46: 3 | E46: 259260 | F46: =D46*E46 -> 777780 | H46: =+ROUND(E46*1.19,2) -> 308519.4 | I46: =+D46*H46 -> 925558.2
A47: 12 | B47: Ducto en lámina galvanizada 12X10 pulgadas, debidamente reforzados e instalados con sus respectiva soportería y acoplado al ducto del item 9, item 8 y al ducto existente que ingresa a la sala de necropsias (en 5 tramos) | C47: Metros | D47: 11 | E47: 171912 | F47: =D47*E47 -> 1891032 | H47: =+ROUND(E47*1.19,2) -> 204575.28 | I47: =+D47*H47 -> 2250328.1
... A80: 45 | B80: Sellar ventana tipo rejilla de 80X80 (en vidrio) | C80: unidad | D80: 1 | E80: 500000 | F80: =D80*E80 -> 500000 | H80: =+ROUND(E80*1.19,2) -> 595000 | I80: =+D80*H80 -> 595000
A81: SUBTOTAL | F81: =SUM(F36:F80) -> 43566164 | I81: =+D81*H81 -> 0
A82: SUB -TOTAL | F82: =F81+F34 -> 97199023 | I82: =+D82*H82 -> 0
A83: IVA 19% | F83: =F82*0.19 -> 18467814 | I83: =+D83*H83 -> 0
A84: TOTAL | F84: =F82+F83 -> 1.1566684e+08

Sheet PTAS VENTANAS
A1: =+#REF! -> #REF!
A2: COTIZACIONES PUERTAS, VENTANAS Y VIDRIOS
E3: SUPERVENTANAS COTIZACION 1 | I3: NELSON DAZA- COTIZACION 2
A4: ITEM | B4: DESCRIPCION | C4: UNIDAD | D4: CANTIDAD | E4: VR. UNITARIO | F4: VR TOTAL | G4: VR TOTAL CON TRANSPORTE E IVA | H4: VR M2 | I4: VR. UNITARIO | J4: VR TOTAL CON TRANSPORTE E IVA | K4: VR M2 | L4: PROMEDIO | M4: OBSERVACION
A5: =+PRESUPUESTO!B75 -> 13.1. | B5: =+PRESUPUESTO!C75 -> Suministro e instalación de puerta enrrollable eléctrica de fleje cerrado calibre 22 con pintura electrostática, operador hulk uso industrial, con botonera pesada de control, posibilidad de apertura manual, con dos (2) fotoceldas antiaplastamiento Tamaño del vano (paso libre) de 2.15 ancho x 2.35 alto. La altura libre del espacio es de 2.87 m. Plano No. 4 | C5: =+PRESUPUESTO!D75 -> UN | D5: =+PRESUPUESTO!E75 -> 1 | E5: 320000 | F5: 320000 | G5: =+F5*(1+F19) -> 383028.01 | H5: =+(G5/(0.9*0.8)) -> 531983.35 | I5: 354000 | J5: =+D5*I5 -> 354000 | K5: =+J5/(0.9*0.8) -> 491666.67 | L5: =+ROUND(AVERAGE(G5,J5),0) -> 368514
A6: =+PRESUPUESTO!B84 -> 14.6. | B6: =+PRESUPUESTO!C84 -> Tapa en lámina alfajor (trampa de grasas) de 1/8" doblada en "C" de 2.05 x 1.10 cm aprox. Dos compartimientos cada uno de dos hojas de 0.86 x 0.43 m aprox con contramarco de 1 1/4" espesor 3/16"embebido con uñas de anclaje; Cada hoja con dos bisagras de pistón laterales de apertura 180° cada hoja, manija soldada pibotadas sobrepuesta en la tapa, tapa luz en platina de 1" de 1/8", anticorrosivo y dos manos de pintura esmalte. Plano No. 8 | C6: =+PRESUPUESTO!D84 -> ML | D6: =+PRESUPUESTO!E84 -> 1 | E6: 5540869 | F6: =+D6*E6 -> 5540869 | G6: =+F6*(1+$F$19) -> 6632212.7 | H6: =+G6/(1.4*2.45) -> 1933589.7 | K6: =+D6*I6 -> 0 | L6: =+G6 -> 6632212.7
A7: =+PRESUPUESTO!B85 -> 14.7. | B7: =+PRESUPUESTO!C85 -> Arreglo de cerramiento y puerta vehicular en reja conformada por perfiles tubulares 76 x 38 mm, ángulos 60 x 40 mm altura 2,15 m Incluye cambio de perfiles y angulos corroidos, cambio de rodamientos y ruedas de pista, cambio de topes, anclajes y cualquier elemento corroido para dejar en correcto estado de funcionamiento | C7: =+PRESUPUESTO!D85 -> M2 | D7: =+PRESUPUESTO!E85 -> 52 | E7: 5791257 | F7: =+D7*E7 -> 301145364 | G7: =+F7*(1+$F$19) -> 3.6045972e+08 | H7: =+G7/(1.5*2.45) -> 98084278 | K7: =+D7*I7 -> 0 | L7: =+G7 -> 3.6045972e+08
K8: =+D8*I8 -> 0
A9: =+PRESUPUESTO!B76 -> 13.2. | B9: =+PRESUPUESTO!C76 -> Suministro e instalación de puerta automatica sencilla de 1 hoja corrediza lateral en vidrio laminado 5+5 templado con PVB color hielo, operador (Componente de automatismo de la puerta: motor, programación, carros deslizantes, riel, baterias, tarjeta electrónica, pestillo (Seguro) electromecánico, banda deslizante, correas, poleas, ets.), zocalos inferior y superior en aluminio, con sensores de movimiento de entrada y salida, fotoceldas de seguridad, baterías de respaldo, dos controles remotos, selector de llave de cuatro posiciones. Tamaño Vano (paso libre) ancho 1.50 m y alto 2.35 m. Acceso morgue. Plano No. 5 | K9: =+D9*I9 -> 0
B10: 1.50 X 0.80 M = 1.20 M2 (2 UND) | C10: UN | D10: 2 | E10: 216000 | F10: =+D10*E10 -> 432000 | G10: =+F10*(1+$F$19) -> 517087.82 | H10: =+G10/(2*1.5*0.8) -> 215453.26 | I10: =264000/2 -> 132000 | J10: =+D10*I10 -> 264000 | K10: =+J10/(2*1.5*0.8) -> 110000 | L10: =+AVERAGE(K10) -> 110000 | M10: NO SE UTILIZA EL PROMEDIO YA QUE LOS VALORES DE SUPERVENTANAS ESTAN FUERA DE MERCADO
B11: 1,50 X 0,30 M= 0.45 M2 (2 UND) | C11: UN | D11: 2 | E11: 81000 | F11: =+D11*E11 -> 162000 | G11: =+F11*(1+$F$19) -> 193907.93 | H11: =+G11/(2*0.45) -> 215453.26 | I11: 49500 | J11: =+D11*I11 -> 99000 | K11: =+J11/(2*1.5*0.3) -> 110000 | L11: =+AVERAGE(K11) -> 110000
B12: 0.85 X 0.30 M = 0.26 M2 (1 UND) | C12: UN | D12: 1 | E12: 45900 | F12: =+D12*E12 -> 45900 | G12: =+F12*(1+$F$19) -> 54940.581 | H12: =+G12/0.26 -> 211309.93 | I12: =56100/2 -> 28050 | J12: =+D12*I12 -> 28050 | K12: =+J12/(0.85*0.3) -> 110000 | L12: =+AVERAGE(K12) -> 110000
B14: SUBTOTAL SIN TRANSPORTE | F14: =+SUM(F5:F12) -> 307646133
B15: TRANSPORTE | F15: 1800000
B16: SOBTOTAL | F16: =+F14+F15 -> 309446133
B17: IVA | C17: 0.19 | F17: =+F16*C17 -> 58794765
B18: TOTAL | F18: =+F16+F17 -> 3.682409e+08 | G18: =+SUM(G4:G12) -> 3.682409e+08 | J18: =+SUM(J5:J12) -> 745050
F19: =+F18/F14-1 -> 0.19696254
A22: ITEM | B22: DESCRIPCION | C22: UNIDAD | D22: CANTIDAD | E22: R & R AUTOMATISMOS SAS COTIZACION 3 | I22: IVEGAS SAS COTIZACION 4 | L22: PROMEDIO | M22: OBSERVACION
A23: =+PRESUPUESTO!B77 -> 13.3. | B23: =+PRESUPUESTO!C77 -> Suministro e instalacion de división en vidrio templado 10 mm altura 2.10 m soportada en postes de acero inoxidable 2.5" anclados con brida y chazos expansivos a piso y muros. Incluye soporte de vidrios en acero inoxidable, puerta de hoja sencilla en vidrio templado 10 mm soportada sobre poste en acero inoxidable 2.5 "con bisagra evolvente, con portacerradura y cerradura de palanca Yale o Schlage. Recepción clínica. Palno No. 6 | C23: =+PRESUPUESTO!D77 -> M2 | D23: 1 | E23: 15288644 | F23: =+D23*E23 -> 15288644 | G23: =+F23 -> 15288644 | I23: 19924170 | J23: =+D23*I23 -> 19924170 | L23: =+AVERAGE(G23,J23) -> 17606407
A24: ITEM | B24: DESCRIPCION | C24: UNIDAD | D24: CANTIDAD | E24: R & R AUTOMATISMOS SAS COTIZACION 5 | I24: COINTERACEROS SAS COTIZACION 6 | L24: PROMEDIO | M24: OBSERVACION
A25: =+PRESUPUESTO!B86 -> 14.8. | B25: =+PRESUPUESTO!C86 -> Suministro e instalacion de baranda protectora en acero inoxidable largo 1.60 x 1.20 alto marrco 1 1/2" cal 16 y verticales en 3/4" ; Incluye soportes acero inoxidable para fijar en muro y piso. Plano No. 9. Acceso Morgue | C25: =+PRESUPUESTO!D86 -> UN | D25: =+PRESUPUESTO!E86 -> 1 | E25: 1380000 | F25: =+D25*E25 -> 1380000 | G25: =+F25*1.19 -> 1642200 | I25: 1200000 | J25: 1428000 | L25: =+AVERAGE(G25,J25) -> 1535100

Sheet ENCHAPES
A1: =+#REF! -> #REF!
A2: CANTIDADES DE ENCHAPES
D4: POCETAS ASEO | G4: COCINETA | J4: VESTIER HOMBRES | M4: VESTIER MUJERES | P4: TOTAL | Q4: FC | R4: TOTAL | S4: NOTAS
A5: N° | B5: TULUA | C5: UND | D5: PERIMETRO | E5: ALTURA | F5: TOTAL | G5: PERIMETRO | H5: ALTURA | I5: TOTAL | J5: PERIMETRO | K5: ALTURA | L5: TOTAL | M5: PERIMETRO | N5: ALTURA | O5: TOTAL
A7: =+PRESUPUESTO!B62 -> 10.1. | B7: =+PRESUPUESTO!C62 -> Conformación de poceta de aseo enchapada interior y exteriormente en ceramica Boticino blanco 45 x 45 cm o similar. Incluye pegante tipo pegacor y filos con win de aluminio | C7: =+PRESUPUESTO!D62 -> UN | F7: 2 | I7: =+ROUND(G7*H7,2) -> 0 | L7: =+ROUND(J7*K7,2) -> 0 | O7: =+ROUND(M7*N7,2) -> 0 | P7: =+F7+I7+L7+O7 -> 2 | Q7: 1 | R7: =+P7*Q7 -> 2
A8: =+PRESUPUESTO!B63 -> 10.2. | B8: =+PRESUPUESTO!C63 -> Suministro e instalación de ceramica Boticino Blanco 45 x 45 cm o similar incluye pegante tipo pegacor y boquilla (vestier hombres y mujeres y cocineta) | C8: =+PRESUPUESTO!D63 -> M2 | G8: =3.36+0.57+0.57 -> 4.5 | H8: 0.7 | I8: =+ROUND(G8*H8,2) -> 3.15 | J8: 18.7 | K8: 2.33 | L8: =+ROUND(J8*K8,2) -> 43.57 | M8: 18.7 | N8: 2.33 | O8: =+ROUND(M8*N8,2) -> 43.57 | P8: =+F8+I8+L8+O8 -> 90.29 | Q8: 1.1 | R8: =+ROUND(P8*Q8,0) -> 99

Sheet FLANCHES
A1: =+#REF! -> #REF!
A2: CANTIDADES DE FLANCHES
D4: ZONA 1-1 | G4: ZONA 1-2 | J4: ZONA 1-3 | M4: ZONA 2-1 | P4: TOTAL | Q4: FC | R4: TOTAL CON FC | S4: NOTAS
A5: N° | B5: TULUA | C5: UND | D5: LONGITUD | E5: ALTURA | F5: TOTAL | G5: LONGITUD | H5: ALTURA | I5: TOTAL | J5: LONGITUD | K5: ALTURA | L5: TOTAL | M5: LONGITUD | N5: ALTURA | O5: TOTAL
A7: =+PRESUPUESTO!B80 -> 14.2. | B7: =+PRESUPUESTO!C80 -> Suministro e instalación de flanches en lamina galvanizada cal 24, desarrollo 22.5 cm (2.5 - 15 - 5 cm) , incluye anclaje superior y lateral con tornillo cabeza hexagonal con arandela y empaque de neopreno punta broca 10 x 1 1/2" cada 30 cms. Incluye desmonte de flanches existentes (Zona 1-1, Zona 1-2 , Zona 1-3 y Zona 2-1) Plano No. 7 | C7: =+PRESUPUESTO!D80 -> ML | D7: =3.61+3.17+2.71+1.81+4.19+1.23 -> 16.72 | F7: =+D7 -> 16.72 | G7: 13.21 | I7: =+G7 -> 13.21 | J7: 7.23 | L7: =+J7 -> 7.23 | M7: =3.6+3.17+2.71 -> 9.48 | O7: =+M7 -> 9.48 | P7: =+F7+I7+L7+O7 -> 46.64 | Q7: 1.1 | R7: =+ROUND(P7*Q7,0) -> 51
A8: =+PRESUPUESTO!B81 -> 14.3. | B8: =+PRESUPUESTO!C81 -> Suministro e instalación de flanches en lamina galvanizada cal 24 desarrollo entre 0,45 y 1.00 m. incluye anclajes con tornillo cabeza hexagonal con arandela y empaque de neopreno punta broca 10 x 1 1/2" cada 30 cms. Incluye desmonte de flanches existentes (Zona 1-1) Plano No. 7 | C8: =+PRESUPUESTO!D81 -> ML | D8: =3.61+3.17+2.71+1.81+4.19+1.23 -> 16.72 | F8: =+D8 -> 16.72 | I8: =+G8 -> 0 | L8: =+J8 -> 0 | O8: =+M8 -> 0 | P8: =+F8+I8+L8+O8 -> 16.72 | Q8: 1.1 | R8: =+ROUND(P8*Q8,0) -> 18
A9: =+PRESUPUESTO!B82 -> 14.4. | B9: =+PRESUPUESTO!C82 -> Suministro e instalación de flanches en lamina galvanizada cal 24, desarrollo 1.05 a 1.65 m, incluye anclajes con tornillo cabeza hexagonal con arandela y empaque de neopreno punta broca 10 x 1 1/2" cada 30 cms. Incluye desmonte de flanches existentes (Zona 1-2 , Zona 1-3 y Zona 2-1) Plano No. 7. | C9: =+PRESUPUESTO!D82 -> ML | F9: =+D9 -> 0 | G9: =10.69+2.52 -> 13.21 | I9: =+G9 -> 13.21 | J9: =1.81+4.19+1.23 -> 7.23 | L9: =+J9 -> 7.23 | M9: =3.6+3.17+2.71 -> 9.48 | O9: =+M9 -> 9.48 | P9: =+F9+I9+L9+O9 -> 29.92 | Q9: 1.1 | R9: =+ROUND(P9*Q9,0) -> 33

Sheet FORMATO OFERTA ECONOMICA
C3: Formulario 1 - Propuesta económica - Licitación de obra pública de infraestructura social
C4: Código | D4: CCE-EICP-FM-116 | E4: Versión
C6: FORMATO DE OFERTA ECONOMICA - LOTE 2 CARTAGENA
C8: Nº | D8: ÍTEM DE PAGO | E8: ESPECIFICACIONES | F8: DESCRIPCIÓN | G8: UND. | H8: CANTIDAD | I8: VALOR UNITARIO | J8: VALOR TOTAL
E9: GENERAL
C10: I | F10: PRELIMINARES
C11: 1.1 | F11: Demolición de acabado de piso en enchape cerámico, epóxico o tablón de gres y afinado hasta de 10 cm. (VER ANEXO TÉCNICO). | G11: M2 | H11: 70 | I11: 21959 | J11: =+H11*I11 -> 1537130 | M11: Demolición de acabado de piso en enchape cerámico, epóxico o tablón de gres y afinado hasta de 10 cm. (VER ANEXO TÉCNICO). | N11: TRUE | O11: M2 | P11: TRUE | Q11: 70 | R11: TRUE
C12: 1.2 | F12: Desmonte de aparatos sanitarios (sanitario y orinales). (VER ANEXO TÉCNICO). | G12: UND | H12: 18 | I12: 35140 | J12: =+H12*I12 -> 632520 | M12: Desmonte de aparatos sanitarios (sanitario y orinales). (VER ANEXO TÉCNICO). | N12: TRUE | O12: UND | P12: TRUE | Q12: 18 | R12: TRUE
C13: 1.3 | F13: Desmonte de divisiones de baño en lámina metálica. (VER ANEXO TÉCNICO). | G13: M2 | H13: 21 | I13: 19119 | J13: =+H13*I13 -> 401499 | M13: Desmonte de divisiones de baño en lámina metálica. (VER ANEXO TÉCNICO). | N13: TRUE | O13: M2 | P13: TRUE | Q13: 20 | R13: FALSE
C14: 1.4 | F14: Demolición de pañete y terminado de muro en sitios afectados por humedad hasta encontrar mampostería (VER ANEXO TÉCNICO). | G14: M2 | H14: 95 | I14: 19391 | J14: =+H14*I14 -> 1842145 | M14: Demolición de pañete y terminado de muro en sitios afectados por humedad hasta encontrar mampostería (VER ANEXO TÉCNICO). | N14: TRUE | O14: M2 | P14: TRUE | Q14: 95 | R14: TRUE
C15: 1.5 | F15: Regatas para instalación de puntos hidráulicos, sanitarios y/o eléctricos (VER ANEXO TÉCNICO). | G15: ML | H15: 15 | I15: 9415 | J15: =+H15*I15 -> 141225 | M15: Regatas para instalación de puntos hidráulicos, sanitarios y/o eléctricos (VER ANEXO TÉCNICO). | N15: TRUE | O15: ML | P15: TRUE | Q15: 15 | R15: TRUE
C16: 1.6 | F16: Desmonte de cielorraso en superboard, fibra mineral, PVC, madera o láminas metálicas, incluye desmonte de elementos de estructura de cielorraso (VER ANEXO TÉCNICO). | G16: M2 | H16: 70 | I16: 22349 | J16: =+H16*I16 -> 1564430 | M16: Desmonte de cielorraso en superboard, fibra mineral, PVC, madera o láminas metálicas, incluye desmonte de elementos de estructura de cielorraso (VER ANEXO TÉCNICO). | N16: TRUE | O16: M2 | P16: TRUE | Q16: 70 | R16: TRUE
C17: 1.7 | F17: Desmonte de guarda camillas, incluye el desmonte de todos los componentes (VER ANEXO TÉCNICO). | G17: ML | H17: 35 | I17: 5137 | J17: =+H17*I17 -> 179795 | M17: Desmonte de guarda camillas, incluye el desmonte de todos los componentes (VER ANEXO TÉCNICO). | N17: TRUE | O17: ML | P17: TRUE | Q17: 35 | R17: TRUE
C18: 1.8 | F18: Desmonte, adecuación y reinstalación de mesas de necropsias (VER ANEXO TÉCNICO). | G18: UND | H18: 4 | I18: 295278 | J18: =+H18*I18 -> 1181112 | M18: Desmonte, adecuación y reinstalación de mesas de necropsias (VER ANEXO TÉCNICO). | N18: TRUE | O18: UND | P18: TRUE | Q18: 4 | R18: TRUE
C19: 1.9 | F19: Desmonte y reinstalación de puertas o ventanas. (VER ANEXO TÉCNICO). | G19: UND | H19: 20 | I19: 74139 | J19: =+H19*I19 -> 1482780 | M19: Desmonte y reinstalación de puertas o ventanas. (VER ANEXO TÉCNICO). | N19: TRUE | O19: UND | P19: TRUE | Q19: 20 | R19: TRUE
C20: 1.10 | F20: Retiro de membrana impermeabilizante existente, incluye retiro de todos los elementos que conforman la estructura de la misma (VER ANEXO TÉCNICO). | G20: M2 | H20: 310 | I20: 14569 | J20: =+H20*I20 -> 4516390 | M20: Retiro de membrana impermeabilizante existente, incluye retiro de todos los elementos que conforman la estructura de la misma (VER ANEXO TÉCNICO). | N20: TRUE | O20: M2 | P20: TRUE | Q20: 310 | R20: TRUE
C21: 1.11 | F21: Demolición de piso existente, incluye demolición de mortero de nivelación hasta encontrar placa estructural (VER ANEXO TÉCNICO). | G21: M2 | H21: 60 | I21: 36234 | J21: =+H21*I21 -> 2174040 | M21: Demolición de piso existente, incluye demolición de mortero de nivelación hasta encontrar placa estructural (VER ANEXO TÉCNICO). | N21: TRUE | O21: M2 | P21: TRUE | Q21: 60 | R21: TRUE
C22: 1.12 | F22: Desmonte, almacenaje y reinstalación de mobiliario y equipos existentes, (VER ANEXO TÉCNICO). | G22: M2 | H22: 35 | I22: 21987 | J22: =+H22*I22 -> 769545 | M22: Desmonte, almacenaje y reinstalación de mobiliario y equipos existentes, (VER ANEXO TÉCNICO). | N22: TRUE | O22: M2 | P22: TRUE | Q22: 35 | R22: TRUE
... C24: 1.14 | F24: Desmonte y limpieza de láminas de cielorraso en fibra mineral. (VER ANEXO TÉCNICO). | G24: M2 | H24: 7 | I24: 9885 | J24: =+H24*I24 -> 69195 | M24: Desmonte y limpieza de láminas de cielorraso en fibra mineral. (VER ANEXO TÉCNICO). | N24: TRUE | O24: M2 | P24: TRUE | Q24: 7 | R24: TRUE
C25: II | F25: INSTALACIONES HIDROSANITARIAS | M25: INSTALACIONES HIDROSANITARIAS | N25: TRUE | O25: 0 | P25: TRUE | Q25: 0 | R25: TRUE
C26: 2.1 | F26: Punto Sanitario de 2", incluye tubería hasta 1,50 m, accesorios PVC (VER ANEXO TÉCNICO). | G26: UND | H26: 4 | I26: 127809 | J26: =+H26*I26 -> 511236 | M26: Punto Sanitario de 2", incluye tubería hasta 1,50 m, accesorios PVC (VER ANEXO TÉCNICO). | N26: TRUE | O26: UND | P26: TRUE | Q26: 4 | R26: TRUE
C27: 2.2 | F27: Tubería PVC-sanitaria ∅2", incluye tubería PVC, accesorios PVC (VER ANEXO TÉCNICO). | G27: ML | H27: 20 | I27: 27673 | J27: =+H27*I27 -> 553460 | M27: Tubería PVC-sanitaria ∅2", incluye tubería PVC, accesorios PVC (VER ANEXO TÉCNICO). | N27: TRUE | O27: ML | P27: TRUE | Q27: 20 | R27: TRUE
C28: 2.3 | F28: Punto agua fría de ∅1/2", incluye tubería hasta 1,5 m, accesorios de PVC (VER ANEXO TÉCNICO). | G28: UND | H28: 5 | I28: 26889 | J28: =+H28*I28 -> 134445 | M28: Punto agua fría de ∅1/2", incluye tubería hasta 1,5 m, accesorios de PVC (VER ANEXO TÉCNICO). | N28: TRUE | O28: UND | P28: TRUE | Q28: 4 | R28: FALSE
C29: 2.4 | F29: Red agua fría PVC presión ∅1/2", Incluye tubería de PVC RDE 9, accesorios de PVC (VER ANEXO TÉCNICO). | G29: ML | H29: 15 | I29: 26122 | J29: =+H29*I29 -> 391830 | M29: Red agua fría PVC presión ∅1/2", Incluye tubería de PVC RDE 9, accesorios de PVC (VER ANEXO TÉCNICO). | N29: TRUE | O29: ML | P29: TRUE | Q29: 15 | R29: TRUE
C30: 2.5 | F30: Registro PVC 1/2" (Válvula 235 PSI) tipo pesado (VER ANEXO TÉCNICO). | G30: UND | H30: 4 | I30: 46192 | J30: =+H30*I30 -> 184768 | M30: Registro PVC 1/2" (Válvula 235 PSI) tipo pesado (VER ANEXO TÉCNICO). | N30: TRUE | O30: UND | P30: TRUE | Q30: 4 | R30: TRUE
C31: 2.6 | F31: Sondeo de punto sanitario y/o desagüe con sonda eléctrica (VER ANEXO TÉCNICO). | G31: UND. | H31: 18 | I31: 45705 | J31: =+H31*I31 -> 822690 | M31: Sondeo de punto sanitario y/o desagüe con sonda eléctrica (VER ANEXO TÉCNICO). | N31: TRUE | O31: UND. | P31: TRUE | Q31: 18 | R31: TRUE
C32: III | F32: MUROS, PAÑETES Y ENCHAPES | M32: MUROS, PAÑETES Y ENCHAPES | N32: TRUE | O32: 0 | P32: TRUE | Q32: 0 | R32: TRUE
C33: 3.1 | F33: Pañete liso impermeabilizado 1:3, (VER ANEXO TÉCNICO). | G33: M2 | H33: 87 | I33: 52600 | J33: =+H33*I33 -> 4576200 | M33: Pañete liso impermeabilizado 1:3, (VER ANEXO TÉCNICO). | N33: TRUE | O33: M2 | P33: TRUE | Q33: 87 | R33: TRUE
C34: 3.2 | F34: Cambio de piezas rotas o en mal estado en enchape cerámico (piso-pared) homologando caracteristicas existentes (VER ANEXO TÉCNICO). | G34: UN | H34: 20 | I34: 24146 | J34: =+H34*I34 -> 482920 | M34: Cambio de piezas rotas o en mal estado en enchape cerámico (piso-pared) homologando caracteristicas existentes (VER ANEXO TÉCNICO). | N34: TRUE | O34: UN | P34: TRUE | Q34: 20 | R34: TRUE
C35: 3.3 | F35: Mantenimiento y renovación de mesones de lavamanos en material pétreo 0,60 m de ancho (VER ANEXO TÉCNICO). | G35: ML | H35: 10 | I35: 167775 | J35: =+H35*I35 -> 1677750 | M35: Mantenimiento y renovación de mesones de lavamanos en material pétreo 0,60 m de ancho (VER ANEXO TÉCNICO). | N35: TRUE | O35: ML | P35: TRUE | Q35: 10 | R35: TRUE
C36: IV | F36: BASES Y PISOS | M36: BASES Y PISOS | N36: TRUE | O36: 0 | P36: TRUE | Q36: 0 | R36: TRUE
C37: 4.1 | F37: Construcción de guarda escoba media caña en granito lavado de 0,10 m. x 0,10 m., (VER ANEXO TÉCNICO). | G37: ML | H37: 26 | I37: 103639 | J37: =+H37*I37 -> 2694614 | M37: Construcción de guarda escoba media caña en granito lavado de 0,10 m. x 0,10 m., (VER ANEXO TÉCNICO). | N37: TRUE | O37: ML | P37: TRUE | Q37: 26 | R37: TRUE
C38: 4.2 | F38: Alistado de piso y pendientado en mortero impermeabilizado 1 :3 (VER ANEXO TÉCNICO). | G38: M2 | H38: 45 | I38: 63952 | J38: =+H38*I38 -> 2877840 | M38: Alistado de piso y pendientado en mortero impermeabilizado 1 :3 (VER ANEXO TÉCNICO). | N38: TRUE | O38: M2 | P38: TRUE | Q38: 45 | R38: TRUE
C39: 4.3 | F39: Reparación de piso epóxico semiliso color plano, incluye preparación de la superficie, tratamiento de fisuras, recubrimiento epóxico multicapa 3 mm y todos los elementos y materiales necesarios para su ejecución. (VER ANEXO TÉCNICO) | G39: M2 | H39: 45 | I39: 394790 | J39: =+H39*I39 -> 17765550 | M39: Reparación de piso epóxico semiliso color plano, incluye preparación de la superficie, tratamiento de fisuras, recubrimiento epóxico multicapa 3 mm y todos los elementos y materiales necesarios para su ejecución. (VER ANEXO TÉCNICO) | N39: TRUE | O39: M2 | P39: TRUE | Q39: 45 | R39: TRUE
C40: 4.4 | F40: Reparación de mediacaña (zócalo) en mortero epóxico, semiliso color plano, altura r= 3 cm, h= 9 cm, incluye preparación de la superficie. | G40: ML | H40: 27 | I40: 111694 | J40: =+H40*I40 -> 3015738 | M40: Reparación de mediacaña (zócalo) en mortero epóxico, semiliso color plano, altura r= 3 cm, h= 9 cm, incluye preparación de la superficie. | N40: TRUE | O40: ML | P40: TRUE | Q40: 27 | R40: TRUE
C41: 4.5 | F41: Placa de contrapiso en concreto de 3,000 psi, (VER ANEXO TÉCNICO). | G41: M2 | H41: 45 | I41: 128727 | J41: =+H41*I41 -> 5792715 | M41: Placa de contrapiso en concreto de 3,000 psi, (VER ANEXO TÉCNICO). | N41: TRUE | O41: M2 | P41: TRUE | Q41: 45 | R41: TRUE
C42: 4.6 | F42: Suministro e instalación acabado de piso en gravilla lavada grano 1 color a escoger (VER ANEXO TÉCNICO). | G42: M2 | H42: 16 | I42: 86331 | J42: =+H42*I42 -> 1381296 | M42: Suministro e instalación acabado de piso en gravilla lavada grano 1 color a escoger (VER ANEXO TÉCNICO). | N42: TRUE | O42: M2 | P42: TRUE | Q42: 16 | R42: TRUE
C43: V | F43: CIELORRASOS | M43: CIELORRASOS | N43: TRUE | O43: 0 | P43: TRUE | Q43: 0 | R43: TRUE
C44: 5.1 | F44: Suministro e instalación de cielorraso en lámina de superboard 6mm. (VER ANEXO TÉCNICO). | G44: M2 | H44: 70 | I44: 93698 | J44: =+H44*I44 -> 6558860 | M44: Suministro e instalación de cielorraso en lámina de superboard 6mm. (VER ANEXO TÉCNICO). | N44: TRUE | O44: M2 | P44: TRUE | Q44: 70 | R44: TRUE
C45: 5.2 | F45: Cambio de láminas de cielorraso en fibra mineral (VER ANEXO TÉCNICO). | G45: UND | H45: 20 | I45: 30007 | J45: =+H45*I45 -> 600140 | M45: Cambio de láminas de cielorraso en fibra mineral (VER ANEXO TÉCNICO). | N45: TRUE | O45: UND | P45: TRUE | Q45: 20 | R45: TRUE
C46: 5.3 | F46: Suministro e instalación de cielo raso en PVC sistema GSP plano (VER ANEXO TÉCNICO). | G46: M2 | H46: 45 | I46: 92984 | J46: =+H46*I46 -> 4184280 | M46: Suministro e instalación de cielo raso en PVC sistema GSP plano (VER ANEXO TÉCNICO). | N46: TRUE | O46: M2 | P46: TRUE | Q46: 45 | R46: TRUE
C47: VI | F47: IMPERMEABILIZACIONES | M47: IMPERMEABILIZACIONES | N47: TRUE | O47: 0 | P47: TRUE | Q47: 0 | R47: TRUE
C48: 6.1 | F48: Reparación de humedades en mampostería existente, con resina acuosa de impregnación a dos manos. (VER ANEXO TÉCNICO). | G48: M2 | H48: 88 | I48: 42760 | J48: =+H48*I48 -> 3762880 | M48: Reparación de humedades en mampostería existente, con resina acuosa de impregnación a dos manos. (VER ANEXO TÉCNICO). | N48: TRUE | O48: M2 | P48: TRUE | Q48: 88 | R48: TRUE
C49: 6.2 | F49: Corrección de filtración en cielorraso, incluye inspección y detección de tubería con filtraciones o condensación (VER ANEXO TÉCNICO). | G49: ML | H49: 15 | I49: 371446 | J49: =+H49*I49 -> 5571690 | M49: Corrección de filtración en cielorraso, incluye inspección y detección de tubería con filtraciones o condensación (VER ANEXO TÉCNICO). | N49: TRUE | O49: ML | P49: TRUE | Q49: 15 | R49: TRUE
C50: 6.3 | F50: Prelavado de áreas de fachada en ladrillo a la vista (VER ANEXO TÉCNICO). | G50: M2 | H50: 450 | I50: 14816 | J50: =+H50*I50 -> 6667200 | M50: Prelavado de áreas de fachada en ladrillo a la vista (VER ANEXO TÉCNICO). | N50: TRUE | O50: M2 | P50: TRUE | Q50: 450 | R50: TRUE
C51: 6.4 | F51: Emboquillado de fachada en ladrillo a la vista (VER ANEXO TÉCNICO). | G51: M2 | H51: 3 | I51: 25195 | J51: =+H51*I51 -> 75585 | M51: Emboquillado de fachada en ladrillo a la vista (VER ANEXO TÉCNICO). | N51: TRUE | O51: M2 | P51: TRUE | Q51: 3 | R51: TRUE
C52: 6.5 | F52: Impermeabilización de fachadas en ladrillo a la vista mediante hidrófugo (VER ANEXO TÉCNICO). | G52: M2 | H52: 450 | I52: 15909 | J52: =+H52*I52 -> 7159050 | M52: Impermeabilización de fachadas en ladrillo a la vista mediante hidrófugo (VER ANEXO TÉCNICO). | N52: TRUE | O52: M2 | P52: TRUE | Q52: 450 | R52: TRUE
C53: 6.6 | F53: Siliconado perimetral de juntas de ventanas (VER ANEXO TÉCNICO). | G53: ML | H53: 45 | I53: 20286 | J53: =+H53*I53 -> 912870 | M53: Siliconado perimetral de juntas de ventanas (VER ANEXO TÉCNICO). | N53: TRUE | O53: ML | P53: TRUE | Q53: 45 | R53: TRUE
C54: 6.7 | F54: Lavado y brillado general de ventanería y perfilería (VER ANEXO TÉCNICO). | G54: M2 | H54: 80 | I54: 10368 | J54: =+H54*I54 -> 829440 | M54: Lavado y brillado general de ventanería y perfilería (VER ANEXO TÉCNICO). | N54: TRUE | O54: M2 | P54: TRUE | Q54: 80 | R54: TRUE
C55: 6.8 | F55: Suministro e instalación de membrana sarnafil (VER ANEXO TÉCNICO). | G55: M2 | H55: 310 | I55: 255288 | J55: =+H55*I55 -> 79139280 | M55: Suministro e instalación de membrana sarnafil (VER ANEXO TÉCNICO). | N55: TRUE | O55: M2 | P55: TRUE | Q55: 310 | R55: TRUE
C56: 6.9 | F56: Reparación de humedades en mampostería existente (VER ANEXO TÉCNICO). | G56: M2 | H56: 15 | I56: 55025 | J56: =+H56*I56 -> 825375 | M56: Reparación de humedades en mampostería existente (VER ANEXO TÉCNICO). | N56: TRUE | O56: M2 | P56: TRUE | Q56: 15 | R56: TRUE
C57: VII | F57: GRIFERIAS Y APARATOS SANITARIOS | M57: GRIFERIAS Y APARATOS SANITARIOS | N57: TRUE | O57: 0 | P57: TRUE | Q57: 0 | R57: TRUE
C58: 7.1 | F58: Suministro e instalación de orinal blanco de entrada superior, 0,5 lpf Gricol o similar (VER ANEXO TÉCNICO). | G58: UND. | H58: 3 | I58: 1057671 | J58: =+H58*I58 -> 3173013 | M58: Suministro e instalación de orinal blanco de entrada superior, 0,5 lpf Gricol o similar (VER ANEXO TÉCNICO). | N58: TRUE | O58: UND. | P58: TRUE | Q58: 3 | R58: TRUE
C59: 7.2 | F59: Suministro e instalación de lavamanos de incrustar en porcelana sanitaria brillante color blanco (VER ANEXO TÉCNICO). | G59: UND. | H59: 4 | I59: 788687 | J59: =+H59*I59 -> 3154748 | M59: Suministro e instalación de lavamanos de incrustar en porcelana sanitaria brillante color blanco (VER ANEXO TÉCNICO). | N59: TRUE | O59: UND. | P59: TRUE | Q59: 4 | R59: TRUE
C60: 7.3 | F60: Suministro e instalación de lavamanos de colgar en porcelana blanco (Happy Blanco) (VER ANEXO TÉCNICO). | G60: UND. | H60: 8 | I60: 360076 | J60: =+H60*I60 -> 2880608 | M60: Suministro e instalación de lavamanos de colgar en porcelana blanco (Happy Blanco) (VER ANEXO TÉCNICO). | N60: TRUE | O60: UND. | P60: TRUE | Q60: 8 | R60: TRUE
C61: 7.4 | F61: Suministro e instalación de grifería Institucional de mesa tipo push para lavamanos (VER ANEXO TÉCNICO). | G61: UND. | H61: 9 | I61: 401037 | J61: =+H61*I61 -> 3609333 | M61: Suministro e instalación de grifería Institucional de mesa tipo push para lavamanos (VER ANEXO TÉCNICO). | N61: TRUE | O61: UND. | P61: TRUE | Q61: 9 | R61: TRUE
C62: 7.5 | F62: Suministro e instalación de conjunto grifería completa sanitario (VER ANEXO TÉCNICO). | G62: UND. | H62: 16 | I62: 79500 | J62: =+H62*I62 -> 1272000 | M62: Suministro e instalación de conjunto grifería completa sanitario (VER ANEXO TÉCNICO). | N62: TRUE | O62: UND. | P62: TRUE | Q62: 16 | R62: TRUE
C63: 7.6 | F63: Suministro e instalación de lavamanos quirúrgico de dos puestos accionamiento con pedal (VER ANEXO TÉCNICO). | G63: UND. | H63: 5 | I63: 3624180 | J63: =+H63*I63 -> 18120900 | M63: Suministro e instalación de lavamanos quirúrgico de dos puestos accionamiento con pedal (VER ANEXO TÉCNICO). | N63: TRUE | O63: UND. | P63: TRUE | Q63: 5 | R63: TRUE
C64: 7.7 | F64: Destape red sanitaria existente incluye sondeo de tubería reemplazo de accesorios y tubería existente (VER ANEXO TÉCNICO). | G64: UND. | H64: 37 | I64: 258182 | J64: =+H64*I64 -> 9552734 | M64: Destape red sanitaria existente incluye sondeo de tubería reemplazo de accesorios y tubería existente (VER ANEXO TÉCNICO). | N64: TRUE | O64: UND. | P64: TRUE | Q64: 37 | R64: TRUE
C65: VIII | F65: ELEMENTOS METALICOS Y ACERO DE REFUERZO | M65: ELEMENTOS METALICOS Y ACERO DE REFUERZO | N65: TRUE | O65: 0 | P65: TRUE | Q65: 0 | R65: TRUE
C66: 8.1 | F66: Mantenimiento de puerta, incluye asegurado del marco a la mampostería (VER ANEXO TÉCNICO). | G66: M2 | H66: 16 | I66: 88415 | J66: =+H66*I66 -> 1414640 | M66: Mantenimiento de puerta, incluye asegurado del marco a la mampostería (VER ANEXO TÉCNICO). | N66: TRUE | O66: M2 | P66: TRUE | Q66: 16 | R66: TRUE
C67: 8.2 | F67: Suministro e instalación ángulos (3,0*3,0") en lámina de acero inoxidable calibre 16 (VER ANEXO TÉCNICO). | G67: ML | H67: 7 | I67: 90097 | J67: =+H67*I67 -> 630679 | M67: Suministro e instalación ángulos (3,0*3,0") en lámina de acero inoxidable calibre 16 (VER ANEXO TÉCNICO). | N67: TRUE | O67: ML | P67: TRUE | Q67: 7 | R67: TRUE
C68: 8.3 | F68: Suministro e instalación de división de baño, fabricadas en acero inoxidable calibre 20 (VER ANEXO TÉCNICO). | G68: M2 | H68: 8 | I68: 1301213 | J68: =+H68*I68 -> 10409704 | M68: Suministro e instalación de división de baño, fabricadas en acero inoxidable calibre 20 (VER ANEXO TÉCNICO). | N68: TRUE | O68: M2 | P68: TRUE | Q68: 8 | R68: TRUE
C69: 8.4 | F69: Suministro e instalación de división de orinal, fabricado en acero inoxidable calibre 20 ref. 304 (VER ANEXO TÉCNICO). | G69: UND | H69: 4 | I69: 1238724 | J69: =+H69*I69 -> 4954896 | M69: Suministro e instalación de división de orinal, fabricado en acero inoxidable calibre 20 ref. 304 (VER ANEXO TÉCNICO). | N69: TRUE | O69: UND | P69: TRUE | Q69: 4 | R69: TRUE
C70: 8.5 | F70: Suministro e instalación de rejilla de cárcamo vehicular de 0,50 m de ancho elaborada en varilla corrugada de acero (VER ANEXO TÉCNICO). | G70: ML | H70: 5 | I70: 771578 | J70: =+H70*I70 -> 3857890 | M70: Suministro e instalación de rejilla de cárcamo vehicular de 0,50 m de ancho elaborada en varilla corrugada de acero (VER ANEXO TÉCNICO). | N70: TRUE | O70: ML | P70: TRUE | Q70: 5 | R70: TRUE
C71: IX | F71: PINTURAS | M71: PINTURAS | N71: TRUE | O71: 0 | P71: TRUE | Q71: 0 | R71: TRUE
C72: 9.1 | F72: Estuco acrílico, incluye filos (esquineras plásticas) (VER ANEXO TÉCNICO). | G72: M2 | H72: 95 | I72: 24729 | J72: =+H72*I72 -> 2349255 | M72: Estuco acrílico, incluye filos (esquineras plásticas) (VER ANEXO TÉCNICO). | N72: TRUE | O72: M2 | P72: TRUE | Q72: 95 | R72: TRUE
C73: 9.2 | F73: Suministro e instalación de pintura epóxica poliamida, recubrimiento protector para muros y techos (VER ANEXO TÉCNICO). | G73: M2 | H73: 95 | I73: 45127 | J73: =+H73*I73 -> 4287065 | M73: Suministro e instalación de pintura epóxica poliamida, recubrimiento protector para muros y techos (VER ANEXO TÉCNICO). | N73: TRUE | O73: M2 | P73: TRUE | Q73: 95 | R73: TRUE
C74: 9.3 | F74: Pintura vinilo tipo 1 dos manos para muros interiores a partir de borde de enchape y cielorrasos (VER ANEXO TÉCNICO). | G74: M2 | H74: 2935 | I74: 33227 | J74: =+H74*I74 -> 97521245 | M74: Pintura vinilo tipo 1 dos manos para muros interiores a partir de borde de enchape y cielorrasos (VER ANEXO TÉCNICO). | N74: TRUE | O74: M2 | P74: TRUE | Q74: 2500 | R74: FALSE
C75: X | F75: VARIOS | M75: VARIOS | N75: TRUE | O75: 0 | P75: TRUE | Q75: 0 | R75: TRUE
C76: 10.1 | F76: Suministro e instalacion de espejo de 5 mm (VER ANEXO TÉCNICO). | G76: M2 | H76: 9 | I76: 345722 | J76: =+H76*I76 -> 3111498 | M76: Suministro e instalacion de espejo de 5 mm (VER ANEXO TÉCNICO). | N76: TRUE | O76: M2 | P76: TRUE | Q76: 9 | R76: TRUE
C77: 10.2 | F77: Suministro e instalación de cinta antideslizante foto-luminiscente (VER ANEXO TÉCNICO). | G77: ML | H77: 7 | I77: 31499 | J77: =+H77*I77 -> 220493 | M77: Suministro e instalación de cinta antideslizante foto-luminiscente (VER ANEXO TÉCNICO). | N77: TRUE | O77: ML | P77: TRUE | Q77: 7 | R77: TRUE
C78: 10.3 | F78: Suministro e instalación de cierrapuertas (gato hidráulico) (VER ANEXO TÉCNICO). | G78: UND. | H78: 5 | I78: 181552 | J78: =+H78*I78 -> 907760 | M78: Suministro e instalación de cierrapuertas (gato hidráulico) (VER ANEXO TÉCNICO). | N78: TRUE | O78: UND. | P78: TRUE | Q78: 5 | R78: TRUE
C79: 10.4 | F79: Suministro e instalación de guarda camilla en PVC (VER ANEXO TÉCNICO). | G79: ML | H79: 35 | I79: 393606 | J79: =+H79*I79 -> 13776210 | M79: Suministro e instalación de guarda camilla en PVC (VER ANEXO TÉCNICO). | N79: TRUE | O79: ML | P79: TRUE | Q79: 35 | R79: TRUE
C80: 10.5 | F80: Suministro e instalación de terminales para guarda camilla (VER ANEXO TÉCNICO). | G80: UND. | H80: 12 | I80: 63979 | J80: =+H80*I80 -> 767748 | M80: Suministro e instalación de terminales para guarda camilla (VER ANEXO TÉCNICO). | N80: TRUE | O80: UND. | P80: TRUE | Q80: 12 | R80: TRUE
C81: 10.6 | F81: Suministro e instalación de rinconeras para guarda camilla (VER ANEXO TÉCNICO). | G81: UND. | H81: 4 | I81: 104857 | J81: =+H81*I81 -> 419428 | M81: Suministro e instalación de rinconeras para guarda camilla (VER ANEXO TÉCNICO). | N81: TRUE | O81: UND. | P81: TRUE | Q81: 4 | R81: TRUE
C82: 10.7 | F82: Suministro e instalación de esquineros para guarda camilla (VER ANEXO TÉCNICO). | G82: UND. | H82: 2 | I82: 92238 | J82: =+H82*I82 -> 184476 | M82: Suministro e instalación de esquineros para guarda camilla (VER ANEXO TÉCNICO). | N82: TRUE | O82: UND. | P82: TRUE | Q82: 2 | R82: TRUE
C83: 10.8 | F83: Suministro e instalación de jaboneras en acero inoxidable (VER ANEXO TÉCNICO). | G83: UND. | H83: 14 | I83: 318594 | J83: =+H83*I83 -> 4460316 | M83: Suministro e instalación de jaboneras en acero inoxidable (VER ANEXO TÉCNICO). | N83: TRUE | O83: UND. | P83: TRUE | Q83: 14 | R83: TRUE
C84: 10.9 | F84: Suministro e instalación de tapa registro de 20×20 cm de empotrar (VER ANEXO TÉCNICO). | G84: UND. | H84: 4 | I84: 134518 | J84: =+H84*I84 -> 538072 | M84: Suministro e instalación de tapa registro de 20×20 cm de empotrar (VER ANEXO TÉCNICO). | N84: TRUE | O84: UND. | P84: TRUE | Q84: 4 | R84: TRUE
C85: XI | F85: INSTALACIONES ELÉCTRICAS Y MECÁNICAS | M85: INSTALACIONES ELÉCTRICAS Y MECÁNICAS | N85: TRUE | O85: 0 | P85: TRUE | Q85: 0 | R85: TRUE
F86: Instalaciones electricas e iluminacion | M86: #N/A | N86: #N/A | O86: #N/A | P86: #N/A | Q86: #N/A | R86: #N/A
C87: 11.1 | F87: Desmonte, retiro y disposición final en botadero autorizado ó sitio donde la Entidad indique, de instalaciones eléctricas (VER ANEXO TÉCNICO). | G87: GL | H87: 1 | I87: 314070 | J87: =+H87*I87 -> 314070 | M87: Desmonte, retiro y disposición final en botadero autorizado ó sitio donde la Entidad indique, de instalaciones eléctricas (VER ANEXO TÉCNICO). | N87: TRUE | O87: GL | P87: TRUE | Q87: 1 | R87: TRUE
C88: 11.2 | F88: Suministro de materiales y mano de obra para Instalación de salida a 220V para sistema de aire acondicionado (VER ANEXO TÉCNICO). | G88: UD | H88: 2 | I88: 590266 | J88: =+H88*I88 -> 1180532 | M88: Suministro de materiales y mano de obra para Instalación de salida a 220V para sistema de aire acondicionado (VER ANEXO TÉCNICO). | N88: TRUE | O88: UD | P88: TRUE | Q88: 2 | R88: TRUE
C89: 11.3 | F89: Suministro de materiales y mano de obra para Instalación de tomacorriente doble, tierra aislada color blanco empotrado, 2P+T 15A 125V (VER ANEXO TÉCNICO). | G89: UD | H89: 5 | I89: 77990 | J89: =+H89*I89 -> 389950 | M89: Suministro de materiales y mano de obra para Instalación de tomacorriente doble, tierra aislada color blanco empotrado, 2P+T 15A 125V (VER ANEXO TÉCNICO). | N89: TRUE | O89: UD | P89: TRUE | Q89: 5 | R89: TRUE
C90: 11.4 | F90: Suministro de materiales y mano de obra para Instalación de tomacorriente doble GFCI empotrado, 2P+T 15A 120V (VER ANEXO TÉCNICO). | G90: UD | H90: 6 | I90: 282690 | J90: =+H90*I90 -> 1696140 | M90: Suministro de materiales y mano de obra para Instalación de tomacorriente doble GFCI empotrado, 2P+T 15A 120V (VER ANEXO TÉCNICO). | N90: TRUE | O90: UD | P90: TRUE | Q90: 6 | R90: TRUE
C91: 11.5 | F91: Suministro de materiales y mano de obra para Instalación de tomacorriente doble GFCI empotrado, 2P+T 15A 125V (VER ANEXO TÉCNICO). | G91: UD | H91: 6 | I91: 165732 | J91: =+H91*I91 -> 994392 | M91: Suministro de materiales y mano de obra para Instalación de tomacorriente doble GFCI empotrado, 2P+T 15A 125V (VER ANEXO TÉCNICO). | N91: TRUE | O91: UD | P91: TRUE | Q91: 6 | R91: TRUE
C92: 11.6 | F92: Suministro de materiales y mano de obra para Instalación de salida a 120V para tomacorriente normal, grado comercial 2P+T 15A 120V (VER ANEXO TÉCNICO). | G92: UD | H92: 9 | I92: 60019 | J92: =+H92*I92 -> 540171 | M92: Suministro de materiales y mano de obra para Instalación de salida a 120V para tomacorriente normal, grado comercial 2P+T 15A 120V (VER ANEXO TÉCNICO). | N92: TRUE | O92: UD | P92: TRUE | Q92: 9 | R92: TRUE
C93: 11.7 | F93: Suministro de materiales y mano de obra para instalación de salida para toma especial NEMA L6-30 120V 1F+1N+T 30 A (VER ANEXO TÉCNICO). | G93: UN | H93: 4 | I93: 268797 | J93: =+H93*I93 -> 1075188 | M93: Suministro de materiales y mano de obra para instalación de salida para toma especial NEMA L6-30 120V 1F+1N+T 30 A (VER ANEXO TÉCNICO). | N93: TRUE | O93: UN | P93: TRUE | Q93: 4 | R93: TRUE
C94: 11.8 | F94: Suministro de materiales y mano de obra para Instalación de salida para interruptor sencillo empotrado con independización del circuito de control de iluminación (VER ANEXO TÉCNICO). | G94: UD | H94: 3 | I94: 107272 | J94: =+H94*I94 -> 321816 | M94: Suministro de materiales y mano de obra para Instalación de salida para interruptor sencillo empotrado con independización del circuito de control de iluminación (VER ANEXO TÉCNICO). | N94: TRUE | O94: UD | P94: TRUE | Q94: 3 | R94: TRUE
C95: 11.9 | F95: Suministro de materiales y mano de obra para Instalación de salida para interruptor doble empotrado con independización del circuito de control de iluminación (VER ANEXO TÉCNICO). | G95: UD | H95: 4 | I95: 169903 | J95: =+H95*I95 -> 679612 | M95: Suministro de materiales y mano de obra para Instalación de salida para interruptor doble empotrado con independización del circuito de control de iluminación (VER ANEXO TÉCNICO). | N95: TRUE | O95: UD | P95: TRUE | Q95: 4 | R95: TRUE
C96: 11.10 | F96: Suministro de materiales y mano de obra para Instalación de salida para interruptor doble conmutable empotrado con independización del circuito de control de iluminación (VER ANEXO TÉCNICO). | G96: UD | H96: 3 | I96: 191248 | J96: =+H96*I96 -> 573744 | M96: Suministro de materiales y mano de obra para Instalación de salida para interruptor doble conmutable empotrado con independización del circuito de control de iluminación (VER ANEXO TÉCNICO). | N96: TRUE | O96: UD | P96: TRUE | Q96: 3 | R96: TRUE
C97: 11.11 | F97: Suministro de materiales y mano de obra para Instalación de salida para interruptor sencillo conmutable empotrado con independización del circuito de control de iluminación (VER ANEXO TÉCNICO). | G97: UD | H97: 2 | I97: 114550 | J97: =+H97*I97 -> 229100 | M97: Suministro de materiales y mano de obra para Instalación de salida para interruptor sencillo conmutable empotrado con independización del circuito de control de iluminación (VER ANEXO TÉCNICO). | N97: TRUE | O97: UD | P97: TRUE | Q97: 2 | R97: TRUE
C98: 11.12 | F98: Suministro de materiales y mano de obra para Instalación de salida para iluminación (VER ANEXO TÉCNICO). | G98: UN | H98: 15 | I98: 208479 | J98: =+H98*I98 -> 3127185 | M98: Suministro de materiales y mano de obra para Instalación de salida para iluminación (VER ANEXO TÉCNICO). | N98: TRUE | O98: UN | P98: TRUE | Q98: 15 | R98: TRUE
... C123: 11.37 | F123: Suministro de materiales y mano de obra para Instalación de canaleta de superficie plástica dexson o similar 100x45 con división y tapa (VER ANEXO TÉCNICO). | G123: ML | H123: 18 | I123: 111408 | J123: =+H123*I123 -> 2005344 | M123: Suministro de materiales y mano de obra para Instalación de canaleta de superficie plástica dexson o similar 100x45 con división y tapa (VER ANEXO TÉCNICO). | N123: TRUE | O123: ML | P123: TRUE | Q123: 18 | R123: TRUE
C124: XII | F124: SISTEMAS DE SEGURIDAD INTERIOR | M124: SISTEMAS DE SEGURIDAD INTERIOR | N124: TRUE | O124: 0 | P124: TRUE | Q124: 0 | R124: TRUE
F125: Sistema alarma detección de incendios | M125: #N/A | N125: #N/A | O125: #N/A | P125: #N/A | Q125: #N/A | R125: #N/A
C126: 12.1 | F126: Desmonte, retiro y reinstalación de salida para sensor de humo fotoeléctrico (VER ANEXO TÉCNICO). | G126: UD | H126: 12 | I126: 109876 | J126: =+H126*I126 -> 1318512 | M126: Desmonte, retiro y reinstalación de salida para sensor de humo fotoeléctrico (VER ANEXO TÉCNICO). | N126: TRUE | O126: UD | P126: TRUE | Q126: 12 | R126: TRUE
C127: 12.2 | F127: Desmonte y retiro de sensor de humo fotoeléctrico (VER ANEXO TÉCNICO). | G127: UD | H127: 34 | I127: 75902 | J127: =+H127*I127 -> 2580668 | M127: Desmonte y retiro de sensor de humo fotoeléctrico (VER ANEXO TÉCNICO). | N127: TRUE | O127: UD | P127: TRUE | Q127: 34 | R127: TRUE
C128: 12.3 | F128: Suministro de materiales y mano de obra para Instalación de salida para sensores (VER ANEXO TÉCNICO). | G128: UD | H128: 12 | I128: 104831 | J128: =+H128*I128 -> 1257972 | M128: Suministro de materiales y mano de obra para Instalación de salida para sensores (VER ANEXO TÉCNICO). | N128: TRUE | O128: UD | P128: TRUE | Q128: 12 | R128: TRUE
C129: 12.4 | F129: Suministro e Instalación de Sensor de humo fotoeléctrico direccionable listado UL (VER ANEXO TÉCNICO). | G129: UD | H129: 43 | I129: 262822 | J129: =+H129*I129 -> 11301346 | M129: Suministro e Instalación de Sensor de humo fotoeléctrico direccionable listado UL (VER ANEXO TÉCNICO). | N129: TRUE | O129: UD | P129: TRUE | Q129: 43 | R129: TRUE
...

Sheet PINTURA
A1: =+#REF! -> #REF!
A2: CANTIDADES DE PINTURA
D4: RECEPCION Y DEPOSITO | H4: PRE Y POST | L4: MORGUE PPAL | P4: CABINAS Y NEVERAS | T4: SEPTICOS | X4: CTO ASEO | AB4: BASURAS | AF4: VESTIERES | AJ4: ARCHIV0 | AN4: CORREDOR FRENTE ARCHIVO | AR4: CORREDOR POSTERIOR CONSULT | AV4: CORREDOR WC FUNCIONARIOS | AZ4: CORREDOR ADMIN | BD4: WC DISCAPACITADOS SALA ESP | BH4: WC HOMBRES SALA ESP | BL4: WC MUJERES SALA ESP | BP4: FACHADAS | BT4: CERRAMIENTO VERDE-REJA PRE Y POST | BX4: WC HOMBRES Y MUJERES | CB4: TOTAL (AREA O ML) | CC4: FC | CD4: TOTAL
A5: N° | B5: TULUA | C5: UND | D5: PERIMETRO | E5: ALTURA | F5: TOTAL MUROS | G5: TOTAL TECHOS | H5: PERIMETRO | I5: ALTURA | J5: TOTAL MUROS | K5: TOTAL TECHOS | L5: PERIMETRO | M5: ALTURA | N5: TOTAL MUROS | O5: TOTAL TECHOS | P5: PERIMETRO | Q5: ALTURA | R5: TOTAL MUROS | S5: TOTAL TECHOS | T5: PERIMETRO | U5: ALTURA | V5: TOTAL MUROS | W5: TOTAL TECHOS | X5: PERIMETRO | Y5: ALTURA | Z5: TOTAL MUROS | AA5: TOTAL TECHOS | AB5: PERIMETRO | AC5: ALTURA | AD5: TOTAL MUROS | AE5: TOTAL TECHOS | AF5: PERIMETRO | AG5: ALTURA | AH5: TOTAL MUROS | AI5: TOTAL TECHOS | AJ5: PERIMETRO | AK5: ALTURA | AL5: TOTAL MUROS | AM5: TOTAL TECHOS | AN5: PERIMETRO | AO5: ALTURA | AP5: TOTAL MUROS | AQ5: TOTAL TECHOS | AR5: PERIMETRO | AS5: ALTURA | AT5: TOTAL MUROS | AU5: TOTAL TECHOS | AV5: PERIMETRO | AW5: ALTURA | AX5: TOTAL MUROS | AY5: TOTAL TECHOS | AZ5: PERIMETRO | BA5: ALTURA | BB5: TOTAL MUROS | BC5: TOTAL TECHOS | BD5: PERIMETRO | BE5: ALTURA | BF5: TOTAL MUROS | BG5: TOTAL TECHOS | BH5: PERIMETRO | BI5: ALTURA | BJ5: TOTAL MUROS | BK5: TOTAL TECHOS | BL5: PERIMETRO | BM5: ALTURA | BN5: TOTAL MUROS | BO5: TOTAL TECHOS | BP5: PERIMETRO | BQ5: ALTURA | BR5: TOTAL MUROS | BS5: TOTAL TECHOS | BT5: PERIMETRO | BU5: ALTURA | BV5: TOTAL MUROS | BW5: TOTAL TECHOS | BX5: PERIMETRO | BY5: ALTURA | BZ5: TOTAL MUROS | CA5: TOTAL TECHOS
A7: =+PRESUPUESTO!B12 -> 1.4. | B7: =+PRESUPUESTO!C12 -> Raspado de estuco y pintura, hasta encontrar pañete. Incluye limpieza de pañete. Incluye cargue y el retiro de escombros a botadero autorizado. | C7: =+PRESUPUESTO!D12 -> M2 | F7: =+D7*E7 -> 0 | J7: =+H7*I7 -> 0 | L7: =+'AREAS Y PERIMETROS'!C12 -> 30.9 | M7: 1 | N7: =+L7*M7 -> 30.9 | R7: =+P7*Q7 -> 0 | S7: =+ROUND(P7*Q7,2) -> 0 | V7: =+T7*U7 -> 0 | W7: =+ROUND(T7*U7,2) -> 0 | Z7: =+X7*Y7 -> 0 | AA7: =+ROUND(X7*Y7,2) -> 0 | AD7: =+AB7*AC7 -> 0 | AE7: =+ROUND(AB7*AC7,2) -> 0 | AH7: =+AF7*AG7 -> 0 | AI7: =+ROUND(AF7*AG7,2) -> 0 | AL7: =+AJ7*AK7 -> 0 | AM7: =+ROUND(AJ7*AK7,2) -> 0 | AP7: =+AN7*AO7 -> 0 | AQ7: =+ROUND(AN7*AO7,2) -> 0 | AT7: =+AR7*AS7 -> 0 | AU7: =+ROUND(AR7*AS7,2) -> 0 | AX7: =+AV7*AW7 -> 0 | AY7: =+ROUND(AV7*AW7,2) -> 0 | BB7: =+AZ7*BA7 -> 0 | BC7: =+ROUND(AZ7*BA7,2) -> 0 | BF7: =+BD7*BE7 -> 0 | BG7: =+ROUND(BD7*BE7,2) -> 0 | BJ7: =+BH7*BI7 -> 0 | BK7: =+ROUND(BH7*BI7,2) -> 0 | BN7: =+BL7*BM7 -> 0 | BO7: =+ROUND(BL7*BM7,2) -> 0 | BR7: =+BP7*BQ7 -> 0 | BS7: =+ROUND(BP7*BQ7,2) -> 0 | BV7: =+BT7*BU7 -> 0 | BW7: =+ROUND(BT7*BU7,2) -> 0 | BZ7: =+BX7*BY7 -> 0 | CA7: =+ROUND(BX7*BY7,2) -> 0 | CB7: =ROUND(+F7+G7+J7+K7+N7+O7+R7+S7+V7+W7+Z7+AA7+AD7+AE7+AH7+AI7+AL7+AM7+AP7+AQ7+AT7+AU7+AX7+AY7+BB7+BC7+BF7+BG7+BJ7+BK7++BN7+BO7+BR7+BS7+BV7+BW7+BZ7+CA7,0) -> 31 | CC7: 1.1 | CD7: =+ROUND(CB7*CC7,0) -> 34
A8: =+PRESUPUESTO!B21 -> 1.13. | B8: =+PRESUPUESTO!C21 -> Raspado de pintura, retiro de cintas en muros o cielorrasos en superboard. Incluye cargue y el retiro de escombros a botadero autorizado. | C8: =+PRESUPUESTO!D21 -> M2 | F8: =+D8*E8 -> 0 | G8: =+'AREAS Y PERIMETROS'!B14 -> 11.68 | J8: =+H8*I8 -> 0 | N8: =+L8*M8 -> 0 | R8: =+P8*Q8 -> 0 | S8: =+'AREAS Y PERIMETROS'!B11 -> 8 | V8: =+T8*U8 -> 0 | W8: =+'AREAS Y PERIMETROS'!B10 -> 15.8 | Z8: =+X8*Y8 -> 0 | AA8: =+'AREAS Y PERIMETROS'!B8 -> 3.28 | AD8: =+AB8*AC8 -> 0 | AE8: =+'AREAS Y PERIMETROS'!B9 -> 4.71 | AH8: =+AF8*AG8 -> 0 | AL8: =+AJ8*AK8 -> 0 | AM8: =+'AREAS Y PERIMETROS'!B7 -> 11.21 | AP8: =+AN8*AO8 -> 0 | AQ8: =+'AREAS Y PERIMETROS'!B17 -> 17.41 | AT8: =+AR8*AS8 -> 0 | AU8: =+'AREAS Y PERIMETROS'!B18 -> 11.73 | AX8: =+AV8*AW8 -> 0 | AY8: =+'AREAS Y PERIMETROS'!B19 -> 5.37 | BB8: =+AZ8*BA8 -> 0 | BC8: =+'AREAS Y PERIMETROS'!B20 -> 10.28 | BF8: =+BD8*BE8 -> 0 | BG8: =+'AREAS Y PERIMETROS'!B25 -> 5.4 | BJ8: =+BH8*BI8 -> 0 | BK8: =+'AREAS Y PERIMETROS'!B23 -> 2.49 | BN8: =+BL8*BM8 -> 0 | BO8: =+'AREAS Y PERIMETROS'!B24 -> 2.49 | BR8: =+BP8*BQ8 -> 0 | BV8: =+BT8*BU8 -> 0 | BW8: =+'AREAS Y PERIMETROS'!F24 -> 0 | BZ8: =+BX8*BY8 -> 0 | CA8: =+'AREAS Y PERIMETROS'!J24 -> 0 | CB8: =ROUND(+F8+G8+J8+K8+N8+O8+R8+S8+V8+W8+Z8+AA8+AD8+AE8+AH8+AI8+AL8+AM8+AP8+AQ8+AT8+AU8+AX8+AY8+BB8+BC8+BF8+BG8+BJ8+BK8++BN8+BO8+BR8+BS8+BV8+BW8+BZ8+CA8,0) -> 110 | CC8: 1.1 | CD8: =+ROUND(CB8*CC8,0) -> 121
A9: =+PRESUPUESTO!B23 -> 1.15. | B9: =+PRESUPUESTO!C23 -> Desmonte de cielorraso en superboard. Incluye retiro de mediacañas entre muro y cielorraso, rejillas plásticas y cualquier elemento adherido, cargue y retiro de escombros a botadero autorizado | C9: =+PRESUPUESTO!D23 -> M2 | K9: =+'AREAS Y PERIMETROS'!B13 -> 23.27 | O9: =+'AREAS Y PERIMETROS'!B12 -> 35.1 | AI9: =+'AREAS Y PERIMETROS'!B15 -> 16.1 | CB9: =ROUND(+F9+G9+J9+K9+N9+O9+R9+S9+V9+W9+Z9+AA9+AD9+AE9+AH9+AI9+AL9+AM9+AP9+AQ9+AT9+AU9+AX9+AY9+BB9+BC9+BF9+BG9+BJ9+BK9++BN9+BO9+BR9+BS9+BV9+BW9+BZ9+CA9,0) -> 74 | CC9: 1.1 | CD9: =+ROUND(CB9*CC9,0) -> 81
F10: =+D10*E10 -> 0 | J10: =+H10*I10 -> 0 | N10: =+L10*M10 -> 0 | R10: =+P10*Q10 -> 0 | V10: =+T10*U10 -> 0 | Z10: =+X10*Y10 -> 0 | AD10: =+AB10*AC10 -> 0 | AH10: =+AF10*AG10 -> 0 | AL10: =+AJ10*AK10 -> 0 | AP10: =+AN10*AO10 -> 0 | AT10: =+AR10*AS10 -> 0 | AX10: =+AV10*AW10 -> 0 | BB10: =+AZ10*BA10 -> 0 | BF10: =+BD10*BE10 -> 0 | BJ10: =+BH10*BI10 -> 0 | BN10: =+BL10*BM10 -> 0 | BR10: =+BP10*BQ10 -> 0 | BV10: =+BT10*BU10 -> 0 | BZ10: =+BX10*BY10 -> 0 | CB10: =ROUND(+F10+G10+J10+K10+N10+O10+R10+S10+V10+W10+Z10+AA10+AD10+AE10+AH10+AI10+AL10+AM10+AP10+AQ10+AT10+AU10+AX10+AY10+BB10+BC10+BF10+BG10+BJ10+BK10++BN10+BO10+BR10+BS10+BV10+BW10+BZ10+CA10,2) -> 0 | CD10: =+ROUND(CB10*CC10,0) -> 0
A11: =+PRESUPUESTO!B93 -> 15.1. | B11: =+PRESUPUESTO!C93 -> Estuco plástico, incluye filos (esquineras plásticas), dilataciones (juntas de control plasticas en "Z" y "U"), carteras de vanos y medidas inferiores a 1.0 m | C11: =+PRESUPUESTO!D93 -> M2 | F11: =+D11*E11 -> 0 | J11: =+H11*I11 -> 0 | L11: =+L7 -> 30.9 | M11: 1 | N11: =+L11*M11 -> 30.9 | R11: =+P11*Q11 -> 0 | S11: =+ROUND(P11*Q11,2) -> 0 | T11: =+T7 -> 0 | V11: =+T11*U11 -> 0 | W11: =+ROUND(T11*U11,2) -> 0 | Z11: =+X11*Y11 -> 0 | AA11: =+ROUND(X11*Y11,2) -> 0 | AD11: =+AB11*AC11 -> 0 | AE11: =+ROUND(AB11*AC11,2) -> 0 | AH11: =+AF11*AG11 -> 0 | AI11: =+ROUND(AF11*AG11,2) -> 0 | AL11: =+AJ11*AK11 -> 0 | AM11: =+ROUND(AJ11*AK11,2) -> 0 | AP11: =+AN11*AO11 -> 0 | AQ11: =+ROUND(AN11*AO11,2) -> 0 | AT11: =+AR11*AS11 -> 0 | AU11: =+ROUND(AR11*AS11,2) -> 0 | AX11: =+AV11*AW11 -> 0 | AY11: =+ROUND(AV11*AW11,2) -> 0 | BB11: =+AZ11*BA11 -> 0 | BC11: =+ROUND(AZ11*BA11,2) -> 0 | BF11: =+BD11*BE11 -> 0 | BG11: =+ROUND(BD11*BE11,2) -> 0 | BJ11: =+BH11*BI11 -> 0 | BK11: =+ROUND(BH11*BI11,2) -> 0 | BN11: =+BL11*BM11 -> 0 | BO11: =+ROUND(BL11*BM11,2) -> 0 | BR11: =+BP11*BQ11 -> 0 | BS11: =+ROUND(BP11*BQ11,2) -> 0 | BV11: =+BT11*BU11 -> 0 | BW11: =+ROUND(BT11*BU11,2) -> 0 | BZ11: =+BX11*BY11 -> 0 | CA11: =+ROUND(BX11*BY11,2) -> 0 | CB11: =ROUND(+F11+G11+J11+K11+N11+O11+R11+S11+V11+W11+Z11+AA11+AD11+AE11+AH11+AI11+AL11+AM11+AP11+AQ11+AT11+AU11+AX11+AY11+BB11+BC11+BF11+BG11+BJ11+BK11++BN11+BO11+BR11+BS11+BV11+BW11+BZ11+CA11,0) -> 31 | CC11: 1.1 | CD11: =+ROUND(CB11*CC11,0) -> 34
A12: =+PRESUPUESTO!B94 -> 15.2. | B12: =+PRESUPUESTO!C94 -> Suministro e instalación de pintura epóxica poliamida, recubrimiento protector para muros y techos interiores en zonas asépticas de dos componentes (componente A pintura epóxica, componente B catalizador poliamídico), acabado semibrillante, tres manos, color blanco (áreas patologia) incluye resanes con estuco plástico, encintado de cielos, filos, dilataciones, carteras, mediacañas verticales y medidas inferiores a 1.00 m | C12: =+PRESUPUESTO!D94 -> M2 | D12: =+'AREAS Y PERIMETROS'!C14 -> 18.95 | E12: 2.9 | F12: =+D12*E12 -> 54.955 | G12: =+G8 -> 11.68 | H12: =+'AREAS Y PERIMETROS'!C13 -> 20.16 | I12: 2.9 | J12: =+H12*I12 -> 58.464 | K12: =+'AREAS Y PERIMETROS'!B13 -> 23.27 | L12: =+'AREAS Y PERIMETROS'!C12 -> 30.9 | M12: 2.9 | N12: =+L12*M12 -> 89.61 | O12: =+'AREAS Y PERIMETROS'!B12 -> 35.1 | P12: =+'AREAS Y PERIMETROS'!C11 -> 12.23 | Q12: 2.9 | R12: =+P12*Q12 -> 35.467 | S12: =+S8 -> 8 | T12: =+'AREAS Y PERIMETROS'!C10 -> 16.31 | U12: 2.9 | V12: =+T12*U12 -> 47.299 | W12: =+W8 -> 15.8 | X12: =+'AREAS Y PERIMETROS'!C8 -> 7.39 | Y12: 2.9 | Z12: =+X12*Y12 -> 21.431 | AA12: =+AA8 -> 3.28 | AB12: =+'AREAS Y PERIMETROS'!C9 -> 8.85 | AC12: 2.9 | AD12: =+AB12*AC12 -> 25.665 | AE12: =+AE8 -> 4.71 | AH12: =+AF12*AG12 -> 0 | AI12: =+AI8 -> 0 | AL12: =+AJ12*AK12 -> 0 | AP12: =+AN12*AO12 -> 0 | AQ12: =+ROUND(AN12*AO12,2) -> 0 | AT12: =+AR12*AS12 -> 0 | AU12: =+ROUND(AR12*AS12,2) -> 0 | AX12: =+AV12*AW12 -> 0 | AY12: =+ROUND(AV12*AW12,2) -> 0 | BB12: =+AZ12*BA12 -> 0 | BC12: =+ROUND(AZ12*BA12,2) -> 0 | BF12: =+BD12*BE12 -> 0 | BG12: =+ROUND(BD12*BE12,2) -> 0 | BJ12: =+BH12*BI12 -> 0 | BK12: =+ROUND(BH12*BI12,2) -> 0 | BN12: =+BL12*BM12 -> 0 | BO12: =+ROUND(BL12*BM12,2) -> 0 | BR12: =+BP12*BQ12 -> 0 | BS12: =+ROUND(BP12*BQ12,2) -> 0 | BV12: =+BT12*BU12 -> 0 | BW12: =+ROUND(BT12*BU12,2) -> 0 | BZ12: =+BX12*BY12 -> 0 | CA12: =+ROUND(BX12*BY12,2) -> 0 | CB12: =ROUND(+F12+G12+J12+K12+N12+O12+R12+S12+V12+W12+Z12+AA12+AD12+AE12+AH12+AI12+AL12+AM12+AP12+AQ12+AT12+AU12+AX12+AY12+BB12+BC12+BF12+BG12+BJ12+BK12++BN12+BO12+BR12+BS12+BV12+BW12+BZ12+CA12,0) -> 435 | CC12: 1.1 | CD12: =+ROUND(CB12*CC12,0) -> 479
A13: =+PRESUPUESTO!B95 -> 15.3. | B13: =+PRESUPUESTO!C95 -> Suministro e instalación de vinilo tipo 1 tres manos para muros o cielorrasos (color a escoger) incluye medidas menores a 1.00 m incluye filos y dilataciones. Incluye resanes en estuco plástic, encintado cielorrasos y todos los materiales y trabajos necesarios para su correcta ejecución. | C13: =+PRESUPUESTO!D95 -> M2 | F13: =+D13*E13 -> 0 | J13: =+H13*I13 -> 0 | N13: =+L13*M13 -> 0 | O13: =+ROUND(L13*M13,2) -> 0 | R13: =+P13*Q13 -> 0 | S13: =+ROUND(P13*Q13,2) -> 0 | V13: =+T13*U13 -> 0 | W13: =+ROUND(T13*U13,2) -> 0 | Z13: =+X13*Y13 -> 0 | AA13: =+ROUND(X13*Y13,2) -> 0 | AD13: =+AB13*AC13 -> 0 | AE13: =+ROUND(AB13*AC13,2) -> 0 | AH13: =+AF13*AG13 -> 0 | AI13: =+'AREAS Y PERIMETROS'!B15 -> 16.1 | AL13: =+AJ13*AK13 -> 0 | AM13: =+'AREAS Y PERIMETROS'!B7 -> 11.21 | AP13: =+AN13*AO13 -> 0 | AT13: =+AR13*AS13 -> 0 | AX13: =+AV13*AW13 -> 0 | AY13: =+'AREAS Y PERIMETROS'!B19 -> 5.37 | BB13: =+AZ13*BA13 -> 0 | BC13: =+'AREAS Y PERIMETROS'!B20 -> 10.28 | BF13: =+BD13*BE13 -> 0 | BG13: =+'AREAS Y PERIMETROS'!B25 -> 5.4 | BJ13: =+BH13*BI13 -> 0 | BK13: =+'AREAS Y PERIMETROS'!B23 -> 2.49 | BN13: =+BL13*BM13 -> 0 | BO13: =+'AREAS Y PERIMETROS'!B24 -> 2.49 | BR13: =+BP13*BQ13 -> 0 | BV13: =+BT13*BU13 -> 0 | BZ13: =+BX13*BY13 -> 0 | CB13: =ROUND(+F13+G13+J13+K13+N13+O13+R13+S13+V13+W13+Z13+AA13+AD13+AE13+AH13+AI13+AL13+AM13+AP13+AQ13+AT13+AU13+AX13+AY13+BB13+BC13+BF13+BG13+BJ13+BK13++BN13+BO13+BR13+BS13+BV13+BW13+BZ13+CA13,0) -> 53 | CC13: 1.1 | CD13: =+ROUND(CB13*CC13,0) -> 58
A14: =+PRESUPUESTO!B96 -> 15.4. | B14: =+PRESUPUESTO!C96 -> Suministro e instalación de pintura koraza 5 años para techos exteriores, dos manos, color a escoger. Incluye medidas inferiores a 1.00 m. Incluye: resanes en estuco plástico, encintado cielorrasos y todos los materiales y trabajos necesarios para su correcta ejecución. | C14: =+PRESUPUESTO!D96 -> M2 | F14: =+D14*E14 -> 0 | J14: =+H14*I14 -> 0 | N14: =+L14*M14 -> 0 | O14: =+ROUND(L14*M14,2) -> 0 | R14: =+P14*Q14 -> 0 | S14: =+ROUND(P14*Q14,2) -> 0 | V14: =+T14*U14 -> 0 | W14: =+ROUND(T14*U14,2) -> 0 | Z14: =+X14*Y14 -> 0 | AA14: =+ROUND(X14*Y14,2) -> 0 | AD14: =+AB14*AC14 -> 0 | AE14: =+ROUND(AB14*AC14,2) -> 0 | AH14: =+AF14*AG14 -> 0 | AL14: =+AJ14*AK14 -> 0 | AP14: =+AN14*AO14 -> 0 | AQ14: =+'AREAS Y PERIMETROS'!B17 -> 17.41 | AT14: =+AR14*AS14 -> 0 | AU14: =+'AREAS Y PERIMETROS'!B18 -> 11.73 | AX14: =+AV14*AW14 -> 0 | BB14: =+AZ14*BA14 -> 0 | BC14: =+'AREAS Y PERIMETROS'!F27*1.1 -> 0 | BF14: =+BD14*BE14 -> 0 | BG14: =+'AREAS Y PERIMETROS'!F27*1.1 -> 0 | BJ14: =+BH14*BI14 -> 0 | BK14: =+'AREAS Y PERIMETROS'!J27*1.1 -> 0 | BN14: =+BL14*BM14 -> 0 | BO14: =+'AREAS Y PERIMETROS'!J27*1.1 -> 0 | BR14: =+BP14*BQ14 -> 0 | BS14: =+'AREAS Y PERIMETROS'!N27*1.1 -> 0 | BV14: =+BT14*BU14 -> 0 | BW14: =+'AREAS Y PERIMETROS'!R27*1.1 -> 0 | BZ14: =+BX14*BY14 -> 0 | CA14: =+'AREAS Y PERIMETROS'!V27*1.1 -> 0 | CB14: =ROUND(+F14+G14+J14+K14+N14+O14+R14+S14+V14+W14+Z14+AA14+AD14+AE14+AH14+AI14+AL14+AM14+AP14+AQ14+AT14+AU14+AX14+AY14+BB14+BC14+BF14+BG14+BJ14+BK14++BN14+BO14+BR14+BS14+BV14+BW14+BZ14+CA14,0) -> 29 | CC14: 1.1 | CD14: =+ROUND(CB14*CC14,0) -> 32
A15: =+PRESUPUESTO!B97 -> 15.5. | B15: =+PRESUPUESTO!C97 -> Suministro e instalación de pintura esmalte mate superlavable exterior dos manos (color a escoger), incluye medidas menores a 1.00 m. Incluye una mano de anticorrosivo gris o negro y todos los materiales y trabajos necesarios para su correcta ejecución (Fachada metalica vertical) | C15: =+PRESUPUESTO!D97 -> M2 | F15: =+D15*E15 -> 0 | J15: =+H15*I15 -> 0 | N15: =+L15*M15 -> 0 | R15: =+P15*Q15 -> 0 | V15: =+T15*U15 -> 0 | Z15: =+X15*Y15 -> 0 | AD15: =+AB15*AC15 -> 0 | AH15: =+AF15*AG15 -> 0 | AI15: =+ROUND(AF15*AG15,2) -> 0 | AL15: =+AJ15*AK15 -> 0 | AM15: =+ROUND(AJ15*AK15,2) -> 0 | AP15: =+AN15*AO15 -> 0 | AT15: =+AR15*AS15 -> 0 | AX15: =+AV15*AW15 -> 0 | BB15: =+AZ15*BA15 -> 0 | BF15: =+BD15*BE15 -> 0 | BJ15: =+BH15*BI15 -> 0 | BN15: =+BL15*BM15 -> 0 | BP15: =31.19+16.72+13.21+7.23+17.99+9.48 -> 95.82 | BQ15: 1.95 | BR15: =+BP15*BQ15 -> 186.849 | BV15: =+BT15*BU15 -> 0 | BZ15: =+BX15*BY15 -> 0 | CB15: =ROUND(+F15+G15+J15+K15+N15+O15+R15+S15+V15+W15+Z15+AA15+AD15+AE15+AH15+AI15+AL15+AM15+AP15+AQ15+AT15+AU15+AX15+AY15+BB15+BC15+BF15+BG15+BJ15+BK15++BN15+BO15+BR15+BS15+BV15+BW15+BZ15+CA15,0) -> 187 | CC15: 1.1 | CD15: =+ROUND(CB15*CC15,0) -> 206
A16: =+PRESUPUESTO!B98 -> 15.6. | B16: =+PRESUPUESTO!C98 -> Suministro e instalación de pintura esmalte mate superlavable exterior dos manos (color a escoger) cuatro caras, incluye medidas menores a 1.00 m. Incluye una mano de anticorrosivo gris o verde y todos los materiales y trabajos necesarios para su correcta ejecución (Pergola fachada principal y cerramiento anterior y posterior) | C16: =+PRESUPUESTO!D98 -> M2 | F16: =+D16*E16 -> 0 | J16: =+H16*I16 -> 0 | N16: =+L16*M16 -> 0 | R16: =+P16*Q16 -> 0 | V16: =+T16*U16 -> 0 | Z16: =+X16*Y16 -> 0 | AD16: =+AB16*AC16 -> 0 | AH16: =+AF16*AG16 -> 0 | AI16: =+AF16*AG16 -> 0 | AL16: =+AJ16*AK16 -> 0 | AM16: =+AJ16*AK16 -> 0 | AP16: =+AN16*AO16 -> 0 | AR16: 12.9 | AS16: 2.7 | AT16: =+AR16*AS16 -> 34.83 | AX16: =+AV16*AW16 -> 0 | BB16: =+AZ16*BA16 -> 0 | BF16: =+BD16*BE16 -> 0 | BJ16: =+BH16*BI16 -> 0 | BN16: =+BL16*BM16 -> 0 | BP16: 31.32 | BQ16: 2.4 | BR16: =+BP16*BQ16 -> 75.168 | BT16: =17.7+7.1+3.48 -> 28.28 | BU16: 2.1 | BV16: =+BT16*BU16 -> 59.388 | BZ16: =+BX16*BY16 -> 0 | CB16: =ROUND(+F16+G16+J16+K16+N16+O16+R16+S16+V16+W16+Z16+AA16+AD16+AE16+AH16+AI16+AL16+AM16+AP16+AQ16+AT16+AU16+AX16+AY16+BB16+BC16+BF16+BG16+BJ16+BK16++BN16+BO16+BR16+BS16+BV16+BW16+BZ16+CA16,0) -> 169 | CC16: 1.1 | CD16: =+ROUND(CB16*CC16,0) -> 186
A17: =+PRESUPUESTO!B99 -> 15.7. | B17: =+PRESUPUESTO!C99 -> Suministro e instalación de pintura esmalte mate superlavable exterior dos manos (color a escoger) dos caras, incluye medidas menores a 1.00 m y pintura de marcos. Incluye una mano de anticorrosivo gris o verde y todos los materiales y trabajos necesarios para su correcta ejecución (Puertas metalicas) | C17: =+PRESUPUESTO!D99 -> M2 | D17: =0.8*2 -> 1.6 | E17: 2.34 | F17: =+D17*E17 -> 3.744 | H17: 0.8 | I17: 2.34 | J17: =+H17*I17 -> 1.872 | N17: =+L17*M17 -> 0 | P17: 0.9 | Q17: 2.34 | R17: =+P17*Q17 -> 2.106 | T17: 1.45 | U17: 2.34 | V17: =+T17*U17 -> 3.393 | X17: 1.32 | Y17: 2.08 | Z17: =+X17*Y17 -> 2.7456 | AB17: 1.32 | AC17: 2.08 | AD17: =+AB17*AC17 -> 2.7456 | AF17: =0.8*2 -> 1.6 | AG17: 2.32 | AH17: =+AF17*AG17 -> 3.712 | AL17: =+AJ17*AK17 -> 0 | AP17: =+AN17*AO17 -> 0 | AT17: =+AR17*AS17 -> 0 | AX17: =+AV17*AW17 -> 0 | BB17: =+AZ17*BA17 -> 0 | BD17: 0.9 | BE17: 2.35 | BF17: =+BD17*BE17 -> 2.115 | BI17: 2.35 | BJ17: =+BH17*BI17 -> 0 | BL17: =0.75*2 -> 1.5 | BM17: 2.35 | BN17: =+BL17*BM17 -> 3.525 | BR17: =+BP17*BQ17 -> 0 | BV17: =+BT17*BU17 -> 0 | BX17: 1.5 | BY17: 2.25 | BZ17: =+BX17*BY17 -> 3.375 | CB17: =ROUND(+F17+G17+J17+K17+N17+O17+R17+S17+V17+W17+Z17+AA17+AD17+AE17+AH17+AI17+AL17+AM17+AP17+AQ17+AT17+AU17+AX17+AY17+BB17+BC17+BF17+BG17+BJ17+BK17++BN17+BO17+BR17+BS17+BV17+BW17+BZ17+CA17,0) -> 29 | CC17: 1.1 | CD17: =+ROUND(CB17*CC17,0) -> 32
A18: =+PRESUPUESTO!B100 -> 15.8. | B18: =+PRESUPUESTO!C100 -> Conformación de media caña remate muro-cieloraso de 1 ". Incluye todos los materiales para su construcción | C18: =+PRESUPUESTO!D100 -> ML | D18: =+'AREAS Y PERIMETROS'!C14 -> 18.95 | H18: =+'AREAS Y PERIMETROS'!C13 -> 20.16 | L18: =+'AREAS Y PERIMETROS'!C12 -> 30.9 | P18: =+'AREAS Y PERIMETROS'!C11 -> 12.23 | T18: =+'AREAS Y PERIMETROS'!C10 -> 16.31 | X18: =+'AREAS Y PERIMETROS'!C8 -> 7.39 | AB18: =+'AREAS Y PERIMETROS'!C9 -> 8.85 | CB18: =+D18+H18+L18+P18+T18+X18+AB18+AF18+AJ18+AN18+AR18+AV18+AZ18+BD18+BH18+BL18+BP18+BT18+BX18 -> 114.79 | CC18: 1.1 | CD18: =+ROUND(CB18*CC18,0) -> 126
F19: =+D19*E19 -> 0 | J19: =+H19*I19 -> 0 | N19: =+L19*M19 -> 0 | R19: =+P19*Q19 -> 0 | V19: =+T19*U19 -> 0 | Z19: =+X19*Y19 -> 0 | AD19: =+AB19*AC19 -> 0 | AH19: =+AF19*AG19 -> 0 | AL19: =+AJ19*AK19 -> 0 | AP19: =+AN19*AO19 -> 0 | AT19: =+AR19*AS19 -> 0 | AX19: =+AV19*AW19 -> 0 | BB19: =+AZ19*BA19 -> 0 | BF19: =+BD19*BE19 -> 0 | BJ19: =+BH19*BI19 -> 0 | BN19: =+BL19*BM19 -> 0 | BR19: =+BP19*BQ19 -> 0 | BV19: =+BT19*BU19 -> 0 | CB19: =+F19+G19+J19+K19+N19+O19+R19+S19+V19+W19+Z19+AA19+AD19+AE19+AL19+AM19+AT19+AU19+AX19+AY19+BB19+BC19+BF19+BG19+BJ19+BK19+BR19+BS19+BV19+BW19+BZ19+CA19 -> 0 | CD19: =+CB19*CC19 -> 0
B20: TOTAL | CD20: =+CB20*CC20 -> 0

Sheet AREAS Y PERIMETROS
A2: UNIDAD BASICA DE TULUA
A3: FECHA | B3: 45386
A5: ESPACIO | B5: AREA | C5: PERIMETRO | D5: LARGO | E5: ALTO/ANCHO
A7: ARCHIVO | B7: 11.21 | C7: 13.64
A8: CTO ASEO | B8: 3.28 | C8: 7.39
A9: CTO BASURAS | B9: 4.71 | C9: 8.85
A10: MORGUE SEPTICOS | B10: 15.8 | C10: 16.31
A11: CTO CABINAS | B11: 8 | C11: 12.23
A12: MORGUE PPAL | B12: 35.1 | C12: 30.9
A13: AREA PRE Y POST | B13: 23.27 | C13: 20.16
A14: RECEPCION CUERPOS Y DEPOSITO | B14: 11.68 | C14: 18.95
A15: VESTIER HOMBRES-MUJERES | B15: 16.1 | C15: =18.7*2 -> 37.4 | E15: 2.35
A16: CUARTO FRIO | B16: 14.3 | C16: 15.16
A17: CIRCULACION FRENTE ARCHIVO | B17: 17.41
A18: CORREDOR POSTERIOR CONSULTORIOS | B18: 11.73
A19: CORREDOR BAÑOS FUNCIONARIOS | B19: 5.37
A20: CORREDOR ADMON | B20: 10.28
A21: ESPEJO DE AGUA | B21: 44.33 | C21: 18.42
A22: MUROS PATIO CORTINA AGUA | B22: =+C22*E22 -> 40.524 | C22: 18.42 | E22: 2.2 | F22: 2.2
A23: BAÑO PUBLICO HOMBRES | B23: 2.49 | C23: 6.6 | E23: 2.6
A24: BAÑO PUBLICO MUJERES | B24: 2.49 | C24: 6.6 | E24: 2.6
A25: BAÑO PUBLICO DISCAPACITADOS | B25: 5.4 | C25: 10.26 | E25: 2.6
A26: AREA DE VOLADIZO COSTADO DERECHO U | B26: 46.01
A27: AREA VOLADIZO COSTADO IZQUIERDO | B27: 7.65
A28: FACHADA METALICA VERTICAL | B28: =+C28*E28 -> 186.849 | C28: =31.19+16.72+13.21+7.23+17.99+9.48 -> 95.82 | E28: 1.95
A29: FACHADA TRASLUCIDA ILUMINACION MORGUE | B29: =+D29*E29 -> 16.029 | D29: =2.04*3+1.05*2 -> 8.22 | E29: 1.95
A30: CERRAMIENTO EN REJA PTA VEHICULAR | B30: =+D30*E30 -> 53.32 | D30: =17.7+7.1 -> 24.8 | E30: 2.15
A31: CERRAMIENTO EN REJA VENTANA PRE Y POST | B31: =+D31*E31 -> 7.308 | D31: 3.48 | E31: 2.1
A32: CERRAMIENTO EN MALLA ESLABONADA | B32: =+D32*E32 -> 152.694 | D32: 84.83 | E32: 1.8
A33: POLICARBONATO FACHADA PPAL | B33: =+D33*E33 -> 86.5425 | D33: =13.45+8.75+9.12+(0.05*3) -> 31.47 | E33: 2.75
A34: POLICARBONATO FACHADA POSTERIOR | B34: =+D34*E34 -> 27.6 | D34: 18.4 | E34: 1.5
A35: PERGOLA FACHADA PPAL | B35: =+D35*E35 -> 74.856 | D35: 31.19 | E35: 2.4
A36: CUBIERTA PLANA EQUIPOS | B36: =+C36 -> 38 | C36: 38
A37: ANDEN POSTERIOR REJA | B37: =+D37*E37 -> 18.38 | D37: 18.38 | E37: 1
A38: ANDEN OFICINA JEFATURA | B38: =+D38*E38 -> 5 | D38: 5 | E38: 1
A39: ANDEN LATERAL ADOQUIN | B39: 206.94

Sheet PRESUPUESTO
B2: INSTITUTO NACIONAL DE MEDICINA LEGAL Y CIENCIAS FORENSES
B3: =+#REF! -> #REF!
B5: ANEXO - PRESUPUESTO DETALLADO | I5: PRESUPUESTO CON UNITARIOS CALCULADOS
B7: ÍTEM | C7: DESCRIPCION | D7: UND | E7: CANT | F7: VR. UNITARIO | G7: VR. TOTAL | I7: VR. UNITARIO CALCULADO | J7: VR. TOTAL | L7: VERIFICACIÓN | O7: FACTOR | P7: ANCHO | Q7: LARGO | R7: ALTO | S7: UND | T7: PERIMETRO | U7: AREA | V7: ALTURA | W7: TOTAL | X7: NOTAS
B8: 1. | C8: PRELIMINARES | G8: =+SUBTOTAL(9,G9:G24) -> #REF! | J8: =+SUBTOTAL(9,J9:J24) -> 11434610
B9: 1.1. | C9: Desmonte de teja trapezoidal fachada vertical traslucida | D9: M2 | E9: =+W9 -> 18 | F9: =+'EST.MERCADO.'!Z9 -> #REF! | G9: =+F9*E9 -> #REF! | I9: 16104 | J9: =+E9*I9 -> 289872 | L9: =+F9 -> #REF! | M9: =+L9*E9 -> #REF! | N9: =+IF(M9=G9,"ok","error") -> #REF! | O9: 1.1 | Q9: 8.22 | R9: 1.95 | S9: =+ROUND(O9*P9*Q9*R9,2) -> 0 | W9: =+ROUND(O9*Q9*R9,0) -> 18
B10: 1.2. | C10: Desmonte de puertas dobles en lámina. Incluye retiro de marco, resane de vano y filos y ubicación temporal en sitio establecido por la entidad. | D10: UN | E10: =+W10 -> 3 | F10: =+'EST.MERCADO.'!Z10 -> #REF! | G10: =+F10*E10 -> #REF! | I10: 149240 | J10: =+E10*I10 -> 447720 | L10: =+F10 -> #REF! | M10: =+L10*E10 -> #REF! | N10: =+IF(M10=G10,"ok","error") -> #REF! | O10: 1 | S10: 3 | W10: =+ROUND(O10*S10,0) -> 3 | X10: 2 UND PUERTAS DE ACCESO EXTERIOR A PRE Y POST +1 UND ACCESO SALA PPAL
B11: 1.3. | C11: Desmonte y reinstalacion de puertas o ventanas. Incluye cargue y ubicación temporal en sitio establecido por la entidad. Incluye resane de vano y filos | D11: UN | E11: =+W11 -> 16 | F11: =+'EST.MERCADO.'!Z11 -> #REF! | G11: =+F11*E11 -> #REF! | I11: 48840 | J11: =+E11*I11 -> 781440 | L11: =+F11 -> #REF! | M11: =+L11*E11 -> #REF! | N11: =+IF(M11=G11,"ok","error") -> #REF! | O11: 1 | S11: 16 | W11: =+ROUND(O11*S11,0) -> 16 | X11: RECEPCION CPOS + DEPOSITO + CABINAS + SALA AUXILIAR + BASURAS + EXT BASURAS + 2 VESTIER HOMBRES + 2 VERTIER MIJERES + WC HOMBRES + WC MUJERES + WC ESPERA HOMBRES + WC ESPERA MUJERES + WC DISCAPACITADOS =
B12: 1.4. | C12: Raspado de estuco y pintura, hasta encontrar pañete. Incluye limpieza de pañete. Incluye cargue y el retiro de escombros a botadero autorizado. | D12: M2 | E12: =+W12 -> 15 | F12: =+'EST.MERCADO.'!Z12 -> #REF! | G12: =+F12*E12 -> #REF! | I12: 11679 | J12: =+E12*I12 -> 175185 | L12: =+F12 -> #REF! | M12: =+L12*E12 -> #REF! | N12: =+IF(M12=G12,"ok","error") -> #REF! | O12: 1.1 | Q12: =(1.92*2+0.62*2)+(1.3*2+0.65*2)+(1.85*2+0.6*2) -> 13.88 | R12: 1 | S12: 1 | W12: =+ROUND(O12*Q12*R12*S12,0) -> 15 | X12: AREA DAÑOS MUROS DE MORGUE
B13: 1.5. | C13: Desmonte de cubierta en policarbonato alveolar, incluidos, amarres, flanches, fijaciones y demás elementos existentes, incluye maquinaria, mano de obra, cargue, retiro y disposición final de escombros en botadero autorizado (de ser requerido) | D13: M2 | E13: =+W13 -> 120 | F13: =+'EST.MERCADO.'!Z13 -> #REF! | G13: =+F13*E13 -> #REF! | I13: 17430 | J13: =+E13*I13 -> 2091600 | L13: =+F13 -> #REF! | M13: =+L13*E13 -> #REF! | N13: =+IF(M13=G13,"ok","error") -> #REF! | O13: 1.05 | U13: =+'AREAS Y PERIMETROS'!B33+'AREAS Y PERIMETROS'!B34 -> 114.1425 | W13: =+ROUND(O13*U13,0) -> 120
B14: 1.6. | C14: Desmonte y reinstalacion de protectores guardacamillas. Incluye disposición y almacenamiento temporal (morgue pptal, septicos, pre y pos) | D14: ML | E14: =+W14 -> 52 | F14: =+'EST.MERCADO.'!Z14 -> #REF! | G14: =+F14*E14 -> #REF! | I14: 19154 | J14: =+E14*I14 -> 996008 | L14: =+F14 -> #REF! | M14: =+L14*E14 -> #REF! | N14: =+IF(M14=G14,"ok","error") -> #REF! | O14: 1 | Q14: =+(3.64+3.52)*2+3.18+1.04+3.53+5.77+3.51+0.15+0.54+0.15+1.76+1.78+1.02+14.87 -> 51.62 | W14: =+ROUND(O14*Q14,0) -> 52 | X14: PRE Y POST, MORGUE PPAL Y SEPTICOS
B15: 1.7. | C15: Demolición de acabado de piso en enchape cerámico, epóxico u otro, afinado y placa de concreto hasta de 15 cms. Incluye cargue y el retiro de escombros a botadero autorizado (Cuarto frio y morgue ppal) | D15: M2 | E15: =+W15 -> 23 | F15: =+'EST.MERCADO.'!Z15 -> #REF! | G15: =+F15*E15 -> #REF! | I15: 57085 | J15: =+E15*I15 -> 1312955 | L15: =+F15 -> #REF! | M15: =+L15*E15 -> #REF! | N15: =+IF(M15=G15,"ok","error") -> #REF! | O15: 1.1 | U15: =+'AREAS Y PERIMETROS'!B16+'AREAS Y PERIMETROS'!B12*0.2 -> 21.32 | W15: =+ROUND(O15*U15,0) -> 23 | X15: CUARTO FRIO + 20% MORGUE PPTAL
B16: 1.8. | C16: Demolición de acabado de piso en enchape cerámico, epóxico y afinado hasta de 10 cms. Incluye retiro de rejillas de carcamos, contramarcos, cualquier elemento sobre el piso cargue y el retiro de escombros a botadero autorizado. (Pre y pos, recepcion, morgue ppal, cto cabinas , cto aseo, cto basuras y baño-vestieres) | D16: M2 | E16: =+W16 -> 130 | F16: =+'EST.MERCADO.'!Z16 -> #REF! | G16: =+F16*E16 -> #REF! | I16: 19540 | J16: =+E16*I16 -> 2540200 | L16: =+F16 -> #REF! | M16: =+L16*E16 -> #REF! | N16: =+IF(M16=G16,"ok","error") -> #REF! | O16: 1.1 | U16: =+SUM('AREAS Y PERIMETROS'!$B$8:$B$15) -> 117.94 | W16: =+ROUND(O16*U16,0) -> 130 | X16: ASEO, SEPTICOS, CABINAS, MORGUE PPAL RECEPCION, OFICINA RECEPCION
B17: 1.9. | C17: Desmonte de aparatos sanitarios. | D17: UN | E17: =+W17 -> 6 | F17: =+'EST.MERCADO.'!Z17 -> #REF! | G17: =+F17*E17 -> #REF! | I17: 24420 | J17: =+E17*I17 -> 146520 | L17: =+F17 -> #REF! | M17: =+L17*E17 -> #REF! | N17: =+IF(M17=G17,"ok","error") -> #REF! | O17: 1 | S17: 6 | W17: =+ROUND(O17*S17,0) -> 6 | X17: SANITARIOS Y LAVAMANOS VESTIERES + 2 SANITARIOS EN BAÑOS
B18: 1.10. | C18: Desmonte de lavamanos quirúrgicos | D18: UN | E18: =+W18 -> 2 | F18: =+'EST.MERCADO.'!Z18 -> #REF! | G18: =+F18*E18 -> #REF! | I18: 24420 | J18: =+E18*I18 -> 48840 | L18: =+F18 -> #REF! | M18: =+L18*E18 -> #REF! | N18: =+IF(M18=G18,"ok","error") -> #REF! | O18: 1 | S18: 2 | W18: =+ROUND(O18*S18,0) -> 2 | X18: SEPTICOS Y PASILLO MORGUE PPAL
B19: 1.11. | C19: Retiro de impermeabilización de placa equipos. Incluye cargue, retiro y disposición final de escombros en botadero autorizado | D19: M2 | E19: =+W19 -> 38 | F19: =+'EST.MERCADO.'!Z19 -> #REF! | G19: =+F19*E19 -> #REF! | I19: 14452 | J19: =+E19*I19 -> 549176 | L19: =+F19 -> #REF! | M19: =+L19*E19 -> #REF! | N19: =+IF(M19=G19,"ok","error") -> #REF! | O19: 1 | U19: =+'AREAS Y PERIMETROS'!B36 -> 38 | W19: =+ROUND(O19*U19,0) -> 38 | X19: CUBIERTA DE EQUIPOS
B20: 1.12. | C20: Limpieza de muros y pisos con hidrolavadora. Incluye todos los trabajos necesarios para su correcta ejecución. | D20: M2 | E20: =+W20 -> 16 | F20: =+'EST.MERCADO.'!Z20 -> #REF! | G20: =+F20*E20 -> #REF! | I20: 4459 | J20: =+E20*I20 -> 71344 | L20: =+F20 -> #REF! | M20: =+L20*E20 -> #REF! | N20: =+IF(M20=G20,"ok","error") -> #REF! | O20: 1.1 | Q20: =+'AREAS Y PERIMETROS'!B23+'AREAS Y PERIMETROS'!B24 -> 4.98 | R20: 2.87 | U20: 0 | W20: =+ROUND(((Q20*R20)*O20),0) -> 16 | X20: MUROS BAÑO PUBLICO DE HOMBRES Y MUJERES
B21: 1.13. | C21: Raspado de pintura, retiro de cintas en muros o cielorrasos en superboard. Incluye cargue y el retiro de escombros a botadero autorizado. | D21: M2 | E21: =+PINTURA!CB8 -> 110 | F21: =+'EST.MERCADO.'!Z21 -> #REF! | G21: =+F21*E21 -> #REF! | I21: 7005 | J21: =+E21*I21 -> 770550 | L21: =+F21 -> #REF! | M21: =+L21*E21 -> #REF! | N21: =+IF(M21=G21,"ok","error") -> #REF! | X21: ASEO, SEPTICOS, CABINAS, MORGUE PPAL RECEPCION, OFICINA RECEPCION Y MUROS DE VESTIERES
B22: 1.14. | C22: Demolición de enchape existente. Incluye cargue y retiro de excombros a botadero autorizado | D22: M2 | E22: =+W22 -> 1 | F22: =+'EST.MERCADO.'!Z22 -> #REF! | G22: =+F22*E22 -> #REF! | I22: 15064 | J22: =+E22*I22 -> 15064 | L22: =+F22 -> #REF! | M22: =+L22*E22 -> #REF! | N22: =+IF(M22=G22,"ok","error") -> #REF! | O22: 1.1 | Q22: 1.2 | R22: 0.4 | U22: =1*0.67 -> 0.67 | W22: =+ROUND(Q22*R22+U22,0) -> 1 | X22: COCINETA + POCETA BASURAS
B23: 1.15. | C23: Desmonte de cielorraso en superboard. Incluye retiro de mediacañas entre muro y cielorraso, rejillas plásticas y cualquier elemento adherido, cargue y retiro de escombros a botadero autorizado | D23: M2 | E23: =+PINTURA!CB9 -> 74 | F23: =+'EST.MERCADO.'!Z23 -> #REF! | G23: =+F23*E23 -> #REF! | I23: 15347 | J23: =+E23*I23 -> 1135678 | L23: =+F23 -> #REF! | M23: =+L23*E23 -> #REF! | N23: =+IF(M23=G23,"ok","error") -> #REF! | O23: 1.1 | U23: =+'AREAS Y PERIMETROS'!B12+'AREAS Y PERIMETROS'!B15 -> 51.2 | W23: =+ROUND(O23*U23,0) -> 56 | X23: MORGUE PPAL Y VESTIERES HOMBRES Y MUJERES
B24: 1.16. | C24: Desmonte y reinstalacion de baranda tope de camillas en tubería de 2" acero inoxidable longitud 3.0 m | D24: UN | E24: =+W24 -> 1 | F24: =+'EST.MERCADO.'!Z24 -> #REF! | G24: =+F24*E24 -> #REF! | I24: 62458 | J24: =+E24*I24 -> 62458 | L24: =+F24 -> #REF! | M24: =+L24*E24 -> #REF! | N24: =+IF(M24=G24,"ok","error") -> #REF! | O24: 1 | T24: 1 | W24: =+ROUND(O24*T24,0) -> 1 | X24: PRE Y POST
B25: 2. | C25: CIMENTACION | G25: =+SUBTOTAL(9,G26:G27) -> #REF! | J25: =+SUBTOTAL(9,J26:J27) -> 1394840 | L25: =+F25 -> 0 | M25: =+L25*E25 -> 0
B26: 2.1. | C26: Excavación manual menor a 1 m profundidad y disposicion de sobrantes en botadero autorizado . Incluye retiro de material vegetal | D26: M3 | E26: =+W26 -> 8 | F26: =+'EST.MERCADO.'!Z26 -> #REF! | G26: =+F26*E26 -> #REF! | I26: 63778 | J26: =+E26*I26 -> 510224 | L26: =+F26 -> #REF! | M26: =+L26*E26 -> #REF! | N26: =+IF(M26=G26,"ok","error") -> #REF! | O26: 1.1 | P26: 0.3 | Q26: 3 | R26: 0.7 | S26: 2 | U26: =+'AREAS Y PERIMETROS'!B37+'AREAS Y PERIMETROS'!B38 -> 23.38 | V26: 0.25 | W26: =+ROUND(O26*((P26*Q26*R26*S26)+(U26*V26)),0) -> 8 | X26: ANDEN POSTERIOR, ANDEN OFICINA JEFATURA Y DOS REDES DESCARGA MORGUE PPAL
B27: 2.2. | C27: Relleno en material B200, incluye suministro, disposición y compactación | D27: M3 | E27: =+W27 -> 6 | F27: =+'EST.MERCADO.'!Z27 -> #REF! | G27: =+F27*E27 -> #REF! | I27: 147436 | J27: =+E27*I27 -> 884616 | L27: =+F27 -> #REF! | M27: =+L27*E27 -> #REF! | N27: =+IF(M27=G27,"ok","error") -> #REF! | O27: 1.1 | P27: 0.3 | Q27: 3 | R27: 0.7 | S27: 2 | U27: =+'AREAS Y PERIMETROS'!B37+'AREAS Y PERIMETROS'!B38 -> 23.38 | V27: =+V26-0.08 -> 0.17 | W27: =+ROUND(O27*((P27*Q27*R27*S27)+(U27*V27)),0) -> 6 | X27: ANDEN POSTERIOR, ANDEN OFICINA JEFATURA Y DOS REDES DESCARGA MORGUE PPAL
B28: 3 | C28: INSTALACIONES HIDROSANITARIAS. | G28: =+SUBTOTAL(9,G29:G38) -> #REF! | J28: =+SUBTOTAL(9,J29:J38) -> 2957137 | L28: =+F28 -> 0 | M28: =+L28*E28 -> 0
B29: 3.1. | C29: Mantenimiento de bajantes de aguas lluvias mediante sondeo, lavado , incluye retiro y reinstalacion de rejillas, todos los elementos y materiales necesarios para su correcta ejecución | D29: UN | E29: =+W29 -> 3 | F29: =+'EST.MERCADO.'!Z29 -> #REF! | G29: =+F29*E29 -> #REF! | I29: 90120 | J29: =+E29*I29 -> 270360 | L29: =+F29 -> #REF! | M29: =+L29*E29 -> #REF! | N29: =+IF(M29=G29,"ok","error") -> #REF! | O29: 1 | S29: 3 | W29: =+O29*S29 -> 3 | X29: SE ESTIMAN 3 BAJANTES
B30: 3.2. | C30: Punto Sanitario de 2" | D30: UN | E30: =+W30 -> 2 | F30: =+'EST.MERCADO.'!Z30 -> #REF! | G30: =+F30*E30 -> #REF! | I30: 34229 | J30: =+E30*I30 -> 68458 | L30: =+F30 -> #REF! | M30: =+L30*E30 -> #REF! | N30: =+IF(M30=G30,"ok","error") -> #REF! | O30: 1 | S30: 2 | W30: =+O30*S30 -> 2 | X30: LAVAMANOS QUIRURGICOS
B31: 3.3. | C31: Punto Sanitario de 3" | D31: UN | E31: =+W31 -> 2 | F31: =+'EST.MERCADO.'!Z31 -> #REF! | G31: =+F31*E31 -> #REF! | I31: 48604 | J31: =+E31*I31 -> 97208 | L31: =+F31 -> #REF! | M31: =+L31*E31 -> #REF! | N31: =+IF(M31=G31,"ok","error") -> #REF! | O31: 1 | S31: 2 | W31: =+O31*S31 -> 2 | X31: 2 CARCAMO MORGUE PPAL (POR SEGURIDAD)
B32: 3.4. | C32: Punto Sanitario de 4" | D32: UN | E32: =+W32 -> 2 | F32: =+'EST.MERCADO.'!Z32 -> #REF! | G32: =+F32*E32 -> #REF! | I32: 74115 | J32: =+E32*I32 -> 148230 | L32: =+F32 -> #REF! | M32: =+L32*E32 -> #REF! | N32: =+IF(M32=G32,"ok","error") -> #REF! | O32: 1 | S32: 2 | W32: =+O32*S32 -> 2 | X32: 2 MESAS DE NECROPSIA (POR SEGURIDAD)
B33: 3.5. | C33: Tubería PVC-sanitaria ∅2", incluye accesorios | D33: ML | E33: =+W33 -> 2 | F33: =+'EST.MERCADO.'!Z33 -> #REF! | G33: =+F33*E33 -> #REF! | I33: 17342 | J33: =+E33*I33 -> 34684 | L33: =+F33 -> #REF! | M33: =+L33*E33 -> #REF! | N33: =+IF(M33=G33,"ok","error") -> #REF! | O33: 1 | Q33: 1 | S33: 2 | W33: =+O33*Q33*S33 -> 2 | X33: 2 LAVAMANOS QUIRURGICO
B34: 3.6. | C34: Tubería PVC-sanitaria ∅3", incluye accesorios | D34: ML | E34: =+W34 -> 6 | F34: =+'EST.MERCADO.'!Z34 -> #REF! | G34: =+F34*E34 -> #REF! | I34: 21078 | J34: =+E34*I34 -> 126468 | L34: =+F34 -> #REF! | M34: =+L34*E34 -> #REF! | N34: =+IF(M34=G34,"ok","error") -> #REF! | O34: 1 | Q34: 3 | S34: 2 | W34: =+O34*Q34*S34 -> 6 | X34: 2 SALIDAS CARCAMO PPAL (POR SEGURIDAD)
B35: 3.7. | C35: Tubería PVC-sanitaria ∅4", incluye accesorios | D35: ML | E35: =+W35 -> 10 | F35: =+'EST.MERCADO.'!Z35 -> #REF! | G35: =+F35*E35 -> #REF! | I35: 27446 | J35: =+E35*I35 -> 274460 | L35: =+F35 -> #REF! | M35: =+L35*E35 -> #REF! | N35: =+IF(M35=G35,"ok","error") -> #REF! | O35: 1 | Q35: 2 | S35: 5 | W35: =+O35*Q35*S35 -> 10 | X35: 2 MESAS HASTA TRAMPA (POR SEGURIDAD)
B36: 3.8. | C36: Sumidero en concreto de 3000 PSI de 30 X 30 cm (medidas internas del sumidero) espesor pared y placa fondo 12 cm, profundidad entre 30 y 50 cms reforzada con acero de 3/8" c/ 10 cm en ambos sentidos. Incluye rejilla metalica con marco y contramarco de 1 1/4" espesor 1/8" con varilla de 3/4" cada 3 cms, anticorrosivo y dos manos de pintura esmalte. (Plano No. 1) | D36: UN | E36: 1 | F36: =+'EST.MERCADO.'!Z36 -> #REF! | G36: =+F36*E36 -> #REF! | I36: 751083 | J36: =+E36*I36 -> 751083 | L36: =+F36 -> #REF! | M36: =+L36*E36 -> #REF! | N36: =+IF(M36=G36,"ok","error") -> #REF! | O36: 1 | S36: 1 | W36: =+O36*S36 -> 1 | X36: SUMIDERO AREA DE PARQUEADERO
B37: 3.9. | C37: Sondeo y destaponamiento red aguas sanitarias del area de patología | D37: UN | E37: 1 | F37: =+'EST.MERCADO.'!Z37 -> #REF! | G37: =+F37*E37 -> #REF! | I37: 386528 | J37: =+E37*I37 -> 386528 | L37: =+F37 -> #REF! | M37: =+L37*E37 -> #REF! | N37: =+IF(M37=G37,"ok","error") -> #REF! | O37: 1 | S37: 1 | W37: =+O37*S37 -> 1
B38: 3.10. | C38: Caja de inspección 60 x 60 cm en mampostería (medida interna) profundidad aprox. 1 m con placa de fondo 10 cm en concreto reforzado 2500 PSI malla M084 | D38: UN | E38: 2 | F38: =+'EST.MERCADO.'!Z38 -> #REF! | G38: =+F38*E38 -> #REF! | I38: 399829 | J38: =+E38*I38 -> 799658 | L38: =+F38 -> #REF! | M38: =+L38*E38 -> #REF! | N38: =+IF(M38=G38,"ok","error") -> #REF! | O38: 1 | S38: 2 | W38: =+O38*S38 -> 2 | X38: SE ASUMEN CAJAS CONEXIÓN MESAS NECROPSIA
B39: 4 | C39: INSTALACIONES ELÉCTRICAS-LUMINARIAS | G39: =+SUBTOTAL(9,G40:G42) -> 0 | J39: =+SUBTOTAL(9,J40:J42) -> 0 | L39: =+F39 -> 0 | M39: =+L39*E39 -> 0 | N39: =+IF(M39=G39,"ok","error") -> ok | AE39: =+SUBTOTAL(9,AE41:AE42) -> 4311743.1 | AG39: =+SUBTOTAL(9,AG41:AG42) -> 4311743.1
G40: =+F40*E40 -> 0 | J40: =+E40*I40 -> 0 | L40: =+F40 -> 0 | M40: =+L40*E40 -> 0 | N40: =+IF(M40=G40,"ok","error") -> ok | AA40: SISTEMA DE CANALIZACIONES TUBERÍAS
B41: 5 | C41: INSTALACIONES VENTILACION MECANICA | J41: =+E41*I41 -> 0 | L41: =+F41 -> 0 | M41: =+L41*E41 -> 0 | N41: =+IF(M41=G41,"ok","error") -> ok | Z41: 1.2 | AA41: Suministro e instalación de cable de cobre trenzado 3x12 AWG LSZH (Low Smoke, Zero Halogen), Blanco-Azul-verde RED NORMAL, incluye conexxionado con los interruptores existentes. | AB41: ml | AC41: 40 | AD41: 16219 | AE41: =+AC41*AD41 -> 648760 | AF41: =+AD41 -> 16219 | AG41: =+AE41 -> 648760
G42: =+F42*E42 -> 0 | J42: =+E42*I42 -> 0 | L42: =+F42 -> 0 | M42: =+L42*E42 -> 0 | N42: =+IF(M42=G42,"ok","error") -> ok | Z42: 1.1 | AA42: Suministro de materiales y mano de obra para Instalación de tubería conduit EMT de 3/4" ; (incluye cajas de paso, curvas, uniones, soportería necesaria, perfiles riel chanel donde se requiera, grapas, pernos de anclaje, abrazaderas, conductor de continuidad y demás elementos consumibles para su correcta instalación), igualmente incluye la conexion con la ducteria de alimentacion de los circuitos y la ducteria de los interruptores existentes. | AB42: ML | AC42: 70 | AD42: 52328.33 | AE42: =+AC42*AD42 -> 3662983.1 | AF42: =+AD42 -> 52328.33 | AG42: =+AE42 -> 3662983.1
B43: 6 | C43: MAMPOSTERIA | G43: =+SUBTOTAL(9,G44) -> #REF! | J43: =+SUBTOTAL(9,J44) -> 1705515 | L43: =+F43 -> 0 | M43: =+L43*E43 -> 0 | Z43: 45 | AA43: Sellar ventana tipo rejilla de 80X80 (en vidrio) | AB43: unidad | AC43: 1 | AD43: 500000 | AE43: =AC43*AD43 -> 500000 | AF43: =+ROUND(AD43*1.19,2) -> 595000 | AG43: =+AC43*AF43 -> 595000
B44: 6.1. | C44: Conformación de buitrones en muro en lamina de superboard de 8 mm doble cara, 10 cm de espesor, incluye metros lineales, vanos y carteras de puertas y ventanas, perfilería, platinas de soporte, cintas, tornillos, masilla, cordón sellante flexible y primeriado, boquillera en aluminio para soporte de puertas, todos los materiales, accesorios y obras necesarias para su correcta instalación y funcionamiento | D44: M2 | E44: =+W44 -> 15 | F44: =+'EST.MERCADO.'!Z44 -> #REF! | G44: =+F44*E44 -> #REF! | I44: 113701 | J44: =+E44*I44 -> 1705515 | L44: =+F44 -> #REF! | M44: =+L44*E44 -> #REF! | N44: =+IF(M44=G44,"ok","error") -> #REF! | O44: 1.1 | Q44: =(1.92*2+0.62*2)+(1.3*2+0.65*2)+(1.85*2+0.6*2) -> 13.88 | R44: 1 | W44: =+ROUND(O44*Q44*R44,0) -> 15 | X44: TRES CLARABOYAS DE BAÑOS PUBLICOS
B45: 7 | C45: PAÑETES | G45: =+SUBTOTAL(9,G46) -> #REF! | J45: =+SUBTOTAL(9,J46) -> 1690854 | L45: =+F45 -> 0 | M45: =+L45*E45 -> 0
B46: 7.1. | C46: Pañete liso impermeabilizado 1:3, incluye filos, dilataciones, cantos y cartera de vanos. incluye medidas inferiores a 1.00m | D46: M2 | E46: =+W46 -> 34 | F46: =+'EST.MERCADO.'!Z46 -> #REF! | G46: =+F46*E46 -> #REF! | I46: 49731 | J46: =+E46*I46 -> 1690854 | L46: =+F46 -> #REF! | M46: =+L46*E46 -> #REF! | N46: =+IF(M46=G46,"ok","error") -> #REF! | O46: 1.1 | T46: =+'AREAS Y PERIMETROS'!C12 -> 30.9 | V46: 1 | W46: =+ROUND(O46*T46*V46,0) -> 34 | X46: AREA DAÑOS MUROS DE MORGUE
B47: 8 | C47: CUBIERTAS | G47: =+SUBTOTAL(9,G48:G49) -> #REF! | J47: =+SUBTOTAL(9,J48:J49) -> 12851766 | L47: =+F47 -> 0 | M47: =+L47*E47 -> 0
B48: 8.1. | C48: Suministro e intalación de cubierta en policarbonato alveolar 8 mm de espesor color BRONCE, sobre estructura existente . Incluye herrajes, remates en aluminio superior e inferior, cinta microperforada, conectores HCP bronce base, conector HCP bronce tapa, perfiles, tensores, sujeciones y todos los elementos requeridos para su correcto funcionamiento e impermeabilidad del espacio interior. Plano No. 2. (fachada principal, anden posterior y marquesinas baños) | D48: M2 | E48: =+W48 -> 120 | F48: =+'EST.MERCADO.'!Z48 -> #REF! | G48: =+F48*E48 -> #REF! | I48: 92115 | J48: =+E48*I48 -> 11053800 | L48: =+F48 -> #REF! | M48: =+L48*E48 -> #REF! | N48: =+IF(M48=G48,"ok","error") -> #REF! | O48: 1.05 | U48: =+'AREAS Y PERIMETROS'!B33+'AREAS Y PERIMETROS'!B34 -> 114.1425 | W48: =+ROUND(O48*U48,0) -> 120 | X48: 86,54 M2 FACHADA PRINCIPAL Y 27,6 M2 FACHADA POSTERIOR
B49: 8.2. | C49: Suministro e instalacion Teja trapezoidal fibra de vidrio plus translucida (fachada vertical) | D49: M2 | E49: =+W49 -> 18 | F49: =+'EST.MERCADO.'!Z49 -> #REF! | G49: =+F49*E49 -> #REF! | I49: 99887 | J49: =+E49*I49 -> 1797966 | L49: =+F49 -> #REF! | M49: =+L49*E49 -> #REF! | N49: =+IF(M49=G49,"ok","error") -> #REF! | O49: 1.1 | Q49: =+'AREAS Y PERIMETROS'!D29 -> 8.22 | R49: =+'AREAS Y PERIMETROS'!E29 -> 1.95 | W49: =+ROUND(O49*Q49*R49,0) -> 18 | X49: ENTRADA LUZ MORGUE
B50: 9 | C50: BASES Y PISOS | G50: =+SUBTOTAL(9,G51:G60) -> #REF! | J50: =+SUBTOTAL(9,J51:J60) -> 42577221 | L50: =+F50 -> 0 | M50: =+L50*E50 -> 0
B51: 9.1. | C51: Suministro e instalación de piso Boticino Blanco 45 x 45 cm o similar incluye pegante tipo pegacor y boquilla (bano vestieres Plano No. 3) | D51: M2 | E51: =+W51 -> 18 | F51: =+'EST.MERCADO.'!Z51 -> #REF! | G51: =+F51*E51 -> #REF! | I51: 60592 | J51: =+E51*I51 -> 1090656 | L51: =+F51 -> #REF! | M51: =+L51*E51 -> #REF! | N51: =+IF(M51=G51,"ok","error") -> #REF! | O51: 1.1 | U51: =+'AREAS Y PERIMETROS'!B15 -> 16.1 | W51: =+ROUND(O51*U51,0) -> 18 | X51: PISO VESTIERES HOMBRES Y MUJERES
B52: 9.2. | C52: Media caña H=8 ó 10 cms (igual a la existente) en granito pulido, color igual a la existente, acabado al ras contra pisos y muros. Incluye dilatación plástica contra muros y pisos. | D52: ML | E52: =+W52 -> 126 | F52: =+'EST.MERCADO.'!Z52 -> #REF! | G52: =+F52*E52 -> #REF! | I52: 63798 | J52: =+E52*I52 -> 8038548 | L52: =+F52 -> #REF! | M52: =+L52*E52 -> #REF! | N52: =+IF(M52=G52,"ok","error") -> #REF! | O52: 1.1 | U52: =+SUM('AREAS Y PERIMETROS'!C8:C14) -> 114.79 | W52: =+ROUND(O52*U52,0) -> 126 | X52: MORGUES, PRE Y POS, RECEPCION, CBINAS, ASEO, BASURAS, BAÑOS
B53: 9.3. | C53: Boca puerta acabado en granito pulido, color a escoger, Incluye dilatación plástica. Ancho de 0.15 a 0.25 m | D53: ML | E53: =+W53 -> 20 | F53: =+'EST.MERCADO.'!Z53 -> #REF! | G53: =+F53*E53 -> #REF! | I53: 96359 | J53: =+E53*I53 -> 1927180 | L53: =+F53 -> #REF! | M53: =+L53*E53 -> #REF! | N53: =+IF(M53=G53,"ok","error") -> #REF! | O53: 1.1 | Q53: =+(1.32*2)+1.32+1.45+0.9+(0.8*4)+1.3+1.2+1.5+(0.8*2)+3 -> 18.11 | W53: =+ROUND(O53*Q53,0) -> 20 | X53: PUERTAS DE PATOLOGIA (7 UND), BASURAS Y ASE0 (2), BAÑOS (4), CTO FRIO
B54: 9.4. | C54: Andén en concreto de 2.500 PSI espesor e= 0,08 m, paños de 1.5 m marco liso perimetral y escobiado interior, incluye nivelacion, refuerzo en malla M 084 y todos los elementos requeridos para su ejecucion | D54: M2 | E54: =+W54 -> 26 | F54: =+'EST.MERCADO.'!Z54 -> #REF! | G54: =+F54*E54 -> #REF! | I54: 85217 | J54: =+E54*I54 -> 2215642 | L54: =+F54 -> #REF! | M54: =+L54*E54 -> #REF! | N54: =+IF(M54=G54,"ok","error") -> #REF! | O54: 1.1 | U54: =+'AREAS Y PERIMETROS'!B37+'AREAS Y PERIMETROS'!B38 -> 23.38 | W54: =+ROUND(O54*U54,0) -> 26 | X54: ANDEN BAJO MARQUESINA POSTERIOR Y SALIDA OFICINA DIRECCION
B55: 9.5. | C55: Alistado de piso en mortero 1 :4 e= 3 a 5 cms | D55: M2 | E55: =+W55 -> 18 | F55: =+'EST.MERCADO.'!Z55 -> #REF! | G55: =+F55*E55 -> #REF! | I55: 32953 | J55: =+E55*I55 -> 593154 | L55: =+F55 -> #REF! | M55: =+L55*E55 -> #REF! | N55: =+IF(M55=G55,"ok","error") -> #REF! | O55: 1.1 | U55: =+'AREAS Y PERIMETROS'!B15 -> 16.1 | W55: =+ROUND(O55*U55,0) -> 18 | X55: PISOS VESTIERES HOMBRES Y MUJERES
B56: 9.6. | C56: Placa de concreto de 3000 psi e=0.10 m, malla M084 y todos los elementos requeridos para su ejecucion | D56: M2 | E56: =+W56 -> 18 | F56: =+'EST.MERCADO.'!Z56 -> #REF! | G56: =+F56*E56 -> #REF! | I56: 102340 | J56: =+E56*I56 -> 1842120 | L56: =+F56 -> #REF! | M56: =+L56*E56 -> #REF! | N56: =+IF(M56=G56,"ok","error") -> #REF! | O56: 1.1 | U56: =+'AREAS Y PERIMETROS'!B15 -> 16.1 | W56: =+ROUND(O56*U56,0) -> 18 | X56: POR SEGURIDAD SE DEJA PLACA DE VESTIERES HOMBRES Y MUJERES
B57: 9.7. | C57: Suministro e instalación piso en tablón de grano de mármol (grano fino No.2) vibroprensado 33x33 cms blanco huila al existente con dilataciones plásticas entre 1.00 y 1.5 m Incluye destronque, pulido sellado, brillado y cristalizado, tipo alfa o similar. Incluye todos los materiales y trabajos necesarios para su correcta instalación y funcionamiento (Plano No. 3) | D57: M2 | E57: =+W57 -> 145 | F57: =+'EST.MERCADO.'!Z57 -> #REF! | G57: =+F57*E57 -> #REF! | I57: 169127 | J57: =+E57*I57 -> 24523415 | L57: =+F57 -> #REF! | M57: =+L57*E57 -> #REF! | N57: =+IF(M57=G57,"ok","error") -> #REF! | O57: 1.25 | U57: =+SUM('AREAS Y PERIMETROS'!B8:B14)+'AREAS Y PERIMETROS'!B16 -> 116.14 | W57: =+ROUND(O57*U57,0) -> 145 | X57: BASURAS, ASEO, SEPTICOS, CABINAS, SALA PPAL. PRE Y POS, RECEPCION, DEPOSITO Y CTO FRIO
B58: 9.8. | C58: Sellado de juntas de dilatación contra paneles de acero inoxidable del cuarto frío empleando Sikaflex-1A Plus, dimensiones 10 mm de ancho por 25 mm de alto, incluye acabado en forma de media caña contra el panel de 10 mm de altura. | D58: ML | E58: =+W58 -> 17 | F58: =+'EST.MERCADO.'!Z58 -> #REF! | G58: =+F58*E58 -> #REF! | I58: 85696 | J58: =+E58*I58 -> 1456832 | L58: =+F58 -> #REF! | M58: =+L58*E58 -> #REF! | N58: =+IF(M58=G58,"ok","error") -> #REF! | O58: 1.1 | T58: =+'AREAS Y PERIMETROS'!C16 -> 15.16 | W58: =+ROUND(O58*T58,0) -> 17 | X58: CUARTO FRIO
B59: 9.9. | C59: Arreglo de marco en concreto de caja de inspección de aguas de 1.10 x 1.10 * 0.15 m. Incluye demolición de marco en concreto existente h= 8 a 10 cms y fundida en concreto 2500 psi | D59: UN | E59: =+W59 -> 3 | F59: =+'EST.MERCADO.'!Z59 -> #REF! | G59: =+F59*E59 -> #REF! | I59: 231954 | J59: =+E59*I59 -> 695862 | L59: =+F59 -> #REF! | M59: =+L59*E59 -> #REF! | N59: =+IF(M59=G59,"ok","error") -> #REF! | O59: 3 | S59: 1 | W59: =+ROUND(O59*S59,0) -> 3 | X59: CAJA EXTERIOR EN CIRCULACION EN ADOQUIN Y DOS COMPARTIMIENTOS TRAMAPA GRASAS
B60: 9.10. | C60: Conformación poyo de 0.10 m de altura. Incluye enchape lateral en piso boticino blanco 45 x 45 cms o similar, pegante tipo pegacor y boquilla | D60: ML | E60: =+W60 -> 2 | F60: =+'EST.MERCADO.'!Z60 -> #REF! | G60: =+F60*E60 -> #REF! | I60: 96906 | J60: =+E60*I60 -> 193812 | L60: =+F60 -> #REF! | M60: =+L60*E60 -> #REF! | N60: =+IF(M60=G60,"ok","error") -> #REF! | O60: 1 | Q60: 0.8 | S60: 2 | W60: =+ROUND(O60*Q60*S60,0) -> 2 | X60: VESTIERES
B61: 10 | C61: ENCHAPES | G61: =+SUBTOTAL(9,G62:G63) -> #REF! | J61: =+SUBTOTAL(9,J62:J63) -> 7121259 | L61: =+F61 -> 0 | M61: =+L61*E61 -> 0
B62: 10.1. | C62: Conformación de poceta de aseo enchapada interior y exteriormente en ceramica Boticino blanco 45 x 45 cm o similar. Incluye pegante tipo pegacor y filos con win de aluminio | D62: UN | E62: =+ENCHAPES!R7 -> 2 | F62: =+'EST.MERCADO.'!Z62 -> #REF! | G62: =+F62*E62 -> #REF! | I62: 487026 | J62: =+E62*I62 -> 974052 | L62: =+F62 -> #REF! | M62: =+L62*E62 -> #REF! | N62: =+IF(M62=G62,"ok","error") -> #REF! | X62: POCETA ASEO MORGUE Y CONSULTORIOS
B63: 10.2. | C63: Suministro e instalación de ceramica Boticino Blanco 45 x 45 cm o similar incluye pegante tipo pegacor y boquilla (vestier hombres y mujeres y cocineta) | D63: M2 | E63: =+ENCHAPES!R8 -> 99 | F63: =+'EST.MERCADO.'!Z63 -> #REF! | G63: =+F63*E63 -> #REF! | I63: 62093 | J63: =+E63*I63 -> 6147207 | L63: =+F63 -> #REF! | M63: =+L63*E63 -> #REF! | N63: =+IF(M63=G63,"ok","error") -> #REF! | X63: POCETA ASEO MORGUE Y POCETA ASEO CONSULTORIOS
B64: 11 | C64: IMPERMEABILIZACIONES | G64: =+SUBTOTAL(9,G65:G65) -> #REF! | J64: =+SUBTOTAL(9,J65:J65) -> 1589040 | L64: =+F64 -> 0 | M64: =+L64*E64 -> 0
B65: 11.1. | C65: Impermeabilización de cubierta paraguas ultra gris con imprimante primercor. Incluye todos los materiales y trabajos necesarios para su correcta instalación y funcionamiento (cubierta porteria). | D65: M2 | E65: =+W65 -> 40 | F65: =+'EST.MERCADO.'!Z65 -> #REF! | G65: =+F65*E65 -> #REF! | I65: 39726 | J65: =+E65*I65 -> 1589040 | L65: =+F65 -> #REF! | M65: =+L65*E65 -> #REF! | N65: =+IF(M65=G65,"ok","error") -> #REF! | O65: 1.05 | U65: =+'AREAS Y PERIMETROS'!B36 -> 38 | W65: =+ROUND(O65*U65,0) -> 40 | X65: CUBIERTA EQUIPOS
B66: 12 | C66: CIELORRASOS | G66: =+SUBTOTAL(9,G67:G73) -> #REF! | J66: =+SUBTOTAL(9,J67:J73) -> 11416352 | L66: =+F66 -> 0 | M66: =+L66*E66 -> 0
B67: 12.1. | C67: Suministro e instalación de cielo raso en lamina de super board 6mm. Incluye perfilería de soporte con estructura de acero galvanizado, rolado en frio calibre 26. masillado, juntas de control plasticas ("Z" y "U"), refuerzo en estructura y corte de lamina para claraboyas de inspección de 0,60*0,60 m, lijado y todos los materiales, accesorios y obras necesarias para su correcta instalación y funcionamiento | D67: M2 | E67: =+W67 -> 18 | F67: =+'EST.MERCADO.'!Z67 -> #REF! | G67: =+F67*E67 -> #REF! | I67: 75820 | J67: =+E67*I67 -> 1364760 | L67: =+F67 -> #REF! | M67: =+L67*E67 -> #REF! | N67: =+IF(M67=G67,"ok","error") -> #REF! | O67: 1.1 | U67: =+'AREAS Y PERIMETROS'!B15 -> 16.1 | W67: =+ROUND(O67*U67,0) -> 18 | X67: SE DEJAN LOS VESTIERES COMO COLCHON
B68: 12.2 | C68: Suministro e instalación de cielo raso en lamina de super board 6mm sin estructura Incluye masillado, juntas de control plasticas ("Z" y "U"), refuerzo en estructura y corte de lamina para claraboyas de inspección de 0,60*0,60 m,lijado y todos los materiales, accesorios y obras necesarias para su correcta instalación y funcionamiento | D68: M2 | E68: =+PINTURA!CB9 -> 74 | F68: =+'EST.MERCADO.'!Z68 -> #REF! | G68: =+F68*E68 -> #REF! | I68: 54883 | J68: =+E68*I68 -> 4061342 | L68: =+F68 -> #REF! | M68: =+L68*E68 -> #REF! | N68: =+IF(M68=G68,"ok","error") -> #REF! | O68: 1.1 | U68: =+SUM('AREAS Y PERIMETROS'!B10:B14)+'AREAS Y PERIMETROS'!B7+SUM('AREAS Y PERIMETROS'!B23:B25) -> 115.44 | W68: =+ROUND(O68*U68,0) -> 127 | X68: SEPTICOS, CABINAS, MORGUE PPAL, PRE Y POST, RECEPCION, ARCHIVO Y BAÑOS PUBLICOS HOMBRES, MUJERES Y DISCAPACITADOS
B69: 12.3. | C69: Escotillas de cielorraso 20 X 20 cm compuesto por tapa de inspección Acusticielos y marco para cielorasos Acusticielos. Incluye corte superboard, aseguramiento, remates y todos los materiales para su instalación | D69: UN | E69: =+W69 -> 6 | F69: =+'EST.MERCADO.'!Z69 -> #REF! | G69: =+F69*E69 -> #REF! | I69: 116253 | J69: =+E69*I69 -> 697518 | L69: =+F69 -> #REF! | M69: =+L69*E69 -> #REF! | N69: =+IF(M69=G69,"ok","error") -> #REF! | O69: 1 | S69: 6 | W69: =+O69*S69 -> 6 | X69: 1 SEPTICOS. 1 CABINAS, 2 MORGUE, 2 VESTIERES
B70: 12.4. | C70: Escotillas de cielorraso 60 x 60 cm compuesto por tapa de inspección Acusticielos y marco para cielorasos Acusticielos. Incluye corte superboard, aseguramiento, remates y todos los materiales para su instalación | D70: UN | E70: =+W70 -> 14 | F70: =+'EST.MERCADO.'!Z70 -> #REF! | G70: =+F70*E70 -> #REF! | I70: 189406 | J70: =+E70*I70 -> 2651684 | L70: =+F70 -> #REF! | M70: =+L70*E70 -> #REF! | N70: =+IF(M70=G70,"ok","error") -> #REF! | O70: 1 | S70: 14 | W70: =+O70*S70 -> 14 | X70: 2 SEPTICOS, 2 CABINAS, 6 MORGUE PPAL, 4 PRE Y POST
B71: 12.5. | C71: Laminas acrílicas difusora de luz para claraboyas. Incluye corte e instalación en marcos existentes | D71: M2 | E71: =+W71 -> 7.4 | F71: =+'EST.MERCADO.'!Z71 -> #REF! | G71: =+F71*E71 -> #REF! | I71: 80137 | J71: =+E71*I71 -> 593013.8 | L71: =+F71 -> #REF! | M71: =+L71*E71 -> #REF! | N71: =+IF(M71=G71,"ok","error") -> #REF! | O71: 1.1 | P71: 0.3 | Q71: 3 | S71: 3 | W71: =+O71+P71+Q71+S71 -> 7.4 | X71: BAÑOS PUBLICOS DISCAPACITADOS, HOMBRES Y MUJERES
B72: 12.6. | C72: Suministro e instalación de tapa registros plasticos de 20 x 20 cms. Incluye corte superboard, pegante, remates y materiales para su instalación | D72: UN | E72: =+W72 -> 6 | F72: =+'EST.MERCADO.'!Z72 -> #REF! | G72: =+F72*E72 -> #REF! | I72: 36719 | J72: =+E72*I72 -> 220314 | L72: =+F72 -> #REF! | M72: =+L72*E72 -> #REF! | N72: =+IF(M72=G72,"ok","error") -> #REF! | O72: 1 | S72: 6 | W72: =+O72*S72 -> 6 | X72: ASUMIDOS
B73: 12.7. | C73: Marco aluminio blanco para instalación de luminarias en cielorasos en drywall y superboard. Incluye corte drywall o superboard, aseguramiento laterales con perfiles en U y todos los materiales para su instalación | D73: UN | E73: =+W73 -> 30 | F73: =+'EST.MERCADO.'!Z73 -> #REF! | G73: =+F73*E73 -> #REF! | I73: 60924 | J73: =+E73*I73 -> 1827720 | L73: =+F73 -> #REF! | M73: =+L73*E73 -> #REF! | O73: 1 | S73: 30 | W73: =+O73*S73 -> 30 | X73: 1 BASURAS, 1 ASEO, 4 SEPTICOS, 2 CABINAS, 12 MORGUE, 6 PRE Y POST, 2 RECEPCION, 2 ARCHIVO RECEPCION
B74: 13 | C74: PUERTAS AUTOMATICAS - VIDRIOS | G74: =+SUBTOTAL(9,G75:G77) -> #REF! | J74: =+SUBTOTAL(9,J75:J77) -> 46590792 | L74: =+F74 -> 0 | M74: =+L74*E74 -> 0
B75: 13.1. | C75: Suministro e instalación de puerta enrrollable eléctrica de fleje cerrado calibre 22 con pintura electrostática, operador hulk uso industrial, con botonera pesada de control, posibilidad de apertura manual, con dos (2) fotoceldas antiaplastamiento Tamaño del vano (paso libre) de 2.15 ancho x 2.35 alto. La altura libre del espacio es de 2.87 m. Plano No. 4 | D75: UN | E75: =+W75 -> 1 | F75: =+'EST.MERCADO.'!Z75 -> #REF! | G75: =+F75*E75 -> #REF! | I75: 16613792 | J75: =+E75*I75 -> 16613792 | L75: =+F75 -> #REF! | M75: =+L75*E75 -> #REF! | N75: =+IF(M75=G75,"ok","error") -> #REF! | O75: 1 | S75: 1 | W75: =+O75*S75 -> 1 | X75: PTA ACCESO CUERPOS
B76: 13.2. | C76: Suministro e instalación de puerta automatica sencilla de 1 hoja corrediza lateral en vidrio laminado 5+5 templado con PVB color hielo, operador (Componente de automatismo de la puerta: motor, programación, carros deslizantes, riel, baterias, tarjeta electrónica, pestillo (Seguro) electromecánico, banda deslizante, correas, poleas, ets.), zocalos inferior y superior en aluminio, con sensores de movimiento de entrada y salida, fotoceldas de seguridad, baterías de respaldo, dos controles remotos, selector de llave de cuatro posiciones. Tamaño Vano (paso libre) ancho 1.50 m y alto 2.35 m. Acceso morgue. Plano No. 5 | D76: UN | E76: =+W76 -> 1 | F76: =+'EST.MERCADO.'!Z76 -> #REF! | G76: =+F76*E76 -> #REF! | I76: 23431100 | J76: =+E76*I76 -> 23431100 | L76: =+F76 -> #REF! | M76: =+L76*E76 -> #REF! | N76: =+IF(M76=G76,"ok","error") -> #REF! | O76: 1 | S76: 1 | W76: =+O76*S76 -> 1 | X76: PUERTA ACCESO MORGUE
B77: 13.3. | C77: Suministro e instalacion de división en vidrio templado 10 mm altura 2.10 m soportada en postes de acero inoxidable 2.5" anclados con brida y chazos expansivos a piso y muros. Incluye soporte de vidrios en acero inoxidable, puerta de hoja sencilla en vidrio templado 10 mm soportada sobre poste en acero inoxidable 2.5 "con bisagra evolvente, con portacerradura y cerradura de palanca Yale o Schlage. Recepción clínica. Palno No. 6 | D77: M2 | E77: =+W77 -> 5 | F77: =+'EST.MERCADO.'!Z77 -> #REF! | G77: =+F77*E77 -> #REF! | I77: 1309180 | J77: =+E77*I77 -> 6545900 | L77: =+F77 -> #REF! | M77: =+L77*E77 -> #REF! | N77: =+IF(M77=G77,"ok","error") -> #REF! | O77: 1 | Q77: 2.4 | S77: 1 | V77: 2.1 | W77: =+ROUND(O77*Q77*S77*V77,1) -> 5 | X77: OFICINA IDENTIFICACION
B78: 14 | C78: CARPINTERÍA METALICA | G78: =+SUBTOTAL(9,G79:G91) -> #REF! | J78: =+SUBTOTAL(9,J79:J91) -> 43430723 | L78: =+F78 -> 0 | M78: =+L78*E78 -> 0
B79: 14.1. | C79: Esquineros en angulo de aluminio cepillado color natural 2"x2" espesor 3/16" H=1.0 m, anclados a los muros mediante chazos expansivos 5/16 " ,Tornillo Avellanado de 1 1/4" | D79: ML | E79: =+W79 -> 4 | F79: =+'EST.MERCADO.'!Z79 -> #REF! | G79: =+F79*E79 -> #REF! | I79: 56884 | J79: =+E79*I79 -> 227536 | L79: =+F79 -> #REF! | M79: =+L79*E79 -> #REF! | N79: =+IF(M79=G79,"ok","error") -> #REF! | O79: 1 | R79: 1.2 | S79: 3 | W79: =+ROUND(O79*R79*S79,0) -> 4 | X79: MURO CONTRA ESPACIO CABINAS
B80: 14.2. | C80: Suministro e instalación de flanches en lamina galvanizada cal 24, desarrollo 22.5 cm (2.5 - 15 - 5 cm) , incluye anclaje superior y lateral con tornillo cabeza hexagonal con arandela y empaque de neopreno punta broca 10 x 1 1/2" cada 30 cms. Incluye desmonte de flanches existentes (Zona 1-1, Zona 1-2 , Zona 1-3 y Zona 2-1) Plano No. 7 | D80: ML | E80: =+FLANCHES!R7 -> 51 | F80: =+'EST.MERCADO.'!Z80 -> #REF! | G80: =+F80*E80 -> #REF! | I80: 32198 | J80: =+E80*I80 -> 1642098 | L80: =+F80 -> #REF! | M80: =+L80*E80 -> #REF! | N80: =+IF(M80=G80,"ok","error") -> #REF!
B81: 14.3. | C81: Suministro e instalación de flanches en lamina galvanizada cal 24 desarrollo entre 0,45 y 1.00 m. incluye anclajes con tornillo cabeza hexagonal con arandela y empaque de neopreno punta broca 10 x 1 1/2" cada 30 cms. Incluye desmonte de flanches existentes (Zona 1-1) Plano No. 7 | D81: ML | E81: =+FLANCHES!R8 -> 18 | F81: =+'EST.MERCADO.'!Z81 -> #REF! | G81: =+F81*E81 -> #REF! | I81: 59259 | J81: =+E81*I81 -> 1066662 | L81: =+F81 -> #REF! | M81: =+L81*E81 -> #REF! | N81: =+IF(M81=G81,"ok","error") -> #REF!
B82: 14.4. | C82: Suministro e instalación de flanches en lamina galvanizada cal 24, desarrollo 1.05 a 1.65 m, incluye anclajes con tornillo cabeza hexagonal con arandela y empaque de neopreno punta broca 10 x 1 1/2" cada 30 cms. Incluye desmonte de flanches existentes (Zona 1-2 , Zona 1-3 y Zona 2-1) Plano No. 7. | D82: ML | E82: =+FLANCHES!R9 -> 33 | F82: =+'EST.MERCADO.'!Z82 -> #REF! | G82: =+F82*E82 -> #REF! | I82: 138226 | J82: =+E82*I82 -> 4561458 | L82: =+F82 -> #REF! | M82: =+L82*E82 -> #REF! | N82: =+IF(M82=G82,"ok","error") -> #REF!
B83: 14.5. | C83: Tapa en lámina alfajor (caja frente a desechos) de 1/8" doblada en "C" de 60 x 60 cm aprox manija sobrepuesta, anticorrosivo y dos manos de pintura esmalte. Plano No. 8 | D83: UN | E83: =+W83 -> 1 | F83: =+'EST.MERCADO.'!Z83 -> #REF! | G83: =+F83*E83 -> #REF! | I83: 219880 | J83: =+E83*I83 -> 219880 | L83: =+F83 -> #REF! | M83: =+L83*E83 -> #REF! | N83: =+IF(M83=G83,"ok","error") -> #REF! | O83: 1 | S83: 1 | W83: =+O83*S83 -> 1 | X83: PUERTAS DE PATOLOGIA (7 UND), BASURAS Y ASE0 (2), BAÑOS (4)
B84: 14.6. | C84: Tapa en lámina alfajor (trampa de grasas) de 1/8" doblada en "C" de 2.05 x 1.10 cm aprox. Dos compartimientos cada uno de dos hojas de 0.86 x 0.43 m aprox con contramarco de 1 1/4" espesor 3/16"embebido con uñas de anclaje; Cada hoja con dos bisagras de pistón laterales de apertura 180° cada hoja, manija soldada pibotadas sobrepuesta en la tapa, tapa luz en platina de 1" de 1/8", anticorrosivo y dos manos de pintura esmalte. Plano No. 8 | D84: ML | E84: 1 | F84: =+'EST.MERCADO.'!Z84 -> #REF! | G84: =+F84*E84 -> #REF! | I84: 1173564 | J84: =+E84*I84 -> 1173564 | L84: =+F84 -> #REF! | M84: =+L84*E84 -> #REF! | N84: =+IF(M84=G84,"ok","error") -> #REF! | O84: 1.1 | U84: =+'AREAS Y PERIMETROS'!C30 -> 0 | W84: =+ROUND(O84*Q84,1) -> 0
B85: 14.7. | C85: Arreglo de cerramiento y puerta vehicular en reja conformada por perfiles tubulares 76 x 38 mm, ángulos 60 x 40 mm altura 2,15 m Incluye cambio de perfiles y angulos corroidos, cambio de rodamientos y ruedas de pista, cambio de topes, anclajes y cualquier elemento corroido para dejar en correcto estado de funcionamiento | D85: M2 | E85: =+W85 -> 52 | F85: =+'EST.MERCADO.'!Z85 -> #REF! | G85: =+F85*E85 -> #REF! | I85: 192500 | J85: =+E85*I85 -> 10010000 | L85: =+F85 -> #REF! | M85: =+L85*E85 -> #REF! | N85: =+IF(M85=G85,"ok","error") -> #REF! | O85: 1 | Q85: =17.7+7.1 -> 24.8 | U85: =+'AREAS Y PERIMETROS'!C31 -> 0 | V85: 2.1 | W85: =+ROUND(O85*Q85*V85,0) -> 52
B86: 14.8. | C86: Suministro e instalacion de baranda protectora en acero inoxidable largo 1.60 x 1.20 alto marrco 1 1/2" cal 16 y verticales en 3/4" ; Incluye soportes acero inoxidable para fijar en muro y piso. Plano No. 9. Acceso Morgue | D86: UN | E86: =+W86 -> 1 | F86: =+'EST.MERCADO.'!Z86 -> #REF! | G86: =+F86*E86 -> #REF! | I86: 1856400 | J86: =+E86*I86 -> 1856400 | L86: =+F86 -> #REF! | M86: =+L86*E86 -> #REF! | N86: =+IF(M86=G86,"ok","error") -> #REF! | O86: 1 | S86: 1 | W86: =+ROUND(O86*S86,0) -> 1 | X86: SE ESTIMA LARGO DE 1,60 M YA QUE LA PUERTA DESPLAZA 1,50 M
B87: 14.9. | C87: Suministro e instalación de concertina en acero inoxidable de 18" cuchillas largas 6 cms sobre cerramiento existente en malla eslabonada. Incluye soportes, guaya con alma de acero, perros y tensores | D87: ML | E87: =+W87 -> 89 | F87: =+'EST.MERCADO.'!Z87 -> #REF! | G87: =+F87*E87 -> #REF! | I87: 80325 | J87: =+E87*I87 -> 7148925 | L87: =+F87 -> #REF! | M87: =+L87*E87 -> #REF! | N87: =+IF(M87=G87,"ok","error") -> #REF! | O87: 1.05 | S87: 1 | T87: =+'AREAS Y PERIMETROS'!D32 -> 84.83 | W87: =+ROUND(O87*S87*T87,0) -> 89
B88: 14.10. | C88: Suminsitro e instalación de rejilla para carcamos fabricada en acero inoxidable de 0.30 m de ancho x 1.00 m de largo, con marco en tuberia cuadrada de 1" x 1" cal 16 , travesaños en tubería cuadrada de 1" x 1" cal 16, con espacio libre de 2 cms, con contramarco de 1 1/4" calibre 1/8" fijado a estructura de concreto con uñas de 10 cms. Plano No. 10. | D88: UN | E88: =+W88 -> 8 | F88: =+'EST.MERCADO.'!Z88 -> #REF! | G88: =+F88*E88 -> #REF! | I88: 1737400 | J88: =+E88*I88 -> 13899200 | L88: =+F88 -> #REF! | M88: =+L88*E88 -> #REF! | N88: =+IF(M88=G88,"ok","error") -> #REF! | O88: 1 | S88: 8 | W88: =+ROUND(O88*S88,0) -> 8
B89: 14.11. | C89: Arreglo de puerta corredera en lámina entamborada de 1.18 + 2.30 m soportada en riel superior. Incluye desmonte de puerta, riel, colocación de topes y guias, cambio de rodamientos, cambio soportes, ajuste de guias y de cerradura (puerta acceso a espejo de agua) | D89: UN | E89: =+W89 -> 1 | F89: =+'EST.MERCADO.'!Z89 -> #REF! | G89: =+F89*E89 -> #REF! | I89: 180000 | J89: =+E89*I89 -> 180000 | L89: =+F89 -> #REF! | M89: =+L89*E89 -> #REF! | N89: =+IF(M89=G89,"ok","error") -> #REF! | O89: 1 | S89: 1 | W89: =+ROUND(O89*S89,0) -> 1 | X89: ESPEJO DE AGUA
B90: 14.12. | C90: Arreglo de puerta corredera en aluminio y vidrio soportada en riel superior. Incluye desmonte de puerta y riel, colocación de topes y guias, cambio de rodamientos, ajuste de guias y de cerradura | D90: UN | E90: =+W90 -> 3 | F90: =+'EST.MERCADO.'!Z90 -> #REF! | G90: =+F90*E90 -> #REF! | I90: 225000 | J90: =+E90*I90 -> 675000 | L90: =+F90 -> #REF! | M90: =+L90*E90 -> #REF! | N90: =+IF(M90=G90,"ok","error") -> #REF! | O90: 1 | S90: 3 | W90: =+ROUND(O90*S90,0) -> 3 | X90: DIRECCION, ADMON Y SALA DE ESPERA
B91: 14.13. | C91: Tapa para caja en mampostería en lámina alfajor espesor 1/8" doblada en "C" de 66 x 66 cm profundidad aprox. 1.00 m con contramarco de 1 1/4" espesor 1/8" embebido con uñas de anclaje, manija embisagrada soldada sobre tapa, anticorrosivo y dos manos de pintura esmalte. Plano No. 8. | D91: UN | E91: 2 | F91: =+'EST.MERCADO.'!Z91 -> #REF! | G91: =+F91*E91 -> #REF! | I91: 385000 | J91: =+E91*I91 -> 770000 | L91: =+F91 -> #REF! | M91: =+L91*E91 -> #REF! | N91: =+IF(M91=G91,"ok","error") -> #REF! | O91: 1 | S91: 2 | W91: =+ROUND(O91*S91,0) -> 2 | X91: SE ASUMEN PARA CONEXIÓN MESAS NECROPSIA
B92: 15 | C92: PINTURAS | G92: =+SUBTOTAL(9,G93:G100) -> #REF! | J92: =+SUBTOTAL(9,J93:J100) -> 38015581 | L92: =+F92 -> 0 | M92: =+L92*E92 -> 0
B93: 15.1. | C93: Estuco plástico, incluye filos (esquineras plásticas), dilataciones (juntas de control plasticas en "Z" y "U"), carteras de vanos y medidas inferiores a 1.0 m | D93: M2 | E93: =+PINTURA!CD11 -> 34 | F93: =+'EST.MERCADO.'!Z93 -> #REF! | G93: =+F93*E93 -> #REF! | I93: 19883 | J93: =+E93*I93 -> 676022 | L93: =+F93 -> #REF! | M93: =+L93*E93 -> #REF! | N93: =+IF(M93=G93,"ok","error") -> #REF!
B94: 15.2. | C94: Suministro e instalación de pintura epóxica poliamida, recubrimiento protector para muros y techos interiores en zonas asépticas de dos componentes (componente A pintura epóxica, componente B catalizador poliamídico), acabado semibrillante, tres manos, color blanco (áreas patologia) incluye resanes con estuco plástico, encintado de cielos, filos, dilataciones, carteras, mediacañas verticales y medidas inferiores a 1.00 m | D94: M2 | E94: =+PINTURA!CD12 -> 479 | F94: =+'EST.MERCADO.'!Z94 -> #REF! | G94: =+F94*E94 -> #REF! | I94: 36509 | J94: =+E94*I94 -> 17487811 | L94: =+F94 -> #REF! | M94: =+L94*E94 -> #REF! | N94: =+IF(M94=G94,"ok","error") -> #REF!
B95: 15.3. | C95: Suministro e instalación de vinilo tipo 1 tres manos para muros o cielorrasos (color a escoger) incluye medidas menores a 1.00 m incluye filos y dilataciones. Incluye resanes en estuco plástic, encintado cielorrasos y todos los materiales y trabajos necesarios para su correcta ejecución. | D95: M2 | E95: =+PINTURA!CD13 -> 58 | F95: =+'EST.MERCADO.'!Z95 -> #REF! | G95: =+F95*E95 -> #REF! | I95: 25454 | J95: =+E95*I95 -> 1476332 | L95: =+F95 -> #REF! | M95: =+L95*E95 -> #REF! | N95: =+IF(M95=G95,"ok","error") -> #REF!
B96: 15.4. | C96: Suministro e instalación de pintura koraza 5 años para techos exteriores, dos manos, color a escoger. Incluye medidas inferiores a 1.00 m. Incluye: resanes en estuco plástico, encintado cielorrasos y todos los materiales y trabajos necesarios para su correcta ejecución. | D96: M2 | E96: =+PINTURA!CD14 -> 32 | F96: =+'EST.MERCADO.'!Z96 -> #REF! | G96: =+F96*E96 -> #REF! | I96: 26177 | J96: =+E96*I96 -> 837664 | L96: =+F96 -> #REF! | M96: =+L96*E96 -> #REF! | N96: =+IF(M96=G96,"ok","error") -> #REF!
B97: 15.5. | C97: Suministro e instalación de pintura esmalte mate superlavable exterior dos manos (color a escoger), incluye medidas menores a 1.00 m. Incluye una mano de anticorrosivo gris o negro y todos los materiales y trabajos necesarios para su correcta ejecución (Fachada metalica vertical) | D97: M2 | E97: =+PINTURA!CD15 -> 206 | F97: =+'EST.MERCADO.'!Z97 -> #REF! | G97: =+F97*E97 -> #REF! | I97: 33271 | J97: =+E97*I97 -> 6853826 | L97: =+F97 -> #REF! | M97: =+L97*E97 -> #REF! | N97: =+IF(M97=G97,"ok","error") -> #REF!
B98: 15.6. | C98: Suministro e instalación de pintura esmalte mate superlavable exterior dos manos (color a escoger) cuatro caras, incluye medidas menores a 1.00 m. Incluye una mano de anticorrosivo gris o verde y todos los materiales y trabajos necesarios para su correcta ejecución (Pergola fachada principal y cerramiento anterior y posterior) | D98: M2 | E98: =+PINTURA!CD16 -> 186 | F98: =+'EST.MERCADO.'!Z98 -> #REF! | G98: =+F98*E98 -> #REF! | I98: 42155 | J98: =+E98*I98 -> 7840830 | L98: =+F98 -> #REF! | M98: =+L98*E98 -> #REF! | N98: =+IF(M98=G98,"ok","error") -> #REF!
B99: 15.7. | C99: Suministro e instalación de pintura esmalte mate superlavable exterior dos manos (color a escoger) dos caras, incluye medidas menores a 1.00 m y pintura de marcos. Incluye una mano de anticorrosivo gris o verde y todos los materiales y trabajos necesarios para su correcta ejecución (Puertas metalicas) | D99: M2 | E99: =+PINTURA!CD17 -> 32 | F99: =+'EST.MERCADO.'!Z99 -> #REF! | G99: =+F99*E99 -> #REF! | I99: 39943 | J99: =+E99*I99 -> 1278176 | L99: =+F99 -> #REF! | M99: =+L99*E99 -> #REF! | N99: =+IF(M99=G99,"ok","error") -> #REF!
B100: 15.8. | C100: Conformación de media caña remate muro-cieloraso de 1 ". Incluye todos los materiales para su construcción | D100: ML | E100: =+PINTURA!CD18 -> 126 | F100: =+'EST.MERCADO.'!Z100 -> #REF! | G100: =+F100*E100 -> #REF! | I100: 12420 | J100: =+E100*I100 -> 1564920 | L100: =+F100 -> #REF! | M100: =+L100*E100 -> #REF!
B101: 16 | C101: APARATOS SANITARIOS - GRIFERIAS - CERRADURAS | G101: =+SUBTOTAL(9,G102:G110) -> #REF! | J101: =+SUBTOTAL(9,J102:J110) -> 7671944.6 | L101: =+F101 -> 0 | M101: =+L101*E101 -> 0
B102: 16.1. | C102: Suministro e instalación de guardacamillas de 19.7 cm IPC Ref. 700, color a escoger, con estructura completa en aluminio, jumper interior para amortiguar golpes y plástico de alto impacto . Incluye todos los materiales, accesorios y trabajos necesarios para su correcta instalación y funcionamiento. | D102: ML | E102: =+W102 -> 14.64 | F102: =+'EST.MERCADO.'!Z102 -> #REF! | G102: =+F102*E102 -> #REF! | I102: 317376 | J102: =+E102*I102 -> 4646384.6 | L102: =+F102 -> #REF! | M102: =+L102*E102 -> #REF! | N102: =+IF(M102=G102,"ok","error") -> #REF! | O102: 1 | Q102: =3.66*4 -> 14.64 | W102: =+ROUND(O102*Q102,2) -> 14.64 | X102: SE ESTIMAN CUATRO TIRAS DE 3.66 ML
B103: 16.2. | C103: Suministro e instalación terminales para guardacamillas IPC Ref. 700, color a escoger, ancladas a riel en aluminio con mínimo dos (2) tornillos. Incluye todos los materiales, accesorios y trabajos necesarios para su correcta instalación y funcionamiento. | D103: UN | E103: =+W103 -> 16 | F103: =+'EST.MERCADO.'!Z103 -> #REF! | G103: =+F103*E103 -> #REF! | I103: 60350 | J103: =+E103*I103 -> 965600 | L103: =+F103 -> #REF! | M103: =+L103*E103 -> #REF! | N103: =+IF(M103=G103,"ok","error") -> #REF! | O103: 1 | S103: =4*4 -> 16 | W103: =+O103*S103 -> 16 | X103: SE ESTIMAN CUATRO TERMINALES POR CADA TIRA DE 3.66 ML
...

Sheet EST.MERCADO.
B2: INSTITUTO NACIONAL DE MEDICINA LEGAL Y CIENCIAS FORENSES
B3: =+#REF! -> #REF!
B4: ANEXO - ANALISIS DEL MERCADO
B6: ÍTEM | C6: DESCRIPCION | D6: UN | E6: VR UNITARIO APUS | F6: CONTRATO No. 015-DRSU-2022 | H6: CONTRATO No. 022-DRSU-2023 | J6: OS-058-2023 OBRAS DE ADECUACION Y ENLUCIMIENTO DE SALA 8 HOSPITAL DEPAR. PSIQUIATRICO UNIVERSITARIO DEL VALLE ESE | L6: GJ-048-2023 OBRAS DE MANTENIMIENTO Y ADECUACION CONSULTA EXTERNA, AREA CAJAS, AUTORIZACIONES... HOSPITAL DEPAR. PSIQUIATRICO UNIVERSITARIO DEL VALLE ESE | N6: MP-2706-2023 REALIZACION DE OBRAS PARA EL MEJORAMIENTO O REPARACION DE LAS IPS ADSCRITAS AL HOSPITAL RAUL OREJUELA BUENO E.S.E. GRUPO 2 - INTERVENCIÓN IPS BARRACAS, BOYACA, LA HERRADURA, LA ACEQUIA, Y LA DOLORES - ZONA RURAL | P6: MP-2705-2023 REALIZACION DE OBRAS PARA EL MEJORAMIENTO O REPARACION DE LAS IPS ADSCRITAS AL HOSPITAL RAUL OREJUELA BUENO E.S.E. GRUPO 1 - INTERVENCION IPS LA EMILIA ZONA URBANA | R6: ICCU | T6: DESVIACION ESTANDAR | U6: PROMEDIO | V6: COEFICIENTE VARIACION | W6: MEDIA GEOMETRICA | X6: MEDIA ARMONICA | Y6: MEDIA QUE SE DEBE APLICAR | Z6: VALOR UNITARIO PROMEDIO
C7: FACTOR INDEXACION | F7: VR CONTRATO | G7: 0.1203 | H7: VR CONTRATO | I7: 0.0418 | J7: VALORES | K7: 0.0408 | L7: VALORES | M7: 0.0395 | N7: VALORES | O7: 0.0395 | P7: VALORES | Q7: 0.0395 | R7: VALORES | S7: 0.1145
B8: =+PRESUPUESTO!B8 -> 1. | C8: =+PRESUPUESTO!C8 -> PRELIMINARES | D8: =+PRESUPUESTO!D8 -> 0
B9: =+PRESUPUESTO!B9 -> 1.1. | C9: =+PRESUPUESTO!C9 -> Desmonte de teja trapezoidal fachada vertical traslucida | D9: =+PRESUPUESTO!D9 -> M2 | E9: =+#REF! -> #REF! | G9: =+IF(F9="","",ROUND(F9*(1+G$7),0)) | I9: =+IF(H9="","",ROUND(H9*(1+I$7),0)) | K9: =+IF(J9="","",ROUND(J9*(1+K$7),0)) | M9: =+IF(L9="","",ROUND(L9*(1+M$7),0)) | O9: =+IF(N9="","",ROUND(N9*(1+O$7),0)) | Q9: =+IF(P9="","",ROUND(P9*(1+Q$7),0)) | S9: =+IF(R9="","",ROUND(R9*(1+S$7),0)) | U9: =AVERAGE(E9,G9,I9,K9,M9,O9,Q9,S9) -> #REF! | V9: =(T9/U9) -> #REF! | W9: =+ROUND(GEOMEAN(E9,G9,I9,K9,M9,O9,Q9,S9),0) -> #REF! | X9: =ROUND(HARMEAN(E9,G9,I9,K9,M9,O9,Q9,S9),0) -> #REF! | Y9: =IF(V9>=30%,"ARMONICA","GEOMETRICA") -> #REF! | Z9: =IF(V9>30%,X9,W9) -> #REF!
B10: =+PRESUPUESTO!B10 -> 1.2. | C10: =+PRESUPUESTO!C10 -> Desmonte de puertas dobles en lámina. Incluye retiro de marco, resane de vano y filos y ubicación temporal en sitio establecido por la entidad. | D10: =+PRESUPUESTO!D10 -> UN | E10: =+#REF! -> #REF! | G10: =+IF(F10="","",ROUND(F10*(1+G$7),0)) | I10: =+IF(H10="","",ROUND(H10*(1+I$7),0)) | K10: =+IF(J10="","",ROUND(J10*(1+K$7),0)) | M10: =+IF(L10="","",ROUND(L10*(1+M$7),0)) | O10: =+IF(N10="","",ROUND(N10*(1+O$7),0)) | Q10: =+IF(P10="","",ROUND(P10*(1+Q$7),0)) | S10: =+IF(R10="","",ROUND(R10*(1+S$7),0)) | U10: =AVERAGE(E10,G10,I10,K10,M10,O10,Q10,S10) -> #REF! | V10: =(T10/U10) -> #REF! | W10: =+ROUND(GEOMEAN(E10,G10,I10,K10,M10,O10,Q10,S10),0) -> #REF! | X10: =ROUND(HARMEAN(E10,G10,I10,K10,M10,O10,Q10,S10),0) -> #REF! | Y10: =IF(V10>=30%,"ARMONICA","GEOMETRICA") -> #REF! | Z10: =IF(V10>30%,X10,W10) -> #REF!
B11: =+PRESUPUESTO!B11 -> 1.3. | C11: =+PRESUPUESTO!C11 -> Desmonte y reinstalacion de puertas o ventanas. Incluye cargue y ubicación temporal en sitio establecido por la entidad. Incluye resane de vano y filos | D11: =+PRESUPUESTO!D11 -> UN | E11: =+#REF! -> #REF! | G11: =+IF(F11="","",ROUND(F11*(1+G$7),0)) | I11: =+IF(H11="","",ROUND(H11*(1+I$7),0)) | K11: =+IF(J11="","",ROUND(J11*(1+K$7),0)) | M11: =+IF(L11="","",ROUND(L11*(1+M$7),0)) | O11: =+IF(N11="","",ROUND(N11*(1+O$7),0)) | Q11: =+IF(P11="","",ROUND(P11*(1+Q$7),0)) | S11: =+IF(R11="","",ROUND(R11*(1+S$7),0)) | U11: =AVERAGE(E11,G11,I11,K11,M11,O11,Q11,S11) -> #REF! | V11: =(T11/U11) -> #REF! | W11: =+ROUND(GEOMEAN(E11,G11,I11,K11,M11,O11,Q11,S11),0) -> #REF! | X11: =ROUND(HARMEAN(E11,G11,I11,K11,M11,O11,Q11,S11),0) -> #REF! | Y11: =IF(V11>=30%,"ARMONICA","GEOMETRICA") -> #REF! | Z11: =IF(V11>30%,X11,W11) -> #REF!
B12: =+PRESUPUESTO!B12 -> 1.4. | C12: =+PRESUPUESTO!C12 -> Raspado de estuco y pintura, hasta encontrar pañete. Incluye limpieza de pañete. Incluye cargue y el retiro de escombros a botadero autorizado. | D12: =+PRESUPUESTO!D12 -> M2 | E12: =+#REF! -> #REF! | F12: 9060 | G12: =+IF(F12="","",ROUND(F12*(1+G$7),0)) -> 10150 | H12: 9547 | I12: =+IF(H12="","",ROUND(H12*(1+I$7),0)) -> 9946 | K12: =+IF(J12="","",ROUND(J12*(1+K$7),0)) | M12: =+IF(L12="","",ROUND(L12*(1+M$7),0)) | O12: =+IF(N12="","",ROUND(N12*(1+O$7),0)) | Q12: =+IF(P12="","",ROUND(P12*(1+Q$7),0)) | S12: =+IF(R12="","",ROUND(R12*(1+S$7),0)) | T12: =_xlfn.STDEV.S(E12,G12,I12,K12,M12,O12,Q12,S12) -> #REF! | U12: =AVERAGE(E12,G12,I12,K12,M12,O12,Q12,S12) -> #REF! | V12: =(T12/U12) -> #REF! | W12: =+ROUND(GEOMEAN(E12,G12,I12,K12,M12,O12,Q12,S12),0) -> #REF! | X12: =ROUND(HARMEAN(E12,G12,I12,K12,M12,O12,Q12,S12),0) -> #REF! | Y12: =IF(V12>=30%,"ARMONICA","GEOMETRICA") -> #REF! | Z12: =IF(V12>30%,X12,W12) -> #REF!
B13: =+PRESUPUESTO!B13 -> 1.5. | C13: =+PRESUPUESTO!C13 -> Desmonte de cubierta en policarbonato alveolar, incluidos, amarres, flanches, fijaciones y demás elementos existentes, incluye maquinaria, mano de obra, cargue, retiro y disposición final de escombros en botadero autorizado (de ser requerido) | D13: =+PRESUPUESTO!D13 -> M2 | E13: =+#REF! -> #REF! | F13: 10686 | G13: =+IF(F13="","",ROUND(F13*(1+G$7),0)) -> 11972 | I13: =+IF(H13="","",ROUND(H13*(1+I$7),0)) | K13: =+IF(J13="","",ROUND(J13*(1+K$7),0)) | M13: =+IF(L13="","",ROUND(L13*(1+M$7),0)) | O13: =+IF(N13="","",ROUND(N13*(1+O$7),0)) | Q13: =+IF(P13="","",ROUND(P13*(1+Q$7),0)) | S13: =+IF(R13="","",ROUND(R13*(1+S$7),0)) | T13: =_xlfn.STDEV.S(E13,G13,I13,K13,M13,O13,Q13,S13) -> #REF! | U13: =AVERAGE(E13,G13,I13,K13,M13,O13,Q13,S13) -> #REF! | V13: =(T13/U13) -> #REF! | W13: =+ROUND(GEOMEAN(E13,G13,I13,K13,M13,O13,Q13,S13),0) -> #REF! | X13: =ROUND(HARMEAN(E13,G13,I13,K13,M13,O13,Q13,S13),0) -> #REF! | Y13: =IF(V13>=30%,"ARMONICA","GEOMETRICA") -> #REF! | Z13: =IF(V13>30%,X13,W13) -> #REF!
B14: =+PRESUPUESTO!B14 -> 1.6. | C14: =+PRESUPUESTO!C14 -> Desmonte y reinstalacion de protectores guardacamillas. Incluye disposición y almacenamiento temporal (morgue pptal, septicos, pre y pos) | D14: =+PRESUPUESTO!D14 -> ML | E14: =+#REF! -> #REF! | G14: =+IF(F14="","",ROUND(F14*(1+G$7),0)) | I14: =+IF(H14="","",ROUND(H14*(1+I$7),0)) | K14: =+IF(J14="","",ROUND(J14*(1+K$7),0)) | M14: =+IF(L14="","",ROUND(L14*(1+M$7),0)) | O14: =+IF(N14="","",ROUND(N14*(1+O$7),0)) | Q14: =+IF(P14="","",ROUND(P14*(1+Q$7),0)) | S14: =+IF(R14="","",ROUND(R14*(1+S$7),0)) | U14: =AVERAGE(E14,G14,I14,K14,M14,O14,Q14,S14) -> #REF! | V14: =(T14/U14) -> #REF! | W14: =+ROUND(GEOMEAN(E14,G14,I14,K14,M14,O14,Q14,S14),0) -> #REF! | X14: =ROUND(HARMEAN(E14,G14,I14,K14,M14,O14,Q14,S14),0) -> #REF! | Y14: =IF(V14>=30%,"ARMONICA","GEOMETRICA") -> #REF! | Z14: =IF(V14>30%,X14,W14) -> #REF!
B15: =+PRESUPUESTO!B15 -> 1.7. | C15: =+PRESUPUESTO!C15 -> Demolición de acabado de piso en enchape cerámico, epóxico u otro, afinado y placa de concreto hasta de 15 cms. Incluye cargue y el retiro de escombros a botadero autorizado (Cuarto frio y morgue ppal) | D15: =+PRESUPUESTO!D15 -> M2 | E15: =+#REF! -> #REF! | F15: 33996 | G15: =+IF(F15="","",ROUND(F15*(1+G$7),0)) -> 38086 | I15: =+IF(H15="","",ROUND(H15*(1+I$7),0)) | K15: =+IF(J15="","",ROUND(J15*(1+K$7),0)) | M15: =+IF(L15="","",ROUND(L15*(1+M$7),0)) | O15: =+IF(N15="","",ROUND(N15*(1+O$7),0)) | Q15: =+IF(P15="","",ROUND(P15*(1+Q$7),0)) | R15: 59558 | S15: =+IF(R15="","",ROUND(R15*(1+S$7),0)) -> 66377 | T15: =_xlfn.STDEV.S(E15,G15,I15,K15,M15,O15,Q15,S15) -> #REF! | U15: =AVERAGE(E15,G15,I15,K15,M15,O15,Q15,S15) -> #REF! | V15: =(T15/U15) -> #REF! | W15: =+ROUND(GEOMEAN(E15,G15,I15,K15,M15,O15,Q15,S15),0) -> #REF! | X15: =ROUND(HARMEAN(E15,G15,I15,K15,M15,O15,Q15,S15),0) -> #REF! | Y15: =IF(V15>=30%,"ARMONICA","GEOMETRICA") -> #REF! | Z15: =IF(V15>30%,X15,W15) -> #REF!
B16: =+PRESUPUESTO!B16 -> 1.8. | C16: =+PRESUPUESTO!C16 -> Demolición de acabado de piso en enchape cerámico, epóxico y afinado hasta de 10 cms. Incluye retiro de rejillas de carcamos, contramarcos, cualquier elemento sobre el piso cargue y el retiro de escombros a botadero autorizado. (Pre y pos, recepcion, morgue ppal, cto cabinas , cto aseo, cto basuras y baño-vestieres) | D16: =+PRESUPUESTO!D16 -> M2 | E16: =+#REF! -> #REF! | G16: =+IF(F16="","",ROUND(F16*(1+G$7),0)) | I16: =+IF(H16="","",ROUND(H16*(1+I$7),0)) | K16: =+IF(J16="","",ROUND(J16*(1+K$7),0)) | L16: 7509 | M16: =+IF(L16="","",ROUND(L16*(1+M$7),0)) -> 7806 | O16: =+IF(N16="","",ROUND(N16*(1+O$7),0)) | Q16: =+IF(P16="","",ROUND(P16*(1+Q$7),0)) | S16: =+IF(R16="","",ROUND(R16*(1+S$7),0)) | T16: =_xlfn.STDEV.S(E16,G16,I16,K16,M16,O16,Q16,S16) -> #REF! | U16: =AVERAGE(E16,G16,I16,K16,M16,O16,Q16,S16) -> #REF! | V16: =(T16/U16) -> #REF! | W16: =+ROUND(GEOMEAN(E16,G16,I16,K16,M16,O16,Q16,S16),0) -> #REF! | X16: =ROUND(HARMEAN(E16,G16,I16,K16,M16,O16,Q16,S16),0) -> #REF! | Y16: =IF(V16>=30%,"ARMONICA","GEOMETRICA") -> #REF! | Z16: =IF(V16>30%,X16,W16) -> #REF!
B17: =+PRESUPUESTO!B17 -> 1.9. | C17: =+PRESUPUESTO!C17 -> Desmonte de aparatos sanitarios. | D17: =+PRESUPUESTO!D17 -> UN | E17: =+#REF! -> #REF! | G17: =+IF(F17="","",ROUND(F17*(1+G$7),0)) | I17: =+IF(H17="","",ROUND(H17*(1+I$7),0)) | K17: =+IF(J17="","",ROUND(J17*(1+K$7),0)) | M17: =+IF(L17="","",ROUND(L17*(1+M$7),0)) | N17: 30795 | O17: =+IF(N17="","",ROUND(N17*(1+O$7),0)) -> 32011 | Q17: =+IF(P17="","",ROUND(P17*(1+Q$7),0)) | R17: 29368 | S17: =+IF(R17="","",ROUND(R17*(1+S$7),0)) -> 32731 | T17: =_xlfn.STDEV.S(E17,G17,I17,K17,M17,O17,Q17,S17) -> #REF! | U17: =AVERAGE(E17,G17,I17,K17,M17,O17,Q17,S17) -> #REF! | V17: =(T17/U17) -> #REF! | W17: =+ROUND(GEOMEAN(E17,G17,I17,K17,M17,O17,Q17,S17),0) -> #REF! | X17: =ROUND(HARMEAN(E17,G17,I17,K17,M17,O17,Q17,S17),0) -> #REF! | Y17: =IF(V17>=30%,"ARMONICA","GEOMETRICA") -> #REF! | Z17: =IF(V17>30%,X17,W17) -> #REF!
B18: =+PRESUPUESTO!B18 -> 1.10. | C18: =+PRESUPUESTO!C18 -> Desmonte de lavamanos quirúrgicos | D18: =+PRESUPUESTO!D18 -> UN | E18: =+#REF! -> #REF! | G18: =+IF(F18="","",ROUND(F18*(1+G$7),0)) | I18: =+IF(H18="","",ROUND(H18*(1+I$7),0)) | J18: 15664.78 | K18: =+IF(J18="","",ROUND(J18*(1+K$7),0)) -> 16304 | M18: =+IF(L18="","",ROUND(L18*(1+M$7),0)) | O18: =+IF(N18="","",ROUND(N18*(1+O$7),0)) | Q18: =+IF(P18="","",ROUND(P18*(1+Q$7),0)) | S18: =+IF(R18="","",ROUND(R18*(1+S$7),0)) | T18: =_xlfn.STDEV.S(E18,G18,I18,K18,M18,O18,Q18,S18) -> #REF! | U18: =AVERAGE(E18,G18,I18,K18,M18,O18,Q18,S18) -> #REF! | V18: =(T18/U18) -> #REF! | W18: =+ROUND(GEOMEAN(E18,G18,I18,K18,M18,O18,Q18,S18),0) -> #REF! | X18: =ROUND(HARMEAN(E18,G18,I18,K18,M18,O18,Q18,S18),0) -> #REF! | Y18: =IF(V18>=30%,"ARMONICA","GEOMETRICA") -> #REF! | Z18: =IF(V18>30%,X18,W18) -> #REF!
B19: =+PRESUPUESTO!B19 -> 1.11. | C19: =+PRESUPUESTO!C19 -> Retiro de impermeabilización de placa equipos. Incluye cargue, retiro y disposición final de escombros en botadero autorizado | D19: =+PRESUPUESTO!D19 -> M2 | E19: =+#REF! -> #REF! | F19: 6678 | G19: =+IF(F19="","",ROUND(F19*(1+G$7),0)) -> 7481 | I19: =+IF(H19="","",ROUND(H19*(1+I$7),0)) | K19: =+IF(J19="","",ROUND(J19*(1+K$7),0)) | M19: =+IF(L19="","",ROUND(L19*(1+M$7),0)) | O19: =+IF(N19="","",ROUND(N19*(1+O$7),0)) | Q19: =+IF(P19="","",ROUND(P19*(1+Q$7),0)) | S19: =+IF(R19="","",ROUND(R19*(1+S$7),0)) | T19: =_xlfn.STDEV.S(E19,G19,I19,K19,M19,O19,Q19,S19) -> #REF! | U19: =AVERAGE(E19,G19,I19,K19,M19,O19,Q19,S19) -> #REF! | V19: =(T19/U19) -> #REF! | W19: =+ROUND(GEOMEAN(E19,G19,I19,K19,M19,O19,Q19,S19),0) -> #REF! | X19: =ROUND(HARMEAN(E19,G19,I19,K19,M19,O19,Q19,S19),0) -> #REF! | Y19: =IF(V19>=30%,"ARMONICA","GEOMETRICA") -> #REF! | Z19: =IF(V19>30%,X19,W19) -> #REF!
B20: =+PRESUPUESTO!B20 -> 1.12. | C20: =+PRESUPUESTO!C20 -> Limpieza de muros y pisos con hidrolavadora. Incluye todos los trabajos necesarios para su correcta ejecución. | D20: =+PRESUPUESTO!D20 -> M2 | E20: =+#REF! -> #REF! | G20: =+IF(F20="","",ROUND(F20*(1+G$7),0)) | H20: 4448 | I20: =+IF(H20="","",ROUND(H20*(1+I$7),0)) -> 4634 | J20: 3206.46 | K20: =+IF(J20="","",ROUND(J20*(1+K$7),0)) -> 3337 | M20: =+IF(L20="","",ROUND(L20*(1+M$7),0)) | O20: =+IF(N20="","",ROUND(N20*(1+O$7),0)) | P20: 3303 | Q20: =+IF(P20="","",ROUND(P20*(1+Q$7),0)) -> 3433 | S20: =+IF(R20="","",ROUND(R20*(1+S$7),0)) | T20: =_xlfn.STDEV.S(E20,G20,I20,K20,M20,O20,Q20,S20) -> #REF! | U20: =AVERAGE(E20,G20,I20,K20,M20,O20,Q20,S20) -> #REF! | V20: =(T20/U20) -> #REF! | W20: =+ROUND(GEOMEAN(E20,G20,I20,K20,M20,O20,Q20,S20),0) -> #REF! | X20: =ROUND(HARMEAN(E20,G20,I20,K20,M20,O20,Q20,S20),0) -> #REF! | Y20: =IF(V20>=30%,"ARMONICA","GEOMETRICA") -> #REF! | Z20: =IF(V20>30%,X20,W20) -> #REF!
B21: =+PRESUPUESTO!B21 -> 1.13. | C21: =+PRESUPUESTO!C21 -> Raspado de pintura, retiro de cintas en muros o cielorrasos en superboard. Incluye cargue y el retiro de escombros a botadero autorizado. | D21: =+PRESUPUESTO!D21 -> M2 | E21: =+#REF! -> #REF! | G21: =+IF(F21="","",ROUND(F21*(1+G$7),0)) | I21: =+IF(H21="","",ROUND(H21*(1+I$7),0)) | K21: =+IF(J21="","",ROUND(J21*(1+K$7),0)) | M21: =+IF(L21="","",ROUND(L21*(1+M$7),0)) | O21: =+IF(N21="","",ROUND(N21*(1+O$7),0)) | Q21: =+IF(P21="","",ROUND(P21*(1+Q$7),0)) | S21: =+IF(R21="","",ROUND(R21*(1+S$7),0)) | U21: =AVERAGE(E21,G21,I21,K21,M21,O21,Q21,S21) -> #REF! | V21: =(T21/U21) -> #REF! | W21: =+ROUND(GEOMEAN(E21,G21,I21,K21,M21,O21,Q21,S21),0) -> #REF! | X21: =ROUND(HARMEAN(E21,G21,I21,K21,M21,O21,Q21,S21),0) -> #REF! | Y21: =IF(V21>=30%,"ARMONICA","GEOMETRICA") -> #REF! | Z21: =IF(V21>30%,X21,W21) -> #REF!
B22: =+PRESUPUESTO!B22 -> 1.14. | C22: =+PRESUPUESTO!C22 -> Demolición de enchape existente. Incluye cargue y retiro de excombros a botadero autorizado | D22: =+PRESUPUESTO!D22 -> M2 | E22: =+#REF! -> #REF! | G22: =+IF(F22="","",ROUND(F22*(1+G$7),0)) | I22: =+IF(H22="","",ROUND(H22*(1+I$7),0)) | J22: 10256 | K22: =+IF(J22="","",ROUND(J22*(1+K$7),0)) -> 10674 | M22: =+IF(L22="","",ROUND(L22*(1+M$7),0)) | N22: 7774 | O22: =+IF(N22="","",ROUND(N22*(1+O$7),0)) -> 8081 | Q22: =+IF(P22="","",ROUND(P22*(1+Q$7),0)) | R22: 9941 | S22: =+IF(R22="","",ROUND(R22*(1+S$7),0)) -> 11079 | T22: =_xlfn.STDEV.S(E22,G22,I22,K22,M22,O22,Q22,S22) -> #REF! | U22: =AVERAGE(E22,G22,I22,K22,M22,O22,Q22,S22) -> #REF! | V22: =(T22/U22) -> #REF! | W22: =+ROUND(GEOMEAN(E22,G22,I22,K22,M22,O22,Q22,S22),0) -> #REF! | X22: =ROUND(HARMEAN(E22,G22,I22,K22,M22,O22,Q22,S22),0) -> #REF! | Y22: =IF(V22>=30%,"ARMONICA","GEOMETRICA") -> #REF! | Z22: =IF(V22>30%,X22,W22) -> #REF!
B23: =+PRESUPUESTO!B23 -> 1.15. | C23: =+PRESUPUESTO!C23 -> Desmonte de cielorraso en superboard. Incluye retiro de mediacañas entre muro y cielorraso, rejillas plásticas y cualquier elemento adherido, cargue y retiro de escombros a botadero autorizado | D23: =+PRESUPUESTO!D23 -> M2 | E23: =+#REF! -> #REF! | G23: =+IF(F23="","",ROUND(F23*(1+G$7),0)) | I23: =+IF(H23="","",ROUND(H23*(1+I$7),0)) | K23: =+IF(J23="","",ROUND(J23*(1+K$7),0)) | M23: =+IF(L23="","",ROUND(L23*(1+M$7),0)) | O23: =+IF(N23="","",ROUND(N23*(1+O$7),0)) | Q23: =+IF(P23="","",ROUND(P23*(1+Q$7),0)) | S23: =+IF(R23="","",ROUND(R23*(1+S$7),0)) | U23: =AVERAGE(E23,G23,I23,K23,M23,O23,Q23,S23) -> #REF! | V23: =(T23/U23) -> #REF! | W23: =+ROUND(GEOMEAN(E23,G23,I23,K23,M23,O23,Q23,S23),0) -> #REF! | X23: =ROUND(HARMEAN(E23,G23,I23,K23,M23,O23,Q23,S23),0) -> #REF! | Y23: =IF(V23>=30%,"ARMONICA","GEOMETRICA") -> #REF! | Z23: =IF(V23>30%,X23,W23) -> #REF!
B24: =+PRESUPUESTO!B24 -> 1.16. | C24: =+PRESUPUESTO!C24 -> Desmonte y reinstalacion de baranda tope de camillas en tubería de 2" acero inoxidable longitud 3.0 m | D24: =+PRESUPUESTO!D24 -> UN | E24: =+#REF! -> #REF! | G24: =+IF(F24="","",ROUND(F24*(1+G$7),0)) | I24: =+IF(H24="","",ROUND(H24*(1+I$7),0)) | K24: =+IF(J24="","",ROUND(J24*(1+K$7),0)) | M24: =+IF(L24="","",ROUND(L24*(1+M$7),0)) | O24: =+IF(N24="","",ROUND(N24*(1+O$7),0)) | Q24: =+IF(P24="","",ROUND(P24*(1+Q$7),0)) | S24: =+IF(R24="","",ROUND(R24*(1+S$7),0)) | U24: =AVERAGE(E24,G24,I24,K24,M24,O24,Q24,S24) -> #REF! | V24: =(T24/U24) -> #REF! | W24: =+ROUND(GEOMEAN(E24,G24,I24,K24,M24,O24,Q24,S24),0) -> #REF! | X24: =ROUND(HARMEAN(E24,G24,I24,K24,M24,O24,Q24,S24),0) -> #REF! | Y24: =IF(V24>=30%,"ARMONICA","GEOMETRICA") -> #REF! | Z24: =IF(V24>30%,X24,W24) -> #REF!
B25: =+PRESUPUESTO!B25 -> 2. | C25: =+PRESUPUESTO!C25 -> CIMENTACION | D25: =+PRESUPUESTO!D25 -> 0 | G25: =+IF(F25="","",ROUND(F25*(1+G$7),0)) | I25: =+IF(H25="","",ROUND(H25*(1+I$7),0)) | K25: =+IF(J25="","",ROUND(J25*(1+K$7),0)) | M25: =+IF(L25="","",ROUND(L25*(1+M$7),0)) | O25: =+IF(N25="","",ROUND(N25*(1+O$7),0)) | Q25: =+IF(P25="","",ROUND(P25*(1+Q$7),0)) | S25: =+IF(R25="","",ROUND(R25*(1+S$7),0))
B26: =+PRESUPUESTO!B26 -> 2.1. | C26: =+PRESUPUESTO!C26 -> Excavación manual menor a 1 m profundidad y disposicion de sobrantes en botadero autorizado . Incluye retiro de material vegetal | D26: =+PRESUPUESTO!D26 -> M3 | E26: =+#REF! -> #REF! | G26: =+IF(F26="","",ROUND(F26*(1+G$7),0)) | I26: =+IF(H26="","",ROUND(H26*(1+I$7),0)) | K26: =+IF(J26="","",ROUND(J26*(1+K$7),0)) | M26: =+IF(L26="","",ROUND(L26*(1+M$7),0)) | O26: =+IF(N26="","",ROUND(N26*(1+O$7),0)) | Q26: =+IF(P26="","",ROUND(P26*(1+Q$7),0)) | R26: 61761 | S26: =+IF(R26="","",ROUND(R26*(1+S$7),0)) -> 68833 | T26: =_xlfn.STDEV.S(E26,G26,I26,K26,M26,O26,Q26,S26) -> #REF! | U26: =AVERAGE(E26,G26,I26,K26,M26,O26,Q26,S26) -> #REF! | V26: =(T26/U26) -> #REF! | W26: =+ROUND(GEOMEAN(E26,G26,I26,K26,M26,O26,Q26,S26),0) -> #REF! | X26: =ROUND(HARMEAN(E26,G26,I26,K26,M26,O26,Q26,S26),0) -> #REF! | Y26: =IF(V26>=30%,"ARMONICA","GEOMETRICA") -> #REF! | Z26: =IF(V26>30%,X26,W26) -> #REF!
B27: =+PRESUPUESTO!B27 -> 2.2. | C27: =+PRESUPUESTO!C27 -> Relleno en material B200, incluye suministro, disposición y compactación | D27: =+PRESUPUESTO!D27 -> M3 | E27: =+#REF! -> #REF! | F27: 155394 | G27: =+IF(F27="","",ROUND(F27*(1+G$7),0)) -> 174088 | H27: 102476 | I27: =+IF(H27="","",ROUND(H27*(1+I$7),0)) -> 106759 | K27: =+IF(J27="","",ROUND(J27*(1+K$7),0)) | M27: =+IF(L27="","",ROUND(L27*(1+M$7),0)) | O27: =+IF(N27="","",ROUND(N27*(1+O$7),0)) | P27: 92156 | Q27: =+IF(P27="","",ROUND(P27*(1+Q$7),0)) -> 95796 | R27: 103951 | S27: =+IF(R27="","",ROUND(R27*(1+S$7),0)) -> 115853 | T27: =_xlfn.STDEV.S(E27,G27,I27,K27,M27,O27,Q27,S27) -> #REF! | U27: =AVERAGE(E27,G27,I27,K27,M27,O27,Q27,S27) -> #REF! | V27: =(T27/U27) -> #REF! | W27: =+ROUND(GEOMEAN(E27,G27,I27,K27,M27,O27,Q27,S27),0) -> #REF! | X27: =ROUND(HARMEAN(E27,G27,I27,K27,M27,O27,Q27,S27),0) -> #REF! | Y27: =IF(V27>=30%,"ARMONICA","GEOMETRICA") -> #REF! | Z27: =IF(V27>30%,X27,W27) -> #REF!
B28: =+PRESUPUESTO!B28 -> 3 | C28: =+PRESUPUESTO!C28 -> INSTALACIONES HIDROSANITARIAS. | D28: =+PRESUPUESTO!D28 -> 0 | G28: =+IF(F28="","",ROUND(F28*(1+G$7),0)) | I28: =+IF(H28="","",ROUND(H28*(1+I$7),0)) | K28: =+IF(J28="","",ROUND(J28*(1+K$7),0)) | M28: =+IF(L28="","",ROUND(L28*(1+M$7),0)) | O28: =+IF(N28="","",ROUND(N28*(1+O$7),0)) | Q28: =+IF(P28="","",ROUND(P28*(1+Q$7),0)) | S28: =+IF(R28="","",ROUND(R28*(1+S$7),0))
B29: =+PRESUPUESTO!B29 -> 3.1. | C29: =+PRESUPUESTO!C29 -> Mantenimiento de bajantes de aguas lluvias mediante sondeo, lavado , incluye retiro y reinstalacion de rejillas, todos los elementos y materiales necesarios para su correcta ejecución | D29: =+PRESUPUESTO!D29 -> UN | E29: =+#REF! -> #REF! | F29: 71050 | G29: =+IF(F29="","",ROUND(F29*(1+G$7),0)) -> 79597 | I29: =+IF(H29="","",ROUND(H29*(1+I$7),0)) | K29: =+IF(J29="","",ROUND(J29*(1+K$7),0)) | M29: =+IF(L29="","",ROUND(L29*(1+M$7),0)) | O29: =+IF(N29="","",ROUND(N29*(1+O$7),0)) | Q29: =+IF(P29="","",ROUND(P29*(1+Q$7),0)) | S29: =+IF(R29="","",ROUND(R29*(1+S$7),0)) | T29: =_xlfn.STDEV.S(E29,G29,I29,K29,M29,O29,Q29,S29) -> #REF! | U29: =AVERAGE(E29,G29,I29,K29,M29,O29,Q29,S29) -> #REF! | V29: =(T29/U29) -> #REF! | W29: =+ROUND(GEOMEAN(E29,G29,I29,K29,M29,O29,Q29,S29),0) -> #REF! | X29: =ROUND(HARMEAN(E29,G29,I29,K29,M29,O29,Q29,S29),0) -> #REF! | Y29: =IF(V29>=30%,"ARMONICA","GEOMETRICA") -> #REF! | Z29: =IF(V29>30%,X29,W29) -> #REF!
B30: =+PRESUPUESTO!B30 -> 3.2. | C30: =+PRESUPUESTO!C30 -> Punto Sanitario de 2" | D30: =+PRESUPUESTO!D30 -> UN | E30: =+#REF! -> #REF! | G30: =+IF(F30="","",ROUND(F30*(1+G$7),0)) | I30: =+IF(H30="","",ROUND(H30*(1+I$7),0)) | K30: =+IF(J30="","",ROUND(J30*(1+K$7),0)) | M30: =+IF(L30="","",ROUND(L30*(1+M$7),0)) | N30: 32701 | O30: =+IF(N30="","",ROUND(N30*(1+O$7),0)) -> 33993 | P30: 31421 | Q30: =+IF(P30="","",ROUND(P30*(1+Q$7),0)) -> 32662 | R30: 33182 | S30: =+IF(R30="","",ROUND(R30*(1+S$7),0)) -> 36981 | T30: =_xlfn.STDEV.S(E30,G30,I30,K30,M30,O30,Q30,S30) -> #REF! | U30: =AVERAGE(E30,G30,I30,K30,M30,O30,Q30,S30) -> #REF! | V30: =(T30/U30) -> #REF! | W30: =+ROUND(GEOMEAN(E30,G30,I30,K30,M30,O30,Q30,S30),0) -> #REF! | X30: =ROUND(HARMEAN(E30,G30,I30,K30,M30,O30,Q30,S30),0) -> #REF! | Y30: =IF(V30>=30%,"ARMONICA","GEOMETRICA") -> #REF! | Z30: =IF(V30>30%,X30,W30) -> #REF!
B31: =+PRESUPUESTO!B31 -> 3.3. | C31: =+PRESUPUESTO!C31 -> Punto Sanitario de 3" | D31: =+PRESUPUESTO!D31 -> UN | E31: =+#REF! -> #REF! | G31: =+IF(F31="","",ROUND(F31*(1+G$7),0)) | I31: =+IF(H31="","",ROUND(H31*(1+I$7),0)) | J31: 78818.8 | K31: =+IF(J31="","",ROUND(J31*(1+K$7),0)) -> 82035 | M31: =+IF(L31="","",ROUND(L31*(1+M$7),0)) | O31: =+IF(N31="","",ROUND(N31*(1+O$7),0)) | Q31: =+IF(P31="","",ROUND(P31*(1+Q$7),0)) | R31: 46105 | S31: =+IF(R31="","",ROUND(R31*(1+S$7),0)) -> 51384 | T31: =_xlfn.STDEV.S(E31,G31,I31,K31,M31,O31,Q31,S31) -> #REF! | U31: =AVERAGE(E31,G31,I31,K31,M31,O31,Q31,S31) -> #REF! | V31: =(T31/U31) -> #REF! | W31: =+ROUND(GEOMEAN(E31,G31,I31,K31,M31,O31,Q31,S31),0) -> #REF! | X31: =ROUND(HARMEAN(E31,G31,I31,K31,M31,O31,Q31,S31),0) -> #REF! | Y31: =IF(V31>=30%,"ARMONICA","GEOMETRICA") -> #REF! | Z31: =IF(V31>30%,X31,W31) -> #REF!
B32: =+PRESUPUESTO!B32 -> 3.4. | C32: =+PRESUPUESTO!C32 -> Punto Sanitario de 4" | D32: =+PRESUPUESTO!D32 -> UN | E32: =+#REF! -> #REF! | G32: =+IF(F32="","",ROUND(F32*(1+G$7),0)) | I32: =+IF(H32="","",ROUND(H32*(1+I$7),0)) | J32: 83936.32 | K32: =+IF(J32="","",ROUND(J32*(1+K$7),0)) -> 87361 | M32: =+IF(L32="","",ROUND(L32*(1+M$7),0)) | N32: 73115 | O32: =+IF(N32="","",ROUND(N32*(1+O$7),0)) -> 76003 | Q32: =+IF(P32="","",ROUND(P32*(1+Q$7),0)) | R32: 62443 | S32: =+IF(R32="","",ROUND(R32*(1+S$7),0)) -> 69593 | T32: =_xlfn.STDEV.S(E32,G32,I32,K32,M32,O32,Q32,S32) -> #REF! | U32: =AVERAGE(E32,G32,I32,K32,M32,O32,Q32,S32) -> #REF! | V32: =(T32/U32) -> #REF! | W32: =+ROUND(GEOMEAN(E32,G32,I32,K32,M32,O32,Q32,S32),0) -> #REF! | X32: =ROUND(HARMEAN(E32,G32,I32,K32,M32,O32,Q32,S32),0) -> #REF! | Y32: =IF(V32>=30%,"ARMONICA","GEOMETRICA") -> #REF! | Z32: =IF(V32>30%,X32,W32) -> #REF!
B33: =+PRESUPUESTO!B33 -> 3.5. | C33: =+PRESUPUESTO!C33 -> Tubería PVC-sanitaria ∅2", incluye accesorios | D33: =+PRESUPUESTO!D33 -> ML | E33: =+#REF! -> #REF! | G33: =+IF(F33="","",ROUND(F33*(1+G$7),0)) | I33: =+IF(H33="","",ROUND(H33*(1+I$7),0)) | K33: =+IF(J33="","",ROUND(J33*(1+K$7),0)) | M33: =+IF(L33="","",ROUND(L33*(1+M$7),0)) | N33: 16135 | O33: =+IF(N33="","",ROUND(N33*(1+O$7),0)) -> 16772 | P33: 15504 | Q33: =+IF(P33="","",ROUND(P33*(1+Q$7),0)) -> 16116 | S33: =+IF(R33="","",ROUND(R33*(1+S$7),0)) | T33: =_xlfn.STDEV.S(E33,G33,I33,K33,M33,O33,Q33,S33) -> #REF! | U33: =AVERAGE(E33,G33,I33,K33,M33,O33,Q33,S33) -> #REF! | V33: =(T33/U33) -> #REF! | W33: =+ROUND(GEOMEAN(E33,G33,I33,K33,M33,O33,Q33,S33),0) -> #REF! | X33: =ROUND(HARMEAN(E33,G33,I33,K33,M33,O33,Q33,S33),0) -> #REF! | Y33: =IF(V33>=30%,"ARMONICA","GEOMETRICA") -> #REF! | Z33: =IF(V33>30%,X33,W33) -> #REF!
B34: =+PRESUPUESTO!B34 -> 3.6. | C34: =+PRESUPUESTO!C34 -> Tubería PVC-sanitaria ∅3", incluye accesorios | D34: =+PRESUPUESTO!D34 -> ML | E34: =+#REF! -> #REF! | G34: =+IF(F34="","",ROUND(F34*(1+G$7),0)) | I34: =+IF(H34="","",ROUND(H34*(1+I$7),0)) | J34: 33983.83 | K34: =+IF(J34="","",ROUND(J34*(1+K$7),0)) -> 35370 | M34: =+IF(L34="","",ROUND(L34*(1+M$7),0)) | O34: =+IF(N34="","",ROUND(N34*(1+O$7),0)) | Q34: =+IF(P34="","",ROUND(P34*(1+Q$7),0)) | S34: =+IF(R34="","",ROUND(R34*(1+S$7),0)) | T34: =_xlfn.STDEV.S(E34,G34,I34,K34,M34,O34,Q34,S34) -> #REF! | U34: =AVERAGE(E34,G34,I34,K34,M34,O34,Q34,S34) -> #REF! | V34: =(T34/U34) -> #REF! | W34: =+ROUND(GEOMEAN(E34,G34,I34,K34,M34,O34,Q34,S34),0) -> #REF! | X34: =ROUND(HARMEAN(E34,G34,I34,K34,M34,O34,Q34,S34),0) -> #REF! | Y34: =IF(V34>=30%,"ARMONICA","GEOMETRICA") -> #REF! | Z34: =IF(V34>30%,X34,W34) -> #REF!
B35: =+PRESUPUESTO!B35 -> 3.7. | C35: =+PRESUPUESTO!C35 -> Tubería PVC-sanitaria ∅4", incluye accesorios | D35: =+PRESUPUESTO!D35 -> ML | E35: =+#REF! -> #REF! | G35: =+IF(F35="","",ROUND(F35*(1+G$7),0)) | H35: 36414 | I35: =+IF(H35="","",ROUND(H35*(1+I$7),0)) -> 37936 | J35: 38844.97 | K35: =+IF(J35="","",ROUND(J35*(1+K$7),0)) -> 40430 | M35: =+IF(L35="","",ROUND(L35*(1+M$7),0)) | N35: 33431 | O35: =+IF(N35="","",ROUND(N35*(1+O$7),0)) -> 34752 | Q35: =+IF(P35="","",ROUND(P35*(1+Q$7),0)) | S35: =+IF(R35="","",ROUND(R35*(1+S$7),0)) | T35: =_xlfn.STDEV.S(E35,G35,I35,K35,M35,O35,Q35,S35) -> #REF! | U35: =AVERAGE(E35,G35,I35,K35,M35,O35,Q35,S35) -> #REF! | V35: =(T35/U35) -> #REF! | W35: =+ROUND(GEOMEAN(E35,G35,I35,K35,M35,O35,Q35,S35),0) -> #REF! | X35: =ROUND(HARMEAN(E35,G35,I35,K35,M35,O35,Q35,S35),0) -> #REF! | Y35: =IF(V35>=30%,"ARMONICA","GEOMETRICA") -> #REF! | Z35: =IF(V35>30%,X35,W35) -> #REF!
B36: =+PRESUPUESTO!B36 -> 3.8. | C36: =+PRESUPUESTO!C36 -> Sumidero en concreto de 3000 PSI de 30 X 30 cm (medidas internas del sumidero) espesor pared y placa fondo 12 cm, profundidad entre 30 y 50 cms reforzada con acero de 3/8" c/ 10 cm en ambos sentidos. Incluye rejilla metalica con marco y contramarco de 1 1/4" espesor 1/8" con varilla de 3/4" cada 3 cms, anticorrosivo y dos manos de pintura esmalte. (Plano No. 1) | D36: =+PRESUPUESTO!D36 -> UN | E36: =+#REF! -> #REF! | G36: =+IF(F36="","",ROUND(F36*(1+G$7),0)) | I36: =+IF(H36="","",ROUND(H36*(1+I$7),0)) | K36: =+IF(J36="","",ROUND(J36*(1+K$7),0)) | M36: =+IF(L36="","",ROUND(L36*(1+M$7),0)) | O36: =+IF(N36="","",ROUND(N36*(1+O$7),0)) | Q36: =+IF(P36="","",ROUND(P36*(1+Q$7),0)) | S36: =+IF(R36="","",ROUND(R36*(1+S$7),0)) | U36: =AVERAGE(E36,G36,I36,K36,M36,O36,Q36,S36) -> #REF! | V36: =(T36/U36) -> #REF! | W36: =+ROUND(GEOMEAN(E36,G36,I36,K36,M36,O36,Q36,S36),0) -> #REF! | X36: =ROUND(HARMEAN(E36,G36,I36,K36,M36,O36,Q36,S36),0) -> #REF! | Y36: =IF(V36>=30%,"ARMONICA","GEOMETRICA") -> #REF! | Z36: =IF(V36>30%,X36,W36) -> #REF!
B37: =+PRESUPUESTO!B37 -> 3.9. | C37: =+PRESUPUESTO!C37 -> Sondeo y destaponamiento red aguas sanitarias del area de patología | D37: =+PRESUPUESTO!D37 -> UN | E37: =+#REF! -> #REF! | G37: =+IF(F37="","",ROUND(F37*(1+G$7),0)) | I37: =+IF(H37="","",ROUND(H37*(1+I$7),0)) | K37: =+IF(J37="","",ROUND(J37*(1+K$7),0)) | M37: =+IF(L37="","",ROUND(L37*(1+M$7),0)) | O37: =+IF(N37="","",ROUND(N37*(1+O$7),0)) | Q37: =+IF(P37="","",ROUND(P37*(1+Q$7),0)) | S37: =+IF(R37="","",ROUND(R37*(1+S$7),0)) | U37: =AVERAGE(E37,G37,I37,K37,M37,O37,Q37,S37) -> #REF! | V37: =(T37/U37) -> #REF! | W37: =+ROUND(GEOMEAN(E37,G37,I37,K37,M37,O37,Q37,S37),0) -> #REF! | X37: =ROUND(HARMEAN(E37,G37,I37,K37,M37,O37,Q37,S37),0) -> #REF! | Y37: =IF(V37>=30%,"ARMONICA","GEOMETRICA") -> #REF! | Z37: =IF(V37>30%,X37,W37) -> #REF!
B38: =+PRESUPUESTO!B38 -> 3.10. | C38: =+PRESUPUESTO!C38 -> Caja de inspección 60 x 60 cm en mampostería (medida interna) profundidad aprox. 1 m con placa de fondo 10 cm en concreto reforzado 2500 PSI malla M084 | D38: =+PRESUPUESTO!D38 -> UN | E38: =+#REF! -> #REF! | G38: =+IF(F38="","",ROUND(F38*(1+G$7),0)) | I38: =+IF(H38="","",ROUND(H38*(1+I$7),0)) | K38: =+IF(J38="","",ROUND(J38*(1+K$7),0)) | M38: =+IF(L38="","",ROUND(L38*(1+M$7),0)) | N38: 361719 | O38: =+IF(N38="","",ROUND(N38*(1+O$7),0)) -> 376007 | Q38: =+IF(P38="","",ROUND(P38*(1+Q$7),0)) | R38: 316858 | S38: =+IF(R38="","",ROUND(R38*(1+S$7),0)) -> 353138 | T38: =_xlfn.STDEV.S(E38,G38,I38,K38,M38,O38,Q38,S38) -> #REF! | U38: =AVERAGE(E38,G38,I38,K38,M38,O38,Q38,S38) -> #REF! | V38: =(T38/U38) -> #REF! | W38: =+ROUND(GEOMEAN(E38,G38,I38,K38,M38,O38,Q38,S38),0) -> #REF! | X38: =ROUND(HARMEAN(E38,G38,I38,K38,M38,O38,Q38,S38),0) -> #REF! | Y38: =IF(V38>=30%,"ARMONICA","GEOMETRICA") -> #REF! | Z38: =IF(V38>30%,X38,W38) -> #REF!
B39: =+PRESUPUESTO!B39 -> 4 | C39: =+PRESUPUESTO!C39 -> INSTALACIONES ELÉCTRICAS-LUMINARIAS | D39: =+PRESUPUESTO!D39 -> 0 | G39: =+IF(F39="","",ROUND(F39*(1+G$7),0)) | I39: =+IF(H39="","",ROUND(H39*(1+I$7),0)) | K39: =+IF(J39="","",ROUND(J39*(1+K$7),0)) | M39: =+IF(L39="","",ROUND(L39*(1+M$7),0)) | O39: =+IF(N39="","",ROUND(N39*(1+O$7),0)) | Q39: =+IF(P39="","",ROUND(P39*(1+Q$7),0)) | S39: =+IF(R39="","",ROUND(R39*(1+S$7),0))
B40: =+PRESUPUESTO!B40 -> 0 | C40: =+PRESUPUESTO!C40 -> 0 | D40: =+PRESUPUESTO!D40 -> 0 | G40: =+IF(F40="","",ROUND(F40*(1+G$7),0)) | I40: =+IF(H40="","",ROUND(H40*(1+I$7),0)) | K40: =+IF(J40="","",ROUND(J40*(1+K$7),0)) | M40: =+IF(L40="","",ROUND(L40*(1+M$7),0)) | O40: =+IF(N40="","",ROUND(N40*(1+O$7),0)) | Q40: =+IF(P40="","",ROUND(P40*(1+Q$7),0)) | S40: =+IF(R40="","",ROUND(R40*(1+S$7),0))
B41: =+PRESUPUESTO!B41 -> 5 | C41: =+PRESUPUESTO!C41 -> INSTALACIONES VENTILACION MECANICA
B42: =+PRESUPUESTO!B42 -> 0 | C42: =+PRESUPUESTO!C42 -> 0 | G42: =+IF(F42="","",ROUND(F42*(1+G$7),0)) | I42: =+IF(H42="","",ROUND(H42*(1+I$7),0)) | K42: =+IF(J42="","",ROUND(J42*(1+K$7),0)) | M42: =+IF(L42="","",ROUND(L42*(1+M$7),0)) | O42: =+IF(N42="","",ROUND(N42*(1+O$7),0)) | Q42: =+IF(P42="","",ROUND(P42*(1+Q$7),0)) | S42: =+IF(R42="","",ROUND(R42*(1+S$7),0))
B43: =+PRESUPUESTO!B43 -> 6 | C43: =+PRESUPUESTO!C43 -> MAMPOSTERIA | D43: =+PRESUPUESTO!D43 -> 0 | G43: =+IF(F43="","",ROUND(F43*(1+G$7),0)) | I43: =+IF(H43="","",ROUND(H43*(1+I$7),0)) | K43: =+IF(J43="","",ROUND(J43*(1+K$7),0)) | M43: =+IF(L43="","",ROUND(L43*(1+M$7),0)) | O43: =+IF(N43="","",ROUND(N43*(1+O$7),0)) | Q43: =+IF(P43="","",ROUND(P43*(1+Q$7),0)) | S43: =+IF(R43="","",ROUND(R43*(1+S$7),0))
B44: =+PRESUPUESTO!B44 -> 6.1. | C44: =+PRESUPUESTO!C44 -> Conformación de buitrones en muro en lamina de superboard de 8 mm doble cara, 10 cm de espesor, incluye metros lineales, vanos y carteras de puertas y ventanas, perfilería, platinas de soporte, cintas, tornillos, masilla, cordón sellante flexible y primeriado, boquillera en aluminio para soporte de puertas, todos los materiales, accesorios y obras necesarias para su correcta instalación y funcionamiento | D44: =+PRESUPUESTO!D44 -> M2 | E44: =+#REF! -> #REF! | G44: =+IF(F44="","",ROUND(F44*(1+G$7),0)) | I44: =+IF(H44="","",ROUND(H44*(1+I$7),0)) | J44: 107880.24 | K44: =+IF(J44="","",ROUND(J44*(1+K$7),0)) -> 112282 | M44: =+IF(L44="","",ROUND(L44*(1+M$7),0)) | O44: =+IF(N44="","",ROUND(N44*(1+O$7),0)) | Q44: =+IF(P44="","",ROUND(P44*(1+Q$7),0)) | R44: 138182 | S44: =+IF(R44="","",ROUND(R44*(1+S$7),0)) -> 154004 | T44: =_xlfn.STDEV.S(E44,G44,I44,K44,M44,O44,Q44,S44) -> #REF! | U44: =AVERAGE(E44,G44,I44,K44,M44,O44,Q44,S44) -> #REF! | V44: =(T44/U44) -> #REF! | W44: =+ROUND(GEOMEAN(E44,G44,I44,K44,M44,O44,Q44,S44),0) -> #REF! | X44: =ROUND(HARMEAN(E44,G44,I44,K44,M44,O44,Q44,S44),0) -> #REF! | Y44: =IF(V44>=30%,"ARMONICA","GEOMETRICA") -> #REF! | Z44: =IF(V44>30%,X44,W44) -> #REF!
B45: =+PRESUPUESTO!B45 -> 7 | C45: =+PRESUPUESTO!C45 -> PAÑETES | D45: =+PRESUPUESTO!D45 -> 0 | G45: =+IF(F45="","",ROUND(F45*(1+G$7),0)) | I45: =+IF(H45="","",ROUND(H45*(1+I$7),0)) | K45: =+IF(J45="","",ROUND(J45*(1+K$7),0)) | M45: =+IF(L45="","",ROUND(L45*(1+M$7),0)) | O45: =+IF(N45="","",ROUND(N45*(1+O$7),0)) | Q45: =+IF(P45="","",ROUND(P45*(1+Q$7),0)) | S45: =+IF(R45="","",ROUND(R45*(1+S$7),0))
B46: =+PRESUPUESTO!B46 -> 7.1. | C46: =+PRESUPUESTO!C46 -> Pañete liso impermeabilizado 1:3, incluye filos, dilataciones, cantos y cartera de vanos. incluye medidas inferiores a 1.00m | D46: =+PRESUPUESTO!D46 -> M2 | E46: =+#REF! -> #REF! | F46: 32200 | G46: =+IF(F46="","",ROUND(F46*(1+G$7),0)) -> 36074 | H46: 26636 | I46: =+IF(H46="","",ROUND(H46*(1+I$7),0)) -> 27749 | K46: =+IF(J46="","",ROUND(J46*(1+K$7),0)) | L46: 27241 | M46: =+IF(L46="","",ROUND(L46*(1+M$7),0)) -> 28317 | N46: 35587 | O46: =+IF(N46="","",ROUND(N46*(1+O$7),0)) -> 36993 | P46: 21097 | Q46: =+IF(P46="","",ROUND(P46*(1+Q$7),0)) -> 21930 | R46: 27116 | S46: =+IF(R46="","",ROUND(R46*(1+S$7),0)) -> 30221 | T46: =_xlfn.STDEV.S(E46,G46,I46,K46,M46,O46,Q46,S46) -> #REF! | U46: =AVERAGE(E46,G46,I46,K46,M46,O46,Q46,S46) -> #REF! | V46: =(T46/U46) -> #REF! | W46: =+ROUND(GEOMEAN(E46,G46,I46,K46,M46,O46,Q46,S46),0) -> #REF! | X46: =ROUND(HARMEAN(E46,G46,I46,K46,M46,O46,Q46,S46),0) -> #REF! | Y46: =IF(V46>=30%,"ARMONICA","GEOMETRICA") -> #REF! | Z46: =IF(V46>30%,X46,W46) -> #REF!
B47: =+PRESUPUESTO!B47 -> 8 | C47: =+PRESUPUESTO!C47 -> CUBIERTAS | D47: =+PRESUPUESTO!D47 -> 0 | G47: =+IF(F47="","",ROUND(F47*(1+G$7),0)) | I47: =+IF(H47="","",ROUND(H47*(1+I$7),0)) | K47: =+IF(J47="","",ROUND(J47*(1+K$7),0)) | M47: =+IF(L47="","",ROUND(L47*(1+M$7),0)) | O47: =+IF(N47="","",ROUND(N47*(1+O$7),0)) | Q47: =+IF(P47="","",ROUND(P47*(1+Q$7),0)) | S47: =+IF(R47="","",ROUND(R47*(1+S$7),0))
B48: =+PRESUPUESTO!B48 -> 8.1. | C48: =+PRESUPUESTO!C48 -> Suministro e intalación de cubierta en policarbonato alveolar 8 mm de espesor color BRONCE, sobre estructura existente . Incluye herrajes, remates en aluminio superior e inferior, cinta microperforada, conectores HCP bronce base, conector HCP bronce tapa, perfiles, tensores, sujeciones y todos los elementos requeridos para su correcto funcionamiento e impermeabilidad del espacio interior. Plano No. 2. (fachada principal, anden posterior y marquesinas baños) | D48: =+PRESUPUESTO!D48 -> M2 | E48: =+#REF! -> #REF! | F48: 103760 | G48: =+IF(F48="","",ROUND(F48*(1+G$7),0)) -> 116242 | I48: =+IF(H48="","",ROUND(H48*(1+I$7),0)) | K48: =+IF(J48="","",ROUND(J48*(1+K$7),0)) | M48: =+IF(L48="","",ROUND(L48*(1+M$7),0)) | O48: =+IF(N48="","",ROUND(N48*(1+O$7),0)) | Q48: =+IF(P48="","",ROUND(P48*(1+Q$7),0)) | S48: =+IF(R48="","",ROUND(R48*(1+S$7),0)) | T48: =_xlfn.STDEV.S(E48,G48,I48,K48,M48,O48,Q48,S48) -> #REF! | U48: =AVERAGE(E48,G48,I48,K48,M48,O48,Q48,S48) -> #REF! | V48: =(T48/U48) -> #REF! | W48: =+ROUND(GEOMEAN(E48,G48,I48,K48,M48,O48,Q48,S48),0) -> #REF! | X48: =ROUND(HARMEAN(E48,G48,I48,K48,M48,O48,Q48,S48),0) -> #REF! | Y48: =IF(V48>=30%,"ARMONICA","GEOMETRICA") -> #REF! | Z48: =IF(V48>30%,X48,W48) -> #REF!
B49: =+PRESUPUESTO!B49 -> 8.2. | C49: =+PRESUPUESTO!C49 -> Suministro e instalacion Teja trapezoidal fibra de vidrio plus translucida (fachada vertical) | D49: =+PRESUPUESTO!D49 -> M2 | E49: =+#REF! -> #REF! | G49: =+IF(F49="","",ROUND(F49*(1+G$7),0)) | I49: =+IF(H49="","",ROUND(H49*(1+I$7),0)) | K49: =+IF(J49="","",ROUND(J49*(1+K$7),0)) | M49: =+IF(L49="","",ROUND(L49*(1+M$7),0)) | O49: =+IF(N49="","",ROUND(N49*(1+O$7),0)) | Q49: =+IF(P49="","",ROUND(P49*(1+Q$7),0)) | S49: =+IF(R49="","",ROUND(R49*(1+S$7),0)) | U49: =AVERAGE(E49,G49,I49,K49,M49,O49,Q49,S49) -> #REF! | V49: =(T49/U49) -> #REF! | W49: =+ROUND(GEOMEAN(E49,G49,I49,K49,M49,O49,Q49,S49),0) -> #REF! | X49: =ROUND(HARMEAN(E49,G49,I49,K49,M49,O49,Q49,S49),0) -> #REF! | Y49: =IF(V49>=30%,"ARMONICA","GEOMETRICA") -> #REF! | Z49: =IF(V49>30%,X49,W49) -> #REF!
B50: =+PRESUPUESTO!B50 -> 9 | C50: =+PRESUPUESTO!C50 -> BASES Y PISOS | D50: =+PRESUPUESTO!D50 -> 0 | G50: =+IF(F50="","",ROUND(F50*(1+G$7),0)) | I50: =+IF(H50="","",ROUND(H50*(1+I$7),0)) | K50: =+IF(J50="","",ROUND(J50*(1+K$7),0)) | M50: =+IF(L50="","",ROUND(L50*(1+M$7),0)) | O50: =+IF(N50="","",ROUND(N50*(1+O$7),0)) | Q50: =+IF(P50="","",ROUND(P50*(1+Q$7),0)) | S50: =+IF(R50="","",ROUND(R50*(1+S$7),0))
B51: =+PRESUPUESTO!B51 -> 9.1. | C51: =+PRESUPUESTO!C51 -> Suministro e instalación de piso Boticino Blanco 45 x 45 cm o similar incluye pegante tipo pegacor y boquilla (bano vestieres Plano No. 3) | D51: =+PRESUPUESTO!D51 -> M2 | E51: =+#REF! -> #REF! | F51: 52308 | G51: =+IF(F51="","",ROUND(F51*(1+G$7),0)) -> 58601 | I51: =+IF(H51="","",ROUND(H51*(1+I$7),0)) | K51: =+IF(J51="","",ROUND(J51*(1+K$7),0)) | M51: =+IF(L51="","",ROUND(L51*(1+M$7),0)) | O51: =+IF(N51="","",ROUND(N51*(1+O$7),0)) | Q51: =+IF(P51="","",ROUND(P51*(1+Q$7),0)) | S51: =+IF(R51="","",ROUND(R51*(1+S$7),0)) | T51: =_xlfn.STDEV.S(E51,G51,I51,K51,M51,O51,Q51,S51) -> #REF! | U51: =AVERAGE(E51,G51,I51,K51,M51,O51,Q51,S51) -> #REF! | V51: =(T51/U51) -> #REF! | W51: =+ROUND(GEOMEAN(E51,G51,I51,K51,M51,O51,Q51,S51),0) -> #REF! | X51: =ROUND(HARMEAN(E51,G51,I51,K51,M51,O51,Q51,S51),0) -> #REF! | Y51: =IF(V51>=30%,"ARMONICA","GEOMETRICA") -> #REF! | Z51: =IF(V51>30%,X51,W51) -> #REF!
B52: =+PRESUPUESTO!B52 -> 9.2. | C52: =+PRESUPUESTO!C52 -> Media caña H=8 ó 10 cms (igual a la existente) en granito pulido, color igual a la existente, acabado al ras contra pisos y muros. Incluye dilatación plástica contra muros y pisos. | D52: =+PRESUPUESTO!D52 -> ML | E52: =+#REF! -> #REF! | F52: 57328 | G52: =+IF(F52="","",ROUND(F52*(1+G$7),0)) -> 64225 | I52: =+IF(H52="","",ROUND(H52*(1+I$7),0)) | K52: =+IF(J52="","",ROUND(J52*(1+K$7),0)) | M52: =+IF(L52="","",ROUND(L52*(1+M$7),0)) | O52: =+IF(N52="","",ROUND(N52*(1+O$7),0)) | P52: =50055+30926 -> 80981 | Q52: =+IF(P52="","",ROUND(P52*(1+Q$7),0)) -> 84180 | S52: =+IF(R52="","",ROUND(R52*(1+S$7),0)) | T52: =_xlfn.STDEV.S(E52,G52,I52,K52,M52,O52,Q52,S52) -> #REF! | U52: =AVERAGE(E52,G52,I52,K52,M52,O52,Q52,S52) -> #REF! | V52: =(T52/U52) -> #REF! | W52: =+ROUND(GEOMEAN(E52,G52,I52,K52,M52,O52,Q52,S52),0) -> #REF! | X52: =ROUND(HARMEAN(E52,G52,I52,K52,M52,O52,Q52,S52),0) -> #REF! | Y52: =IF(V52>=30%,"ARMONICA","GEOMETRICA") -> #REF! | Z52: =IF(V52>30%,X52,W52) -> #REF!
B53: =+PRESUPUESTO!B53 -> 9.3. | C53: =+PRESUPUESTO!C53 -> Boca puerta acabado en granito pulido, color a escoger, Incluye dilatación plástica. Ancho de 0.15 a 0.25 m | D53: =+PRESUPUESTO!D53 -> ML | E53: =+#REF! -> #REF! | F53: 78279 | G53: =+IF(F53="","",ROUND(F53*(1+G$7),0)) -> 87696 | I53: =+IF(H53="","",ROUND(H53*(1+I$7),0)) | K53: =+IF(J53="","",ROUND(J53*(1+K$7),0)) | M53: =+IF(L53="","",ROUND(L53*(1+M$7),0)) | O53: =+IF(N53="","",ROUND(N53*(1+O$7),0)) | Q53: =+IF(P53="","",ROUND(P53*(1+Q$7),0)) | S53: =+IF(R53="","",ROUND(R53*(1+S$7),0)) | T53: =_xlfn.STDEV.S(E53,G53,I53,K53,M53,O53,Q53,S53) -> #REF! | U53: =AVERAGE(E53,G53,I53,K53,M53,O53,Q53,S53) -> #REF! | V53: =(T53/U53) -> #REF! | W53: =+ROUND(GEOMEAN(E53,G53,I53,K53,M53,O53,Q53,S53),0) -> #REF! | X53: =ROUND(HARMEAN(E53,G53,I53,K53,M53,O53,Q53,S53),0) -> #REF! | Y53: =IF(V53>=30%,"ARMONICA","GEOMETRICA") -> #REF! | Z53: =IF(V53>30%,X53,W53) -> #REF!
B54: =+PRESUPUESTO!B54 -> 9.4. | C54: =+PRESUPUESTO!C54 -> Andén en concreto de 2.500 PSI espesor e= 0,08 m, paños de 1.5 m marco liso perimetral y escobiado interior, incluye nivelacion, refuerzo en malla M 084 y todos los elementos requeridos para su ejecucion | D54: =+PRESUPUESTO!D54 -> M2 | E54: =+#REF! -> #REF! | F54: 63043 | G54: =+IF(F54="","",ROUND(F54*(1+G$7),0)) -> 70627 | H54: 64460 | I54: =+IF(H54="","",ROUND(H54*(1+I$7),0)) -> 67154 | K54: =+IF(J54="","",ROUND(J54*(1+K$7),0)) | M54: =+IF(L54="","",ROUND(L54*(1+M$7),0)) | O54: =+IF(N54="","",ROUND(N54*(1+O$7),0)) | Q54: =+IF(P54="","",ROUND(P54*(1+Q$7),0)) | S54: =+IF(R54="","",ROUND(R54*(1+S$7),0)) | T54: =_xlfn.STDEV.S(E54,G54,I54,K54,M54,O54,Q54,S54) -> #REF! | U54: =AVERAGE(E54,G54,I54,K54,M54,O54,Q54,S54) -> #REF! | V54: =(T54/U54) -> #REF! | W54: =+ROUND(GEOMEAN(E54,G54,I54,K54,M54,O54,Q54,S54),0) -> #REF! | X54: =ROUND(HARMEAN(E54,G54,I54,K54,M54,O54,Q54,S54),0) -> #REF! | Y54: =IF(V54>=30%,"ARMONICA","GEOMETRICA") -> #REF! | Z54: =IF(V54>30%,X54,W54) -> #REF!
B55: =+PRESUPUESTO!B55 -> 9.5. | C55: =+PRESUPUESTO!C55 -> Alistado de piso en mortero 1 :4 e= 3 a 5 cms | D55: =+PRESUPUESTO!D55 -> M2 | E55: =+#REF! -> #REF! | G55: =+IF(F55="","",ROUND(F55*(1+G$7),0)) | I55: =+IF(H55="","",ROUND(H55*(1+I$7),0)) | J55: 32584.1 | K55: =+IF(J55="","",ROUND(J55*(1+K$7),0)) -> 33914 | L55: 38737 | M55: =+IF(L55="","",ROUND(L55*(1+M$7),0)) -> 40267 | N55: 33323 | O55: =+IF(N55="","",ROUND(N55*(1+O$7),0)) -> 34639 | P55: 29396 | Q55: =+IF(P55="","",ROUND(P55*(1+Q$7),0)) -> 30557 | S55: =+IF(R55="","",ROUND(R55*(1+S$7),0)) | T55: =_xlfn.STDEV.S(E55,G55,I55,K55,M55,O55,Q55,S55) -> #REF! | U55: =AVERAGE(E55,G55,I55,K55,M55,O55,Q55,S55) -> #REF! | V55: =(T55/U55) -> #REF! | W55: =+ROUND(GEOMEAN(E55,G55,I55,K55,M55,O55,Q55,S55),0) -> #REF! | X55: =ROUND(HARMEAN(E55,G55,I55,K55,M55,O55,Q55,S55),0) -> #REF! | Y55: =IF(V55>=30%,"ARMONICA","GEOMETRICA") -> #REF! | Z55: =IF(V55>30%,X55,W55) -> #REF!
B56: =+PRESUPUESTO!B56 -> 9.6. | C56: =+PRESUPUESTO!C56 -> Placa de concreto de 3000 psi e=0.10 m, malla M084 y todos los elementos requeridos para su ejecucion | D56: =+PRESUPUESTO!D56 -> M2 | E56: =+#REF! -> #REF! | G56: =+IF(F56="","",ROUND(F56*(1+G$7),0)) | I56: =+IF(H56="","",ROUND(H56*(1+I$7),0)) | K56: =+IF(J56="","",ROUND(J56*(1+K$7),0)) | M56: =+IF(L56="","",ROUND(L56*(1+M$7),0)) | O56: =+IF(N56="","",ROUND(N56*(1+O$7),0)) | Q56: =+IF(P56="","",ROUND(P56*(1+Q$7),0)) | S56: =+IF(R56="","",ROUND(R56*(1+S$7),0)) | U56: =AVERAGE(E56,G56,I56,K56,M56,O56,Q56,S56) -> #REF! | V56: =(T56/U56) -> #REF! | W56: =+ROUND(GEOMEAN(E56,G56,I56,K56,M56,O56,Q56,S56),0) -> #REF! | X56: =ROUND(HARMEAN(E56,G56,I56,K56,M56,O56,Q56,S56),0) -> #REF! | Y56: =IF(V56>=30%,"ARMONICA","GEOMETRICA") -> #REF! | Z56: =IF(V56>30%,X56,W56) -> #REF!
B57: =+PRESUPUESTO!B57 -> 9.7. | C57: =+PRESUPUESTO!C57 -> Suministro e instalación piso en tablón de grano de mármol (grano fino No.2) vibroprensado 33x33 cms blanco huila al existente con dilataciones plásticas entre 1.00 y 1.5 m Incluye destronque, pulido sellado, brillado y cristalizado, tipo alfa o similar. Incluye todos los materiales y trabajos necesarios para su correcta instalación y funcionamiento (Plano No. 3) | D57: =+PRESUPUESTO!D57 -> M2 | E57: =+#REF! -> #REF! | F57: 136134 | G57: =+IF(F57="","",ROUND(F57*(1+G$7),0)) -> 152511 | I57: =+IF(H57="","",ROUND(H57*(1+I$7),0)) | K57: =+IF(J57="","",ROUND(J57*(1+K$7),0)) | M57: =+IF(L57="","",ROUND(L57*(1+M$7),0)) | O57: =+IF(N57="","",ROUND(N57*(1+O$7),0)) | P57: =131921+27196 -> 159117 | Q57: =+IF(P57="","",ROUND(P57*(1+Q$7),0)) -> 165402 | S57: =+IF(R57="","",ROUND(R57*(1+S$7),0)) | T57: =_xlfn.STDEV.S(E57,G57,I57,K57,M57,O57,Q57,S57) -> #REF! | U57: =AVERAGE(E57,G57,I57,K57,M57,O57,Q57,S57) -> #REF! | V57: =(T57/U57) -> #REF! | W57: =+ROUND(GEOMEAN(E57,G57,I57,K57,M57,O57,Q57,S57),0) -> #REF! | X57: =ROUND(HARMEAN(E57,G57,I57,K57,M57,O57,Q57,S57),0) -> #REF! | Y57: =IF(V57>=30%,"ARMONICA","GEOMETRICA") -> #REF! | Z57: =IF(V57>30%,X57,W57) -> #REF!
B58: =+PRESUPUESTO!B58 -> 9.8. | C58: =+PRESUPUESTO!C58 -> Sellado de juntas de dilatación contra paneles de acero inoxidable del cuarto frío empleando Sikaflex-1A Plus, dimensiones 10 mm de ancho por 25 mm de alto, incluye acabado en forma de media caña contra el panel de 10 mm de altura. | D58: =+PRESUPUESTO!D58 -> ML | E58: =+#REF! -> #REF! | F58: 90558 | G58: =+IF(F58="","",ROUND(F58*(1+G$7),0)) -> 101452 | I58: =+IF(H58="","",ROUND(H58*(1+I$7),0)) | K58: =+IF(J58="","",ROUND(J58*(1+K$7),0)) | M58: =+IF(L58="","",ROUND(L58*(1+M$7),0)) | O58: =+IF(N58="","",ROUND(N58*(1+O$7),0)) | Q58: =+IF(P58="","",ROUND(P58*(1+Q$7),0)) | S58: =+IF(R58="","",ROUND(R58*(1+S$7),0)) | T58: =_xlfn.STDEV.S(E58,G58,I58,K58,M58,O58,Q58,S58) -> #REF! | U58: =AVERAGE(E58,G58,I58,K58,M58,O58,Q58,S58) -> #REF! | V58: =(T58/U58) -> #REF! | W58: =+ROUND(GEOMEAN(E58,G58,I58,K58,M58,O58,Q58,S58),0) -> #REF! | X58: =ROUND(HARMEAN(E58,G58,I58,K58,M58,O58,Q58,S58),0) -> #REF! | Y58: =IF(V58>=30%,"ARMONICA","GEOMETRICA") -> #REF! | Z58: =IF(V58>30%,X58,W58) -> #REF!
B59: =+PRESUPUESTO!B59 -> 9.9. | C59: =+PRESUPUESTO!C59 -> Arreglo de marco en concreto de caja de inspección de aguas de 1.10 x 1.10 * 0.15 m. Incluye demolición de marco en concreto existente h= 8 a 10 cms y fundida en concreto 2500 psi | D59: =+PRESUPUESTO!D59 -> UN | E59: =+#REF! -> #REF! | G59: =+IF(F59="","",ROUND(F59*(1+G$7),0)) | I59: =+IF(H59="","",ROUND(H59*(1+I$7),0)) | K59: =+IF(J59="","",ROUND(J59*(1+K$7),0)) | M59: =+IF(L59="","",ROUND(L59*(1+M$7),0)) | O59: =+IF(N59="","",ROUND(N59*(1+O$7),0)) | Q59: =+IF(P59="","",ROUND(P59*(1+Q$7),0)) | S59: =+IF(R59="","",ROUND(R59*(1+S$7),0)) | U59: =AVERAGE(E59,G59,I59,K59,M59,O59,Q59,S59) -> #REF! | V59: =(T59/U59) -> #REF! | W59: =+ROUND(GEOMEAN(E59,G59,I59,K59,M59,O59,Q59,S59),0) -> #REF! | X59: =ROUND(HARMEAN(E59,G59,I59,K59,M59,O59,Q59,S59),0) -> #REF! | Y59: =IF(V59>=30%,"ARMONICA","GEOMETRICA") -> #REF! | Z59: =IF(V59>30%,X59,W59) -> #REF!
B60: =+PRESUPUESTO!B60 -> 9.10. | C60: =+PRESUPUESTO!C60 -> Conformación poyo de 0.10 m de altura. Incluye enchape lateral en piso boticino blanco 45 x 45 cms o similar, pegante tipo pegacor y boquilla | D60: =+PRESUPUESTO!D60 -> ML | E60: =+#REF! -> #REF! | G60: =+IF(F60="","",ROUND(F60*(1+G$7),0)) | I60: =+IF(H60="","",ROUND(H60*(1+I$7),0)) | K60: =+IF(J60="","",ROUND(J60*(1+K$7),0)) | M60: =+IF(L60="","",ROUND(L60*(1+M$7),0)) | O60: =+IF(N60="","",ROUND(N60*(1+O$7),0)) | Q60: =+IF(P60="","",ROUND(P60*(1+Q$7),0)) | S60: =+IF(R60="","",ROUND(R60*(1+S$7),0)) | U60: =AVERAGE(E60,G60,I60,K60,M60,O60,Q60,S60) -> #REF! | V60: =(T60/U60) -> #REF! | W60: =+ROUND(GEOMEAN(E60,G60,I60,K60,M60,O60,Q60,S60),0) -> #REF! | X60: =ROUND(HARMEAN(E60,G60,I60,K60,M60,O60,Q60,S60),0) -> #REF! | Y60: =IF(V60>=30%,"ARMONICA","GEOMETRICA") -> #REF! | Z60: =IF(V60>30%,X60,W60) -> #REF!
B61: =+PRESUPUESTO!B61 -> 10 | C61: =+PRESUPUESTO!C61 -> ENCHAPES | D61: =+PRESUPUESTO!D61 -> 0 | G61: =+IF(F61="","",ROUND(F61*(1+G$7),0)) | I61: =+IF(H61="","",ROUND(H61*(1+I$7),0)) | K61: =+IF(J61="","",ROUND(J61*(1+K$7),0)) | M61: =+IF(L61="","",ROUND(L61*(1+M$7),0)) | O61: =+IF(N61="","",ROUND(N61*(1+O$7),0)) | Q61: =+IF(P61="","",ROUND(P61*(1+Q$7),0)) | S61: =+IF(R61="","",ROUND(R61*(1+S$7),0))
B62: =+PRESUPUESTO!B62 -> 10.1. | C62: =+PRESUPUESTO!C62 -> Conformación de poceta de aseo enchapada interior y exteriormente en ceramica Boticino blanco 45 x 45 cm o similar. Incluye pegante tipo pegacor y filos con win de aluminio | D62: =+PRESUPUESTO!D62 -> UN | E62: =+#REF! -> #REF! | G62: =+IF(F62="","",ROUND(F62*(1+G$7),0)) | I62: =+IF(H62="","",ROUND(H62*(1+I$7),0)) | K62: =+IF(J62="","",ROUND(J62*(1+K$7),0)) | M62: =+IF(L62="","",ROUND(L62*(1+M$7),0)) | O62: =+IF(N62="","",ROUND(N62*(1+O$7),0)) | Q62: =+IF(P62="","",ROUND(P62*(1+Q$7),0)) | S62: =+IF(R62="","",ROUND(R62*(1+S$7),0)) | U62: =AVERAGE(E62,G62,I62,K62,M62,O62,Q62,S62) -> #REF! | V62: =(T62/U62) -> #REF! | W62: =+ROUND(GEOMEAN(E62,G62,I62,K62,M62,O62,Q62,S62),0) -> #REF! | X62: =ROUND(HARMEAN(E62,G62,I62,K62,M62,O62,Q62,S62),0) -> #REF! | Y62: =IF(V62>=30%,"ARMONICA","GEOMETRICA") -> #REF! | Z62: =IF(V62>30%,X62,W62) -> #REF!
B63: =+PRESUPUESTO!B63 -> 10.2. | C63: =+PRESUPUESTO!C63 -> Suministro e instalación de ceramica Boticino Blanco 45 x 45 cm o similar incluye pegante tipo pegacor y boquilla (vestier hombres y mujeres y cocineta) | D63: =+PRESUPUESTO!D63 -> M2 | E63: =+#REF! -> #REF! | G63: =+IF(F63="","",ROUND(F63*(1+G$7),0)) | I63: =+IF(H63="","",ROUND(H63*(1+I$7),0)) | J63: 115500 | K63: =+IF(J63="","",ROUND(J63*(1+K$7),0)) -> 120212 | M63: =+IF(L63="","",ROUND(L63*(1+M$7),0)) | N63: 62335 | O63: =+IF(N63="","",ROUND(N63*(1+O$7),0)) -> 64797 | P63: 68964 | Q63: =+IF(P63="","",ROUND(P63*(1+Q$7),0)) -> 71688 | R63: 82254 | S63: =+IF(R63="","",ROUND(R63*(1+S$7),0)) -> 91672 | T63: =_xlfn.STDEV.S(E63,G63,I63,K63,M63,O63,Q63,S63) -> #REF! | U63: =AVERAGE(E63,G63,I63,K63,M63,O63,Q63,S63) -> #REF! | V63: =(T63/U63) -> #REF! | W63: =+ROUND(GEOMEAN(E63,G63,I63,K63,M63,O63,Q63,S63),0) -> #REF! | X63: =ROUND(HARMEAN(E63,G63,I63,K63,M63,O63,Q63,S63),0) -> #REF! | Y63: =IF(V63>=30%,"ARMONICA","GEOMETRICA") -> #REF! | Z63: =IF(V63>30%,X63,W63) -> #REF!
B64: =+PRESUPUESTO!B64 -> 11 | C64: =+PRESUPUESTO!C64 -> IMPERMEABILIZACIONES | D64: =+PRESUPUESTO!D64 -> 0 | G64: =+IF(F64="","",ROUND(F64*(1+G$7),0)) | I64: =+IF(H64="","",ROUND(H64*(1+I$7),0)) | K64: =+IF(J64="","",ROUND(J64*(1+K$7),0)) | M64: =+IF(L64="","",ROUND(L64*(1+M$7),0)) | O64: =+IF(N64="","",ROUND(N64*(1+O$7),0)) | Q64: =+IF(P64="","",ROUND(P64*(1+Q$7),0)) | S64: =+IF(R64="","",ROUND(R64*(1+S$7),0))
B65: =+PRESUPUESTO!B65 -> 11.1. | C65: =+PRESUPUESTO!C65 -> Impermeabilización de cubierta paraguas ultra gris con imprimante primercor. Incluye todos los materiales y trabajos necesarios para su correcta instalación y funcionamiento (cubierta porteria). | D65: =+PRESUPUESTO!D65 -> M2 | E65: =+#REF! -> #REF! | F65: 35058 | G65: =+IF(F65="","",ROUND(F65*(1+G$7),0)) -> 39275 | I65: =+IF(H65="","",ROUND(H65*(1+I$7),0)) | K65: =+IF(J65="","",ROUND(J65*(1+K$7),0)) | M65: =+IF(L65="","",ROUND(L65*(1+M$7),0)) | O65: =+IF(N65="","",ROUND(N65*(1+O$7),0)) | Q65: =+IF(P65="","",ROUND(P65*(1+Q$7),0)) | S65: =+IF(R65="","",ROUND(R65*(1+S$7),0)) | T65: =_xlfn.STDEV.S(E65,G65,I65,K65,M65,O65,Q65,S65) -> #REF! | U65: =AVERAGE(E65,G65,I65,K65,M65,O65,Q65,S65) -> #REF! | V65: =(T65/U65) -> #REF! | W65: =+ROUND(GEOMEAN(E65,G65,I65,K65,M65,O65,Q65,S65),0) -> #REF! | X65: =ROUND(HARMEAN(E65,G65,I65,K65,M65,O65,Q65,S65),0) -> #REF! | Y65: =IF(V65>=30%,"ARMONICA","GEOMETRICA") -> #REF! | Z65: =IF(V65>30%,X65,W65) -> #REF!
B66: =+PRESUPUESTO!B66 -> 12 | C66: =+PRESUPUESTO!C66 -> CIELORRASOS | D66: =+PRESUPUESTO!D66 -> 0 | G66: =+IF(F66="","",ROUND(F66*(1+G$7),0)) | I66: =+IF(H66="","",ROUND(H66*(1+I$7),0)) | K66: =+IF(J66="","",ROUND(J66*(1+K$7),0)) | M66: =+IF(L66="","",ROUND(L66*(1+M$7),0)) | O66: =+IF(N66="","",ROUND(N66*(1+O$7),0)) | Q66: =+IF(P66="","",ROUND(P66*(1+Q$7),0)) | S66: =+IF(R66="","",ROUND(R66*(1+S$7),0))
B67: =+PRESUPUESTO!B67 -> 12.1. | C67: =+PRESUPUESTO!C67 -> Suministro e instalación de cielo raso en lamina de super board 6mm. Incluye perfilería de soporte con estructura de acero galvanizado, rolado en frio calibre 26. masillado, juntas de control plasticas ("Z" y "U"), refuerzo en estructura y corte de lamina para claraboyas de inspección de 0,60*0,60 m, lijado y todos los materiales, accesorios y obras necesarias para su correcta instalación y funcionamiento | D67: =+PRESUPUESTO!D67 -> M2 | E67: =+#REF! -> #REF! | F67: 81536 | G67: =+IF(F67="","",ROUND(F67*(1+G$7),0)) -> 91345 | I67: =+IF(H67="","",ROUND(H67*(1+I$7),0)) | K67: =+IF(J67="","",ROUND(J67*(1+K$7),0)) | M67: =+IF(L67="","",ROUND(L67*(1+M$7),0)) | O67: =+IF(N67="","",ROUND(N67*(1+O$7),0)) | Q67: =+IF(P67="","",ROUND(P67*(1+Q$7),0)) | S67: =+IF(R67="","",ROUND(R67*(1+S$7),0)) | T67: =_xlfn.STDEV.S(E67,G67,I67,K67,M67,O67,Q67,S67) -> #REF! | U67: =AVERAGE(E67,G67,I67,K67,M67,O67,Q67,S67) -> #REF! | V67: =(T67/U67) -> #REF! | W67: =+ROUND(GEOMEAN(E67,G67,I67,K67,M67,O67,Q67,S67),0) -> #REF! | X67: =ROUND(HARMEAN(E67,G67,I67,K67,M67,O67,Q67,S67),0) -> #REF! | Y67: =IF(V67>=30%,"ARMONICA","GEOMETRICA") -> #REF! | Z67: =IF(V67>30%,X67,W67) -> #REF!
B68: =+PRESUPUESTO!B68 -> 12.2 | C68: =+PRESUPUESTO!C68 -> Suministro e instalación de cielo raso en lamina de super board 6mm sin estructura Incluye masillado, juntas de control plasticas ("Z" y "U"), refuerzo en estructura y corte de lamina para claraboyas de inspección de 0,60*0,60 m,lijado y todos los materiales, accesorios y obras necesarias para su correcta instalación y funcionamiento | D68: =+PRESUPUESTO!D68 -> M2 | E68: =+#REF! -> #REF! | G68: =+IF(F68="","",ROUND(F68*(1+G$7),0)) | I68: =+IF(H68="","",ROUND(H68*(1+I$7),0)) | K68: =+IF(J68="","",ROUND(J68*(1+K$7),0)) | M68: =+IF(L68="","",ROUND(L68*(1+M$7),0)) | O68: =+IF(N68="","",ROUND(N68*(1+O$7),0)) | Q68: =+IF(P68="","",ROUND(P68*(1+Q$7),0)) | S68: =+IF(R68="","",ROUND(R68*(1+S$7),0)) | U68: =AVERAGE(E68,G68,I68,K68,M68,O68,Q68,S68) -> #REF! | V68: =(T68/U68) -> #REF! | W68: =+ROUND(GEOMEAN(E68,G68,I68,K68,M68,O68,Q68,S68),0) -> #REF! | X68: =ROUND(HARMEAN(E68,G68,I68,K68,M68,O68,Q68,S68),0) -> #REF! | Y68: =IF(V68>=30%,"ARMONICA","GEOMETRICA") -> #REF! | Z68: =IF(V68>30%,X68,W68) -> #REF!
B69: =+PRESUPUESTO!B69 -> 12.3. | C69: =+PRESUPUESTO!C69 -> Escotillas de cielorraso 20 X 20 cm compuesto por tapa de inspección Acusticielos y marco para cielorasos Acusticielos. Incluye corte superboard, aseguramiento, remates y todos los materiales para su instalación | D69: =+PRESUPUESTO!D69 -> UN | E69: =+#REF! -> #REF! | G69: =+IF(F69="","",ROUND(F69*(1+G$7),0)) | I69: =+IF(H69="","",ROUND(H69*(1+I$7),0)) | K69: =+IF(J69="","",ROUND(J69*(1+K$7),0)) | M69: =+IF(L69="","",ROUND(L69*(1+M$7),0)) | O69: =+IF(N69="","",ROUND(N69*(1+O$7),0)) | Q69: =+IF(P69="","",ROUND(P69*(1+Q$7),0)) | S69: =+IF(R69="","",ROUND(R69*(1+S$7),0)) | U69: =AVERAGE(E69,G69,I69,K69,M69,O69,Q69,S69) -> #REF! | V69: =(T69/U69) -> #REF! | W69: =+ROUND(GEOMEAN(E69,G69,I69,K69,M69,O69,Q69,S69),0) -> #REF! | X69: =ROUND(HARMEAN(E69,G69,I69,K69,M69,O69,Q69,S69),0) -> #REF! | Y69: =IF(V69>=30%,"ARMONICA","GEOMETRICA") -> #REF! | Z69: =IF(V69>30%,X69,W69) -> #REF!
B70: =+PRESUPUESTO!B70 -> 12.4. | C70: =+PRESUPUESTO!C70 -> Escotillas de cielorraso 60 x 60 cm compuesto por tapa de inspección Acusticielos y marco para cielorasos Acusticielos. Incluye corte superboard, aseguramiento, remates y todos los materiales para su instalación | D70: =+PRESUPUESTO!D70 -> UN | E70: =+#REF! -> #REF! | G70: =+IF(F70="","",ROUND(F70*(1+G$7),0)) | I70: =+IF(H70="","",ROUND(H70*(1+I$7),0)) | K70: =+IF(J70="","",ROUND(J70*(1+K$7),0)) | M70: =+IF(L70="","",ROUND(L70*(1+M$7),0)) | O70: =+IF(N70="","",ROUND(N70*(1+O$7),0)) | Q70: =+IF(P70="","",ROUND(P70*(1+Q$7),0)) | S70: =+IF(R70="","",ROUND(R70*(1+S$7),0)) | U70: =AVERAGE(E70,G70,I70,K70,M70,O70,Q70,S70) -> #REF! | V70: =(T70/U70) -> #REF! | W70: =+ROUND(GEOMEAN(E70,G70,I70,K70,M70,O70,Q70,S70),0) -> #REF! | X70: =ROUND(HARMEAN(E70,G70,I70,K70,M70,O70,Q70,S70),0) -> #REF! | Y70: =IF(V70>=30%,"ARMONICA","GEOMETRICA") -> #REF! | Z70: =IF(V70>30%,X70,W70) -> #REF!
B71: =+PRESUPUESTO!B71 -> 12.5. | C71: =+PRESUPUESTO!C71 -> Laminas acrílicas difusora de luz para claraboyas. Incluye corte e instalación en marcos existentes | D71: =+PRESUPUESTO!D71 -> M2 | E71: =+#REF! -> #REF! | G71: =+IF(F71="","",ROUND(F71*(1+G$7),0)) | I71: =+IF(H71="","",ROUND(H71*(1+I$7),0)) | K71: =+IF(J71="","",ROUND(J71*(1+K$7),0)) | M71: =+IF(L71="","",ROUND(L71*(1+M$7),0)) | O71: =+IF(N71="","",ROUND(N71*(1+O$7),0)) | Q71: =+IF(P71="","",ROUND(P71*(1+Q$7),0)) | S71: =+IF(R71="","",ROUND(R71*(1+S$7),0)) | U71: =AVERAGE(E71,G71,I71,K71,M71,O71,Q71,S71) -> #REF! | V71: =(T71/U71) -> #REF! | W71: =+ROUND(GEOMEAN(E71,G71,I71,K71,M71,O71,Q71,S71),0) -> #REF! | X71: =ROUND(HARMEAN(E71,G71,I71,K71,M71,O71,Q71,S71),0) -> #REF! | Y71: =IF(V71>=30%,"ARMONICA","GEOMETRICA") -> #REF! | Z71: =IF(V71>30%,X71,W71) -> #REF!
B72: =+PRESUPUESTO!B72 -> 12.6. | C72: =+PRESUPUESTO!C72 -> Suministro e instalación de tapa registros plasticos de 20 x 20 cms. Incluye corte superboard, pegante, remates y materiales para su instalación | D72: =+PRESUPUESTO!D72 -> UN | E72: =+#REF! -> #REF! | G72: =+IF(F72="","",ROUND(F72*(1+G$7),0)) | I72: =+IF(H72="","",ROUND(H72*(1+I$7),0)) | K72: =+IF(J72="","",ROUND(J72*(1+K$7),0)) | M72: =+IF(L72="","",ROUND(L72*(1+M$7),0)) | O72: =+IF(N72="","",ROUND(N72*(1+O$7),0)) | Q72: =+IF(P72="","",ROUND(P72*(1+Q$7),0)) | R72: 25314 | S72: =+IF(R72="","",ROUND(R72*(1+S$7),0)) -> 28212 | T72: =_xlfn.STDEV.S(E72,G72,I72,K72,M72,O72,Q72,S72) -> #REF! | U72: =AVERAGE(E72,G72,I72,K72,M72,O72,Q72,S72) -> #REF! | V72: =(T72/U72) -> #REF! | W72: =+ROUND(GEOMEAN(E72,G72,I72,K72,M72,O72,Q72,S72),0) -> #REF! | X72: =ROUND(HARMEAN(E72,G72,I72,K72,M72,O72,Q72,S72),0) -> #REF! | Y72: =IF(V72>=30%,"ARMONICA","GEOMETRICA") -> #REF! | Z72: =IF(V72>30%,X72,W72) -> #REF!
B73: =+PRESUPUESTO!B73 -> 12.7. | C73: =+PRESUPUESTO!C73 -> Marco aluminio blanco para instalación de luminarias en cielorasos en drywall y superboard. Incluye corte drywall o superboard, aseguramiento laterales con perfiles en U y todos los materiales para su instalación | D73: =+PRESUPUESTO!D73 -> UN | E73: =+#REF! -> #REF! | G73: =+IF(F73="","",ROUND(F73*(1+G$7),0)) | I73: =+IF(H73="","",ROUND(H73*(1+I$7),0)) | K73: =+IF(J73="","",ROUND(J73*(1+K$7),0)) | M73: =+IF(L73="","",ROUND(L73*(1+M$7),0)) | O73: =+IF(N73="","",ROUND(N73*(1+O$7),0)) | Q73: =+IF(P73="","",ROUND(P73*(1+Q$7),0)) | S73: =+IF(R73="","",ROUND(R73*(1+S$7),0)) | U73: =AVERAGE(E73,G73,I73,K73,M73,O73,Q73,S73) -> #REF! | V73: =(T73/U73) -> #REF! | W73: =+ROUND(GEOMEAN(E73,G73,I73,K73,M73,O73,Q73,S73),0) -> #REF! | X73: =ROUND(HARMEAN(E73,G73,I73,K73,M73,O73,Q73,S73),0) -> #REF! | Y73: =IF(V73>=30%,"ARMONICA","GEOMETRICA") -> #REF! | Z73: =IF(V73>30%,X73,W73) -> #REF!
B74: =+PRESUPUESTO!B74 -> 13 | C74: =+PRESUPUESTO!C74 -> PUERTAS AUTOMATICAS - VIDRIOS | D74: =+PRESUPUESTO!D74 -> 0 | G74: =+IF(F74="","",ROUND(F74*(1+G$7),0)) | I74: =+IF(H74="","",ROUND(H74*(1+I$7),0)) | K74: =+IF(J74="","",ROUND(J74*(1+K$7),0)) | M74: =+IF(L74="","",ROUND(L74*(1+M$7),0)) | O74: =+IF(N74="","",ROUND(N74*(1+O$7),0)) | Q74: =+IF(P74="","",ROUND(P74*(1+Q$7),0)) | S74: =+IF(R74="","",ROUND(R74*(1+S$7),0))
B75: =+PRESUPUESTO!B75 -> 13.1. | C75: =+PRESUPUESTO!C75 -> Suministro e instalación de puerta enrrollable eléctrica de fleje cerrado calibre 22 con pintura electrostática, operador hulk uso industrial, con botonera pesada de control, posibilidad de apertura manual, con dos (2) fotoceldas antiaplastamiento Tamaño del vano (paso libre) de 2.15 ancho x 2.35 alto. La altura libre del espacio es de 2.87 m. Plano No. 4 | D75: =+PRESUPUESTO!D75 -> UN | E75: =+#REF! -> #REF! | G75: =+IF(F75="","",ROUND(F75*(1+G$7),0)) | I75: =+IF(H75="","",ROUND(H75*(1+I$7),0)) | K75: =+IF(J75="","",ROUND(J75*(1+K$7),0)) | M75: =+IF(L75="","",ROUND(L75*(1+M$7),0)) | O75: =+IF(N75="","",ROUND(N75*(1+O$7),0)) | Q75: =+IF(P75="","",ROUND(P75*(1+Q$7),0)) | S75: =+IF(R75="","",ROUND(R75*(1+S$7),0)) | U75: =AVERAGE(E75,G75,I75,K75,M75,O75,Q75,S75) -> #REF! | V75: =(T75/U75) -> #REF! | W75: =+ROUND(GEOMEAN(E75,G75,I75,K75,M75,O75,Q75,S75),0) -> #REF! | X75: =ROUND(HARMEAN(E75,G75,I75,K75,M75,O75,Q75,S75),0) -> #REF! | Y75: =IF(V75>=30%,"ARMONICA","GEOMETRICA") -> #REF! | Z75: =IF(V75>30%,X75,W75) -> #REF!
B76: =+PRESUPUESTO!B76 -> 13.2. | C76: =+PRESUPUESTO!C76 -> Suministro e instalación de puerta automatica sencilla de 1 hoja corrediza lateral en vidrio laminado 5+5 templado con PVB color hielo, operador (Componente de automatismo de la puerta: motor, programación, carros deslizantes, riel, baterias, tarjeta electrónica, pestillo (Seguro) electromecánico, banda deslizante, correas, poleas, ets.), zocalos inferior y superior en aluminio, con sensores de movimiento de entrada y salida, fotoceldas de seguridad, baterías de respaldo, dos controles remotos, selector de llave de cuatro posiciones. Tamaño Vano (paso libre) ancho 1.50 m y alto 2.35 m. Acceso morgue. Plano No. 5 | D76: =+PRESUPUESTO!D76 -> UN | E76: =+#REF! -> #REF! | F76: 17294774 | G76: =+IF(F76="","",ROUND(F76*(1+G$7),0)) -> 19375335 | I76: =+IF(H76="","",ROUND(H76*(1+I$7),0)) | K76: =+IF(J76="","",ROUND(J76*(1+K$7),0)) | M76: =+IF(L76="","",ROUND(L76*(1+M$7),0)) | O76: =+IF(N76="","",ROUND(N76*(1+O$7),0)) | Q76: =+IF(P76="","",ROUND(P76*(1+Q$7),0)) | S76: =+IF(R76="","",ROUND(R76*(1+S$7),0)) | T76: =_xlfn.STDEV.S(E76,G76,I76,K76,M76,O76,Q76,S76) -> #REF! | U76: =AVERAGE(E76,G76,I76,K76,M76,O76,Q76,S76) -> #REF! | V76: =(T76/U76) -> #REF! | W76: =+ROUND(GEOMEAN(E76,G76,I76,K76,M76,O76,Q76,S76),0) -> #REF! | X76: =ROUND(HARMEAN(E76,G76,I76,K76,M76,O76,Q76,S76),0) -> #REF! | Y76: =IF(V76>=30%,"ARMONICA","GEOMETRICA") -> #REF! | Z76: =IF(V76>30%,X76,W76) -> #REF!
B77: =+PRESUPUESTO!B77 -> 13.3. | C77: =+PRESUPUESTO!C77 -> Suministro e instalacion de división en vidrio templado 10 mm altura 2.10 m soportada en postes de acero inoxidable 2.5" anclados con brida y chazos expansivos a piso y muros. Incluye soporte de vidrios en acero inoxidable, puerta de hoja sencilla en vidrio templado 10 mm soportada sobre poste en acero inoxidable 2.5 "con bisagra evolvente, con portacerradura y cerradura de palanca Yale o Schlage. Recepción clínica. Palno No. 6 | D77: =+PRESUPUESTO!D77 -> M2 | E77: =+#REF! -> #REF! | G77: =+IF(F77="","",ROUND(F77*(1+G$7),0)) | H77: 1068819 | I77: =+IF(H77="","",ROUND(H77*(1+I$7),0)) -> 1113496 | K77: =+IF(J77="","",ROUND(J77*(1+K$7),0)) | M77: =+IF(L77="","",ROUND(L77*(1+M$7),0)) | O77: =+IF(N77="","",ROUND(N77*(1+O$7),0)) | Q77: =+IF(P77="","",ROUND(P77*(1+Q$7),0)) | S77: =+IF(R77="","",ROUND(R77*(1+S$7),0)) | T77: =_xlfn.STDEV.S(E77,G77,I77,K77,M77,O77,Q77,S77) -> #REF! | U77: =AVERAGE(E77,G77,I77,K77,M77,O77,Q77,S77) -> #REF! | V77: =(T77/U77) -> #REF! | W77: =+ROUND(GEOMEAN(E77,G77,I77,K77,M77,O77,Q77,S77),0) -> #REF! | X77: =ROUND(HARMEAN(E77,G77,I77,K77,M77,O77,Q77,S77),0) -> #REF! | Y77: =IF(V77>=30%,"ARMONICA","GEOMETRICA") -> #REF! | Z77: =IF(V77>30%,X77,W77) -> #REF!
B78: =+PRESUPUESTO!B78 -> 14 | C78: =+PRESUPUESTO!C78 -> CARPINTERÍA METALICA | D78: =+PRESUPUESTO!D78 -> 0 | G78: =+IF(F78="","",ROUND(F78*(1+G$7),0)) | I78: =+IF(H78="","",ROUND(H78*(1+I$7),0)) | K78: =+IF(J78="","",ROUND(J78*(1+K$7),0)) | M78: =+IF(L78="","",ROUND(L78*(1+M$7),0)) | O78: =+IF(N78="","",ROUND(N78*(1+O$7),0)) | Q78: =+IF(P78="","",ROUND(P78*(1+Q$7),0)) | S78: =+IF(R78="","",ROUND(R78*(1+S$7),0))
B79: =+PRESUPUESTO!B79 -> 14.1. | C79: =+PRESUPUESTO!C79 -> Esquineros en angulo de aluminio cepillado color natural 2"x2" espesor 3/16" H=1.0 m, anclados a los muros mediante chazos expansivos 5/16 " ,Tornillo Avellanado de 1 1/4" | D79: =+PRESUPUESTO!D79 -> ML | E79: =+#REF! -> #REF! | F79: 49547 | G79: =+IF(F79="","",ROUND(F79*(1+G$7),0)) -> 55508 | I79: =+IF(H79="","",ROUND(H79*(1+I$7),0)) | K79: =+IF(J79="","",ROUND(J79*(1+K$7),0)) | M79: =+IF(L79="","",ROUND(L79*(1+M$7),0)) | O79: =+IF(N79="","",ROUND(N79*(1+O$7),0)) | Q79: =+IF(P79="","",ROUND(P79*(1+Q$7),0)) | S79: =+IF(R79="","",ROUND(R79*(1+S$7),0)) | T79: =_xlfn.STDEV.S(E79,G79,I79,K79,M79,O79,Q79,S79) -> #REF! | U79: =AVERAGE(E79,G79,I79,K79,M79,O79,Q79,S79) -> #REF! | V79: =(T79/U79) -> #REF! | W79: =+ROUND(GEOMEAN(E79,G79,I79,K79,M79,O79,Q79,S79),0) -> #REF! | X79: =ROUND(HARMEAN(E79,G79,I79,K79,M79,O79,Q79,S79),0) -> #REF! | Y79: =IF(V79>=30%,"ARMONICA","GEOMETRICA") -> #REF! | Z79: =IF(V79>30%,X79,W79) -> #REF!
B80: =+PRESUPUESTO!B80 -> 14.2. | C80: =+PRESUPUESTO!C80 -> Suministro e instalación de flanches en lamina galvanizada cal 24, desarrollo 22.5 cm (2.5 - 15 - 5 cm) , incluye anclaje superior y lateral con tornillo cabeza hexagonal con arandela y empaque de neopreno punta broca 10 x 1 1/2" cada 30 cms. Incluye desmonte de flanches existentes (Zona 1-1, Zona 1-2 , Zona 1-3 y Zona 2-1) Plano No. 7 | D80: =+PRESUPUESTO!D80 -> ML | E80: =+#REF! -> #REF! | F80: 27071 | G80: =+IF(F80="","",ROUND(F80*(1+G$7),0)) -> 30328 | H80: 26314 | I80: =+IF(H80="","",ROUND(H80*(1+I$7),0)) -> 27414 | K80: =+IF(J80="","",ROUND(J80*(1+K$7),0)) | M80: =+IF(L80="","",ROUND(L80*(1+M$7),0)) | O80: =+IF(N80="","",ROUND(N80*(1+O$7),0)) | Q80: =+IF(P80="","",ROUND(P80*(1+Q$7),0)) | S80: =+IF(R80="","",ROUND(R80*(1+S$7),0)) | T80: =_xlfn.STDEV.S(E80,G80,I80,K80,M80,O80,Q80,S80) -> #REF! | U80: =AVERAGE(E80,G80,I80,K80,M80,O80,Q80,S80) -> #REF! | V80: =(T80/U80) -> #REF! | W80: =+ROUND(GEOMEAN(E80,G80,I80,K80,M80,O80,Q80,S80),0) -> #REF! | X80: =ROUND(HARMEAN(E80,G80,I80,K80,M80,O80,Q80,S80),0) -> #REF! | Y80: =IF(V80>=30%,"ARMONICA","GEOMETRICA") -> #REF! | Z80: =IF(V80>30%,X80,W80) -> #REF!
B81: =+PRESUPUESTO!B81 -> 14.3. | C81: =+PRESUPUESTO!C81 -> Suministro e instalación de flanches en lamina galvanizada cal 24 desarrollo entre 0,45 y 1.00 m. incluye anclajes con tornillo cabeza hexagonal con arandela y empaque de neopreno punta broca 10 x 1 1/2" cada 30 cms. Incluye desmonte de flanches existentes (Zona 1-1) Plano No. 7 | D81: =+PRESUPUESTO!D81 -> ML | E81: =+#REF! -> #REF! | G81: =+IF(F81="","",ROUND(F81*(1+G$7),0)) | I81: =+IF(H81="","",ROUND(H81*(1+I$7),0)) | K81: =+IF(J81="","",ROUND(J81*(1+K$7),0)) | M81: =+IF(L81="","",ROUND(L81*(1+M$7),0)) | O81: =+IF(N81="","",ROUND(N81*(1+O$7),0)) | Q81: =+IF(P81="","",ROUND(P81*(1+Q$7),0)) | S81: =+IF(R81="","",ROUND(R81*(1+S$7),0)) | U81: =AVERAGE(E81,G81,I81,K81,M81,O81,Q81,S81) -> #REF! | V81: =(T81/U81) -> #REF! | W81: =+ROUND(GEOMEAN(E81,G81,I81,K81,M81,O81,Q81,S81),0) -> #REF! | X81: =ROUND(HARMEAN(E81,G81,I81,K81,M81,O81,Q81,S81),0) -> #REF! | Y81: =IF(V81>=30%,"ARMONICA","GEOMETRICA") -> #REF! | Z81: =IF(V81>30%,X81,W81) -> #REF!
B82: =+PRESUPUESTO!B82 -> 14.4. | C82: =+PRESUPUESTO!C82 -> Suministro e instalación de flanches en lamina galvanizada cal 24, desarrollo 1.05 a 1.65 m, incluye anclajes con tornillo cabeza hexagonal con arandela y empaque de neopreno punta broca 10 x 1 1/2" cada 30 cms. Incluye desmonte de flanches existentes (Zona 1-2 , Zona 1-3 y Zona 2-1) Plano No. 7. | D82: =+PRESUPUESTO!D82 -> ML | E82: =+#REF! -> #REF! | G82: =+IF(F82="","",ROUND(F82*(1+G$7),0)) | I82: =+IF(H82="","",ROUND(H82*(1+I$7),0)) | K82: =+IF(J82="","",ROUND(J82*(1+K$7),0)) | M82: =+IF(L82="","",ROUND(L82*(1+M$7),0)) | O82: =+IF(N82="","",ROUND(N82*(1+O$7),0)) | Q82: =+IF(P82="","",ROUND(P82*(1+Q$7),0)) | S82: =+IF(R82="","",ROUND(R82*(1+S$7),0)) | U82: =AVERAGE(E82,G82,I82,K82,M82,O82,Q82,S82) -> #REF! | V82: =(T82/U82) -> #REF! | W82: =+ROUND(GEOMEAN(E82,G82,I82,K82,M82,O82,Q82,S82),0) -> #REF! | X82: =ROUND(HARMEAN(E82,G82,I82,K82,M82,O82,Q82,S82),0) -> #REF! | Y82: =IF(V82>=30%,"ARMONICA","GEOMETRICA") -> #REF! | Z82: =IF(V82>30%,X82,W82) -> #REF!
B83: =+PRESUPUESTO!B83 -> 14.5. | C83: =+PRESUPUESTO!C83 -> Tapa en lámina alfajor (caja frente a desechos) de 1/8" doblada en "C" de 60 x 60 cm aprox manija sobrepuesta, anticorrosivo y dos manos de pintura esmalte. Plano No. 8 | D83: =+PRESUPUESTO!D83 -> UN | E83: =+#REF! -> #REF! | G83: =+IF(F83="","",ROUND(F83*(1+G$7),0)) | I83: =+IF(H83="","",ROUND(H83*(1+I$7),0)) | K83: =+IF(J83="","",ROUND(J83*(1+K$7),0)) | M83: =+IF(L83="","",ROUND(L83*(1+M$7),0)) | O83: =+IF(N83="","",ROUND(N83*(1+O$7),0)) | Q83: =+IF(P83="","",ROUND(P83*(1+Q$7),0)) | S83: =+IF(R83="","",ROUND(R83*(1+S$7),0)) | U83: =AVERAGE(E83,G83,I83,K83,M83,O83,Q83,S83) -> #REF! | V83: =(T83/U83) -> #REF! | W83: =+ROUND(GEOMEAN(E83,G83,I83,K83,M83,O83,Q83,S83),0) -> #REF! | X83: =ROUND(HARMEAN(E83,G83,I83,K83,M83,O83,Q83,S83),0) -> #REF! | Y83: =IF(V83>=30%,"ARMONICA","GEOMETRICA") -> #REF! | Z83: =IF(V83>30%,X83,W83) -> #REF!
B84: =+PRESUPUESTO!B84 -> 14.6. | C84: =+PRESUPUESTO!C84 -> Tapa en lámina alfajor (trampa de grasas) de 1/8" doblada en "C" de 2.05 x 1.10 cm aprox. Dos compartimientos cada uno de dos hojas de 0.86 x 0.43 m aprox con contramarco de 1 1/4" espesor 3/16"embebido con uñas de anclaje; Cada hoja con dos bisagras de pistón laterales de apertura 180° cada hoja, manija soldada pibotadas sobrepuesta en la tapa, tapa luz en platina de 1" de 1/8", anticorrosivo y dos manos de pintura esmalte. Plano No. 8 | D84: =+PRESUPUESTO!D84 -> ML | E84: =+#REF! -> #REF! | G84: =+IF(F84="","",ROUND(F84*(1+G$7),0)) | I84: =+IF(H84="","",ROUND(H84*(1+I$7),0)) | K84: =+IF(J84="","",ROUND(J84*(1+K$7),0)) | M84: =+IF(L84="","",ROUND(L84*(1+M$7),0)) | O84: =+IF(N84="","",ROUND(N84*(1+O$7),0)) | Q84: =+IF(P84="","",ROUND(P84*(1+Q$7),0)) | S84: =+IF(R84="","",ROUND(R84*(1+S$7),0)) | U84: =AVERAGE(E84,G84,I84,K84,M84,O84,Q84,S84) -> #REF! | V84: =(T84/U84) -> #REF! | W84: =+ROUND(GEOMEAN(E84,G84,I84,K84,M84,O84,Q84,S84),0) -> #REF! | X84: =ROUND(HARMEAN(E84,G84,I84,K84,M84,O84,Q84,S84),0) -> #REF! | Y84: =IF(V84>=30%,"ARMONICA","GEOMETRICA") -> #REF! | Z84: =IF(V84>30%,X84,W84) -> #REF!
B85: =+PRESUPUESTO!B85 -> 14.7. | C85: =+PRESUPUESTO!C85 -> Arreglo de cerramiento y puerta vehicular en reja conformada por perfiles tubulares 76 x 38 mm, ángulos 60 x 40 mm altura 2,15 m Incluye cambio de perfiles y angulos corroidos, cambio de rodamientos y ruedas de pista, cambio de topes, anclajes y cualquier elemento corroido para dejar en correcto estado de funcionamiento | D85: =+PRESUPUESTO!D85 -> M2 | E85: =+#REF! -> #REF! | G85: =+IF(F85="","",ROUND(F85*(1+G$7),0)) | I85: =+IF(H85="","",ROUND(H85*(1+I$7),0)) | K85: =+IF(J85="","",ROUND(J85*(1+K$7),0)) | M85: =+IF(L85="","",ROUND(L85*(1+M$7),0)) | O85: =+IF(N85="","",ROUND(N85*(1+O$7),0)) | Q85: =+IF(P85="","",ROUND(P85*(1+Q$7),0)) | S85: =+IF(R85="","",ROUND(R85*(1+S$7),0)) | U85: =AVERAGE(E85,G85,I85,K85,M85,O85,Q85,S85) -> #REF! | V85: =(T85/U85) -> #REF! | W85: =+ROUND(GEOMEAN(E85,G85,I85,K85,M85,O85,Q85,S85),0) -> #REF! | X85: =ROUND(HARMEAN(E85,G85,I85,K85,M85,O85,Q85,S85),0) -> #REF! | Y85: =IF(V85>=30%,"ARMONICA","GEOMETRICA") -> #REF! | Z85: =IF(V85>30%,X85,W85) -> #REF!
B86: =+PRESUPUESTO!B86 -> 14.8. | C86: =+PRESUPUESTO!C86 -> Suministro e instalacion de baranda protectora en acero inoxidable largo 1.60 x 1.20 alto marrco 1 1/2" cal 16 y verticales en 3/4" ; Incluye soportes acero inoxidable para fijar en muro y piso. Plano No. 9. Acceso Morgue | D86: =+PRESUPUESTO!D86 -> UN | E86: =+#REF! -> #REF! | F86: 1507929 | G86: =+IF(F86="","",ROUND(F86*(1+G$7),0)) -> 1689333 | I86: =+IF(H86="","",ROUND(H86*(1+I$7),0)) | K86: =+IF(J86="","",ROUND(J86*(1+K$7),0)) | M86: =+IF(L86="","",ROUND(L86*(1+M$7),0)) | O86: =+IF(N86="","",ROUND(N86*(1+O$7),0)) | Q86: =+IF(P86="","",ROUND(P86*(1+Q$7),0)) | S86: =+IF(R86="","",ROUND(R86*(1+S$7),0)) | T86: =_xlfn.STDEV.S(E86,G86,I86,K86,M86,O86,Q86,S86) -> #REF! | U86: =AVERAGE(E86,G86,I86,K86,M86,O86,Q86,S86) -> #REF! | V86: =(T86/U86) -> #REF! | W86: =+ROUND(GEOMEAN(E86,G86,I86,K86,M86,O86,Q86,S86),0) -> #REF! | X86: =ROUND(HARMEAN(E86,G86,I86,K86,M86,O86,Q86,S86),0) -> #REF! | Y86: =IF(V86>=30%,"ARMONICA","GEOMETRICA") -> #REF! | Z86: =IF(V86>30%,X86,W86) -> #REF!
B87: =+PRESUPUESTO!B87 -> 14.9. | C87: =+PRESUPUESTO!C87 -> Suministro e instalación de concertina en acero inoxidable de 18" cuchillas largas 6 cms sobre cerramiento existente en malla eslabonada. Incluye soportes, guaya con alma de acero, perros y tensores | D87: =+PRESUPUESTO!D87 -> ML | E87: =+#REF! -> #REF! | G87: =+IF(F87="","",ROUND(F87*(1+G$7),0)) | I87: =+IF(H87="","",ROUND(H87*(1+I$7),0)) | K87: =+IF(J87="","",ROUND(J87*(1+K$7),0)) | M87: =+IF(L87="","",ROUND(L87*(1+M$7),0)) | O87: =+IF(N87="","",ROUND(N87*(1+O$7),0)) | Q87: =+IF(P87="","",ROUND(P87*(1+Q$7),0)) | S87: =+IF(R87="","",ROUND(R87*(1+S$7),0)) | U87: =AVERAGE(E87,G87,I87,K87,M87,O87,Q87,S87) -> #REF! | V87: =(T87/U87) -> #REF! | W87: =+ROUND(GEOMEAN(E87,G87,I87,K87,M87,O87,Q87,S87),0) -> #REF! | X87: =ROUND(HARMEAN(E87,G87,I87,K87,M87,O87,Q87,S87),0) -> #REF! | Y87: =IF(V87>=30%,"ARMONICA","GEOMETRICA") -> #REF! | Z87: =IF(V87>30%,X87,W87) -> #REF!
B88: =+PRESUPUESTO!B88 -> 14.10. | C88: =+PRESUPUESTO!C88 -> Suminsitro e instalación de rejilla para carcamos fabricada en acero inoxidable de 0.30 m de ancho x 1.00 m de largo, con marco en tuberia cuadrada de 1" x 1" cal 16 , travesaños en tubería cuadrada de 1" x 1" cal 16, con espacio libre de 2 cms, con contramarco de 1 1/4" calibre 1/8" fijado a estructura de concreto con uñas de 10 cms. Plano No. 10. | D88: =+PRESUPUESTO!D88 -> UN | E88: =+#REF! -> #REF! | G88: =+IF(F88="","",ROUND(F88*(1+G$7),0)) | I88: =+IF(H88="","",ROUND(H88*(1+I$7),0)) | K88: =+IF(J88="","",ROUND(J88*(1+K$7),0)) | M88: =+IF(L88="","",ROUND(L88*(1+M$7),0)) | O88: =+IF(N88="","",ROUND(N88*(1+O$7),0)) | Q88: =+IF(P88="","",ROUND(P88*(1+Q$7),0)) | S88: =+IF(R88="","",ROUND(R88*(1+S$7),0)) | U88: =AVERAGE(E88,G88,I88,K88,M88,O88,Q88,S88) -> #REF! | V88: =(T88/U88) -> #REF! | W88: =+ROUND(GEOMEAN(E88,G88,I88,K88,M88,O88,Q88,S88),0) -> #REF! | X88: =ROUND(HARMEAN(E88,G88,I88,K88,M88,O88,Q88,S88),0) -> #REF! | Y88: =IF(V88>=30%,"ARMONICA","GEOMETRICA") -> #REF! | Z88: =IF(V88>30%,X88,W88) -> #REF!
B89: =+PRESUPUESTO!B89 -> 14.11. | C89: =+PRESUPUESTO!C89 -> Arreglo de puerta corredera en lámina entamborada de 1.18 + 2.30 m soportada en riel superior. Incluye desmonte de puerta, riel, colocación de topes y guias, cambio de rodamientos, cambio soportes, ajuste de guias y de cerradura (puerta acceso a espejo de agua) | D89: =+PRESUPUESTO!D89 -> UN | E89: =+#REF! -> #REF! | G89: =+IF(F89="","",ROUND(F89*(1+G$7),0)) | I89: =+IF(H89="","",ROUND(H89*(1+I$7),0)) | K89: =+IF(J89="","",ROUND(J89*(1+K$7),0)) | M89: =+IF(L89="","",ROUND(L89*(1+M$7),0)) | O89: =+IF(N89="","",ROUND(N89*(1+O$7),0)) | Q89: =+IF(P89="","",ROUND(P89*(1+Q$7),0)) | S89: =+IF(R89="","",ROUND(R89*(1+S$7),0)) | U89: =AVERAGE(E89,G89,I89,K89,M89,O89,Q89,S89) -> #REF! | V89: =(T89/U89) -> #REF! | W89: =+ROUND(GEOMEAN(E89,G89,I89,K89,M89,O89,Q89,S89),0) -> #REF! | X89: =ROUND(HARMEAN(E89,G89,I89,K89,M89,O89,Q89,S89),0) -> #REF! | Y89: =IF(V89>=30%,"ARMONICA","GEOMETRICA") -> #REF! | Z89: =IF(V89>30%,X89,W89) -> #REF!
B90: =+PRESUPUESTO!B90 -> 14.12. | C90: =+PRESUPUESTO!C90 -> Arreglo de puerta corredera en aluminio y vidrio soportada en riel superior. Incluye desmonte de puerta y riel, colocación de topes y guias, cambio de rodamientos, ajuste de guias y de cerradura | D90: =+PRESUPUESTO!D90 -> UN | E90: =+#REF! -> #REF! | G90: =+IF(F90="","",ROUND(F90*(1+G$7),0)) | I90: =+IF(H90="","",ROUND(H90*(1+I$7),0)) | K90: =+IF(J90="","",ROUND(J90*(1+K$7),0)) | M90: =+IF(L90="","",ROUND(L90*(1+M$7),0)) | O90: =+IF(N90="","",ROUND(N90*(1+O$7),0)) | Q90: =+IF(P90="","",ROUND(P90*(1+Q$7),0)) | S90: =+IF(R90="","",ROUND(R90*(1+S$7),0)) | U90: =AVERAGE(E90,G90,I90,K90,M90,O90,Q90,S90) -> #REF! | V90: =(T90/U90) -> #REF! | W90: =+ROUND(GEOMEAN(E90,G90,I90,K90,M90,O90,Q90,S90),0) -> #REF! | X90: =ROUND(HARMEAN(E90,G90,I90,K90,M90,O90,Q90,S90),0) -> #REF! | Y90: =IF(V90>=30%,"ARMONICA","GEOMETRICA") -> #REF! | Z90: =IF(V90>30%,X90,W90) -> #REF!
B91: =+PRESUPUESTO!B91 -> 14.13. | C91: =+PRESUPUESTO!C91 -> Tapa para caja en mampostería en lámina alfajor espesor 1/8" doblada en "C" de 66 x 66 cm profundidad aprox. 1.00 m con contramarco de 1 1/4" espesor 1/8" embebido con uñas de anclaje, manija embisagrada soldada sobre tapa, anticorrosivo y dos manos de pintura esmalte. Plano No. 8. | D91: =+PRESUPUESTO!D91 -> UN | E91: =+#REF! -> #REF! | G91: =+IF(F91="","",ROUND(F91*(1+G$7),0)) | I91: =+IF(H91="","",ROUND(H91*(1+I$7),0)) | K91: =+IF(J91="","",ROUND(J91*(1+K$7),0)) | M91: =+IF(L91="","",ROUND(L91*(1+M$7),0)) | O91: =+IF(N91="","",ROUND(N91*(1+O$7),0)) | Q91: =+IF(P91="","",ROUND(P91*(1+Q$7),0)) | S91: =+IF(R91="","",ROUND(R91*(1+S$7),0)) | U91: =AVERAGE(E91,G91,I91,K91,M91,O91,Q91,S91) -> #REF! | V91: =(T91/U91) -> #REF! | W91: =+ROUND(GEOMEAN(E91,G91,I91,K91,M91,O91,Q91,S91),0) -> #REF! | X91: =ROUND(HARMEAN(E91,G91,I91,K91,M91,O91,Q91,S91),0) -> #REF! | Y91: =IF(V91>=30%,"ARMONICA","GEOMETRICA") -> #REF! | Z91: =IF(V91>30%,X91,W91) -> #REF!
B92: =+PRESUPUESTO!B92 -> 15 | C92: =+PRESUPUESTO!C92 -> PINTURAS | D92: =+PRESUPUESTO!D92 -> 0 | G92: =+IF(F92="","",ROUND(F92*(1+G$7),0)) | I92: =+IF(H92="","",ROUND(H92*(1+I$7),0)) | K92: =+IF(J92="","",ROUND(J92*(1+K$7),0)) | M92: =+IF(L92="","",ROUND(L92*(1+M$7),0)) | O92: =+IF(N92="","",ROUND(N92*(1+O$7),0)) | Q92: =+IF(P92="","",ROUND(P92*(1+Q$7),0)) | S92: =+IF(R92="","",ROUND(R92*(1+S$7),0))
B93: =+PRESUPUESTO!B93 -> 15.1. | C93: =+PRESUPUESTO!C93 -> Estuco plástico, incluye filos (esquineras plásticas), dilataciones (juntas de control plasticas en "Z" y "U"), carteras de vanos y medidas inferiores a 1.0 m | D93: =+PRESUPUESTO!D93 -> M2 | E93: =+#REF! -> #REF! | F93: 17320 | G93: =+IF(F93="","",ROUND(F93*(1+G$7),0)) -> 19404 | H93: 19931 | I93: =+IF(H93="","",ROUND(H93*(1+I$7),0)) -> 20764 | J93: 18575 | K93: =+IF(J93="","",ROUND(J93*(1+K$7),0)) -> 19333 | L93: 8253 | M93: =+IF(L93="","",ROUND(L93*(1+M$7),0)) -> 8579 | N93: 20250 | O93: =+IF(N93="","",ROUND(N93*(1+O$7),0)) -> 21050 | Q93: =+IF(P93="","",ROUND(P93*(1+Q$7),0)) | R93: 9993 | S93: =+IF(R93="","",ROUND(R93*(1+S$7),0)) -> 11137 | T93: =_xlfn.STDEV.S(E93,G93,I93,K93,M93,O93,Q93,S93) -> #REF! | U93: =AVERAGE(E93,G93,I93,K93,M93,O93,Q93,S93) -> #REF! | V93: =(T93/U93) -> #REF! | W93: =+ROUND(GEOMEAN(E93,G93,I93,K93,M93,O93,Q93,S93),0) -> #REF! | X93: =ROUND(HARMEAN(E93,G93,I93,K93,M93,O93,Q93,S93),0) -> #REF! | Y93: =IF(V93>=30%,"ARMONICA","GEOMETRICA") -> #REF! | Z93: =IF(V93>30%,X93,W93) -> #REF!
B94: =+PRESUPUESTO!B94 -> 15.2. | C94: =+PRESUPUESTO!C94 -> Suministro e instalación de pintura epóxica poliamida, recubrimiento protector para muros y techos interiores en zonas asépticas de dos componentes (componente A pintura epóxica, componente B catalizador poliamídico), acabado semibrillante, tres manos, color blanco (áreas patologia) incluye resanes con estuco plástico, encintado de cielos, filos, dilataciones, carteras, mediacañas verticales y medidas inferiores a 1.00 m | D94: =+PRESUPUESTO!D94 -> M2 | E94: =+#REF! -> #REF! | F94: 26784 | G94: =+IF(F94="","",ROUND(F94*(1+G$7),0)) -> 30006 | I94: =+IF(H94="","",ROUND(H94*(1+I$7),0)) | K94: =+IF(J94="","",ROUND(J94*(1+K$7),0)) | M94: =+IF(L94="","",ROUND(L94*(1+M$7),0)) | O94: =+IF(N94="","",ROUND(N94*(1+O$7),0)) | Q94: =+IF(P94="","",ROUND(P94*(1+Q$7),0)) | S94: =+IF(R94="","",ROUND(R94*(1+S$7),0)) | T94: =_xlfn.STDEV.S(E94,G94,I94,K94,M94,O94,Q94,S94) -> #REF! | U94: =AVERAGE(E94,G94,I94,K94,M94,O94,Q94,S94) -> #REF! | V94: =(T94/U94) -> #REF! | W94: =+ROUND(GEOMEAN(E94,G94,I94,K94,M94,O94,Q94,S94),0) -> #REF! | X94: =ROUND(HARMEAN(E94,G94,I94,K94,M94,O94,Q94,S94),0) -> #REF! | Y94: =IF(V94>=30%,"ARMONICA","GEOMETRICA") -> #REF! | Z94: =IF(V94>30%,X94,W94) -> #REF!
B95: =+PRESUPUESTO!B95 -> 15.3. | C95: =+PRESUPUESTO!C95 -> Suministro e instalación de vinilo tipo 1 tres manos para muros o cielorrasos (color a escoger) incluye medidas menores a 1.00 m incluye filos y dilataciones. Incluye resanes en estuco plástic, encintado cielorrasos y todos los materiales y trabajos necesarios para su correcta ejecución. | D95: =+PRESUPUESTO!D95 -> M2 | E95: =+#REF! -> #REF! | G95: =+IF(F95="","",ROUND(F95*(1+G$7),0)) | I95: =+IF(H95="","",ROUND(H95*(1+I$7),0)) | J95: 16500 | K95: =+IF(J95="","",ROUND(J95*(1+K$7),0)) -> 17173 | L95: 12905 | M95: =+IF(L95="","",ROUND(L95*(1+M$7),0)) -> 13415 | O95: =+IF(N95="","",ROUND(N95*(1+O$7),0)) | Q95: =+IF(P95="","",ROUND(P95*(1+Q$7),0)) | S95: =+IF(R95="","",ROUND(R95*(1+S$7),0)) | T95: =_xlfn.STDEV.S(E95,G95,I95,K95,M95,O95,Q95,S95) -> #REF! | U95: =AVERAGE(E95,G95,I95,K95,M95,O95,Q95,S95) -> #REF! | V95: =(T95/U95) -> #REF! | W95: =+ROUND(GEOMEAN(E95,G95,I95,K95,M95,O95,Q95,S95),0) -> #REF! | X95: =ROUND(HARMEAN(E95,G95,I95,K95,M95,O95,Q95,S95),0) -> #REF! | Y95: =IF(V95>=30%,"ARMONICA","GEOMETRICA") -> #REF! | Z95: =IF(V95>30%,X95,W95) -> #REF!
B96: =+PRESUPUESTO!B96 -> 15.4. | C96: =+PRESUPUESTO!C96 -> Suministro e instalación de pintura koraza 5 años para techos exteriores, dos manos, color a escoger. Incluye medidas inferiores a 1.00 m. Incluye: resanes en estuco plástico, encintado cielorrasos y todos los materiales y trabajos necesarios para su correcta ejecución. | D96: =+PRESUPUESTO!D96 -> M2 | E96: =+#REF! -> #REF! | F96: 17529 | G96: =+IF(F96="","",ROUND(F96*(1+G$7),0)) -> 19638 | H96: 18060 | I96: =+IF(H96="","",ROUND(H96*(1+I$7),0)) -> 18815 | K96: =+IF(J96="","",ROUND(J96*(1+K$7),0)) | M96: =+IF(L96="","",ROUND(L96*(1+M$7),0)) | N96: 25142 | O96: =+IF(N96="","",ROUND(N96*(1+O$7),0)) -> 26135 | P96: 27001 | Q96: =+IF(P96="","",ROUND(P96*(1+Q$7),0)) -> 28068 | S96: =+IF(R96="","",ROUND(R96*(1+S$7),0)) | T96: =_xlfn.STDEV.S(E96,G96,I96,K96,M96,O96,Q96,S96) -> #REF! | U96: =AVERAGE(E96,G96,I96,K96,M96,O96,Q96,S96) -> #REF! | V96: =(T96/U96) -> #REF! | W96: =+ROUND(GEOMEAN(E96,G96,I96,K96,M96,O96,Q96,S96),0) -> #REF! | X96: =ROUND(HARMEAN(E96,G96,I96,K96,M96,O96,Q96,S96),0) -> #REF! | Y96: =IF(V96>=30%,"ARMONICA","GEOMETRICA") -> #REF! | Z96: =IF(V96>30%,X96,W96) -> #REF!
B97: =+PRESUPUESTO!B97 -> 15.5. | C97: =+PRESUPUESTO!C97 -> Suministro e instalación de pintura esmalte mate superlavable exterior dos manos (color a escoger), incluye medidas menores a 1.00 m. Incluye una mano de anticorrosivo gris o negro y todos los materiales y trabajos necesarios para su correcta ejecución (Fachada metalica vertical) | D97: =+PRESUPUESTO!D97 -> M2 | E97: =+#REF! -> #REF! | G97: =+IF(F97="","",ROUND(F97*(1+G$7),0)) | I97: =+IF(H97="","",ROUND(H97*(1+I$7),0)) | K97: =+IF(J97="","",ROUND(J97*(1+K$7),0)) | M97: =+IF(L97="","",ROUND(L97*(1+M$7),0)) | O97: =+IF(N97="","",ROUND(N97*(1+O$7),0)) | Q97: =+IF(P97="","",ROUND(P97*(1+Q$7),0)) | S97: =+IF(R97="","",ROUND(R97*(1+S$7),0)) | U97: =AVERAGE(E97,G97,I97,K97,M97,O97,Q97,S97) -> #REF! | V97: =(T97/U97) -> #REF! | W97: =+ROUND(GEOMEAN(E97,G97,I97,K97,M97,O97,Q97,S97),0) -> #REF! | X97: =ROUND(HARMEAN(E97,G97,I97,K97,M97,O97,Q97,S97),0) -> #REF! | Y97: =IF(V97>=30%,"ARMONICA","GEOMETRICA") -> #REF! | Z97: =IF(V97>30%,X97,W97) -> #REF!
